Workbook

Sheet СР-08-01
A1: =Source!B1 -> Smeta.RU (495) 974-1589
K2: Форма № 4б
A3: 25МГ-ДПР-2750 — Реконструкция газопровода низкого давления. Средства технического регулирования дорожного движения на период реконструкции | AP3: 25МГ-ДПР-2750 — Реконструкция газопровода низкого давления. Средства технического регулирования дорожного движения на период реконструкции
A4: (наименование стройки и/или объекта)
A6: =CONCATENATE( "ЛОКАЛЬНАЯ СМЕТА № " ,IF(Source!F12<>"Новый объект", Source!F12, "")) -> ЛОКАЛЬНАЯ СМЕТА № СР-08-01
A9: (наименование работ и затрат)
A11: =CONCATENATE( "Основание: чертежи № " , Source!J12) -> Основание: чертежи № 25МГ-ДПР-2750-ПОС2 (редакция 21.09), лист 5, таблица 1
I13: В базисном уровне цен | J13: В текущем уровне цен
E14: Сметная стоимость | I14: =I15+I16+I17+I18 -> 144.92 | J14: =J15+J16+J17+J18 -> 7152.92 | K14: тыс.руб.
E15: Строительные работы | I15: =ROUND((Source!F238)/1000, 2) -> 144.92 | J15: =ROUND((Source!P238)/1000, 2) -> 7152.92 | K15: тыс.руб.
E16: Работы по монтажу оборудования | I16: =ROUND((Source!F239)/1000, 2) -> 0 | J16: =ROUND((Source!P239)/1000, 2) -> 0 | K16: тыс.руб.
E17: Оборудование | I17: =ROUND((Source!F230)/1000, 2) -> 0 | J17: =ROUND((Source!P230)/1000, 2) -> 0 | K17: тыс.руб.
E18: Прочие работы и затраты | I18: =ROUND((Source!F240+Source!F241)/1000, 2) -> 0 | J18: =ROUND((Source!P240+Source!P241)/1000, 2) -> 0 | K18: тыс.руб.
E19: Средства на оплату труда | I19: =(Source!F236+ Source!F235)/1000 -> 39.72691 | J19: =((Source!P236 + Source!P235)/1000) -> 2294.6263 | K19: тыс.руб.
E20: Затраты труда | I20: =Source!F243 -> 3379.0588 | K20: чел.-ч.
E21: Кроме того:
E22: Возврат материалов | I22: =SUM(Y1:Y361)/1000 -> 0 | J22: =SUM(Z1:Z361)/1000 -> 0 | K22: тыс.руб.
A24: Составлен(а) по ТСН-2001 с учетом Дополнения №: 82
A25: № и период сборника коэффициентов (индексов) пересчета: Текущий уровень цен, III квартал 2026, выпуск 221 | AP25: № и период сборника коэффициентов (индексов) пересчета: Текущий уровень цен, III квартал 2026, выпуск 221
A26: № п/п | B26: Шифр расценки и коды ресурсов | C26: Наименование работ и затрат | D26: Ед. изм. | E26: Кол-во единиц | F26: Цена на ед. изм., руб. | G26: Попра- вочные коэффи- циенты | H26: Коэффи- циенты зимних удорожа- ний | I26: Всего в ценах на Январь 2000 года, руб. | J26: Коэффи- циенты (индек- сы) пере- счета, нормы НР и СП | K26: ВСЕГО затрат в текущем уровне цен, руб.
A27: 1 | B27: 2 | C27: 3 | D27: 4 | E27: 5 | F27: 6 | G27: 7 | H27: 8 | I27: 9 | J27: 10 | K27: 11
A29: =CONCATENATE("Локальная смета: ",IF(Source!G20<>"Новая локальная смета", Source!G20, "")) -> Локальная смета: Средства технического регулирования дорожного движения на период реконструкции
A31: =CONCATENATE("Раздел: ",IF(Source!G24<>"Новый раздел", Source!G24, "")) -> Раздел: Временные дорожные знаки: установка
A32: 1 | B32: =Source!F28 -> 3.27-72-1 | C32: Установка дополнительных щитков (применительно) | D32: =Source!H28 -> 100 знаков | E32: =Source!I28 -> 0.92 | Q32: =Source!X28 -> 1194.22 | R32: =Source!X29 -> 68978.22 | S32: =Source!Y28 -> 490.17 | T32: =Source!Y29 -> 28311.95 | U32: =ROUND((175/100)*ROUND(Source!R28, 2), 2) -> 0 | V32: =ROUND((0/100)*ROUND(Source!R29, 2), 2) -> 0 | AC32: 0
C33: ="Объем: "&Source!I28&"=92/"&"100" -> Объем: 0,92=92/100
C34: ЗП | F34: =Source!AO28 -> 841.11 | G34: 1,1 | H34: =Source!AV29 -> 1.047 | I34: =Source!S28 -> 891.21 | J34: =IF(Source!BA29<> 0, Source!BA29, 1) -> 57.76 | K34: =Source!S29 -> 51476.28
C35: НР от ФОТ | D35: % | E35: =Source!DN29 -> 134 | I35: =SUM(Q32:Q34) -> 1194.22 | J35: =Source!BZ29 -> 134 | K35: =SUM(R32:R34) -> 68978.22
C36: СП от ФОТ | D36: % | E36: =Source!DO29 -> 55 | I36: =SUM(S32:S35) -> 490.17 | J36: =Source!CA29 -> 55 | K36: =SUM(T32:T35) -> 28311.95
C37: ЗТР | D37: чел-ч | E37: =Source!AQ28 -> 69 | G37: 1,1 | H37: =Source!AV29 -> 1.047 | I37: =Source!U28 -> 73.109916
C38: ВСЕГО работ по позиции: | H38: =I34+I35+I36+0-0-0 -> 2575.6 | J38: =K34+K35+K36+0-0-0 -> 148766.45
C39: ВСЕГО оборудование по позиции: | H39: =0+0 -> 0 | J39: =0+0 -> 0
C40: ВСЕГО по позиции: | H40: =I34+I35+I36+0 -> 2575.6 | J40: =K34+K35+K36+0 -> 148766.45 | O40: =I34+I35+I36+0 -> 2575.6 | P40: =K34+K35+K36+0 -> 148766.45
A42: 2 | B42: =Source!F30 -> 3.27-72-1 | C42: Установка дополнительных щитков (применительно) | D42: =Source!H30 -> 100 знаков | E42: =Source!I30 -> 0.02 | Q42: =Source!X30 -> 25.96 | R42: =Source!X31 -> 1499.53 | S42: =Source!Y30 -> 10.65 | T42: =Source!Y31 -> 615.48 | U42: =ROUND((175/100)*ROUND(Source!R30, 2), 2) -> 0 | V42: =ROUND((0/100)*ROUND(Source!R31, 2), 2) -> 0 | AC42: 0
C43: ="Объем: "&Source!I30&"=2/"&"100" -> Объем: 0,02=2/100
C44: ЗП | F44: =Source!AO30 -> 841.11 | G44: 1,1 | H44: =Source!AV31 -> 1.047 | I44: =Source!S30 -> 19.37 | J44: =IF(Source!BA31<> 0, Source!BA31, 1) -> 57.76 | K44: =Source!S31 -> 1119.05
C45: НР от ФОТ | D45: % | E45: =Source!DN31 -> 134 | I45: =SUM(Q42:Q44) -> 25.96 | J45: =Source!BZ31 -> 134 | K45: =SUM(R42:R44) -> 1499.53
C46: СП от ФОТ | D46: % | E46: =Source!DO31 -> 55 | I46: =SUM(S42:S45) -> 10.65 | J46: =Source!CA31 -> 55 | K46: =SUM(T42:T45) -> 615.48
C47: ЗТР | D47: чел-ч | E47: =Source!AQ30 -> 69 | G47: 1,1 | H47: =Source!AV31 -> 1.047 | I47: =Source!U30 -> 1.589346
C48: ВСЕГО работ по позиции: | H48: =I44+I45+I46+0-0-0 -> 55.98 | J48: =K44+K45+K46+0-0-0 -> 3234.06
C49: ВСЕГО оборудование по позиции: | H49: =0+0 -> 0 | J49: =0+0 -> 0
C50: ВСЕГО по позиции: | H50: =I44+I45+I46+0 -> 55.98 | J50: =K44+K45+K46+0 -> 3234.06 | O50: =I44+I45+I46+0 -> 55.98 | P50: =K44+K45+K46+0 -> 3234.06
A52: 3 | B52: =Source!F32 -> 3.27-72-1 | C52: Установка дополнительных щитков (применительно) | D52: =Source!H32 -> 100 знаков | E52: =Source!I32 -> 0.11 | Q52: =Source!X32 -> 142.79 | R52: =Source!X33 -> 8247.39 | S52: =Source!Y32 -> 58.61 | T52: =Source!Y33 -> 3385.12 | U52: =ROUND((175/100)*ROUND(Source!R32, 2), 2) -> 0 | V52: =ROUND((0/100)*ROUND(Source!R33, 2), 2) -> 0 | AC52: 0
C53: ="Объем: "&Source!I32&"=11/"&"100" -> Объем: 0,11=11/100
C54: ЗП | F54: =Source!AO32 -> 841.11 | G54: 1,1 | H54: =Source!AV33 -> 1.047 | I54: =Source!S32 -> 106.56 | J54: =IF(Source!BA33<> 0, Source!BA33, 1) -> 57.76 | K54: =Source!S33 -> 6154.77
C55: НР от ФОТ | D55: % | E55: =Source!DN33 -> 134 | I55: =SUM(Q52:Q54) -> 142.79 | J55: =Source!BZ33 -> 134 | K55: =SUM(R52:R54) -> 8247.39
C56: СП от ФОТ | D56: % | E56: =Source!DO33 -> 55 | I56: =SUM(S52:S55) -> 58.61 | J56: =Source!CA33 -> 55 | K56: =SUM(T52:T55) -> 3385.12
C57: ЗТР | D57: чел-ч | E57: =Source!AQ32 -> 69 | G57: 1,1 | H57: =Source!AV33 -> 1.047 | I57: =Source!U32 -> 8.741403
C58: ВСЕГО работ по позиции: | H58: =I54+I55+I56+0-0-0 -> 307.96 | J58: =K54+K55+K56+0-0-0 -> 17787.28
C59: ВСЕГО оборудование по позиции: | H59: =0+0 -> 0 | J59: =0+0 -> 0
C60: ВСЕГО по позиции: | H60: =I54+I55+I56+0 -> 307.96 | J60: =K54+K55+K56+0 -> 17787.28 | O60: =I54+I55+I56+0 -> 307.96 | P60: =K54+K55+K56+0 -> 17787.28
A62: 4 | B62: =Source!F34 -> 3.27-72-1 | C62: Установка дополнительных щитков (применительно) | D62: =Source!H34 -> 100 знаков | E62: =Source!I34 -> 0.04 | Q62: =Source!X34 -> 51.93 | R62: =Source!X35 -> 2999.05 | S62: =Source!Y34 -> 21.31 | T62: =Source!Y35 -> 1230.96 | U62: =ROUND((175/100)*ROUND(Source!R34, 2), 2) -> 0 | V62: =ROUND((0/100)*ROUND(Source!R35, 2), 2) -> 0 | AC62: 0
C63: ="Объем: "&Source!I34&"=4/"&"100" -> Объем: 0,04=4/100
C64: ЗП | F64: =Source!AO34 -> 841.11 | G64: 1,1 | H64: =Source!AV35 -> 1.047 | I64: =Source!S34 -> 38.75 | J64: =IF(Source!BA35<> 0, Source!BA35, 1) -> 57.76 | K64: =Source!S35 -> 2238.1
C65: НР от ФОТ | D65: % | E65: =Source!DN35 -> 134 | I65: =SUM(Q62:Q64) -> 51.93 | J65: =Source!BZ35 -> 134 | K65: =SUM(R62:R64) -> 2999.05
C66: СП от ФОТ | D66: % | E66: =Source!DO35 -> 55 | I66: =SUM(S62:S65) -> 21.31 | J66: =Source!CA35 -> 55 | K66: =SUM(T62:T65) -> 1230.96
C67: ЗТР | D67: чел-ч | E67: =Source!AQ34 -> 69 | G67: 1,1 | H67: =Source!AV35 -> 1.047 | I67: =Source!U34 -> 3.178692
C68: ВСЕГО работ по позиции: | H68: =I64+I65+I66+0-0-0 -> 111.99 | J68: =K64+K65+K66+0-0-0 -> 6468.11
C69: ВСЕГО оборудование по позиции: | H69: =0+0 -> 0 | J69: =0+0 -> 0
C70: ВСЕГО по позиции: | H70: =I64+I65+I66+0 -> 111.99 | J70: =K64+K65+K66+0 -> 6468.11 | O70: =I64+I65+I66+0 -> 111.99 | P70: =K64+K65+K66+0 -> 6468.11
A72: 5 | B72: =Source!F36 -> 3.27-72-1 | C72: Установка дополнительных щитков (применительно) | D72: =Source!H36 -> 100 знаков | E72: =Source!I36 -> 0.19 | Q72: =Source!X36 -> 246.63 | R72: =Source!X37 -> 14245.5 | S72: =Source!Y36 -> 101.23 | T72: =Source!Y37 -> 5847.03 | U72: =ROUND((175/100)*ROUND(Source!R36, 2), 2) -> 0 | V72: =ROUND((0/100)*ROUND(Source!R37, 2), 2) -> 0 | AC72: 0
C73: ="Объем: "&Source!I36&"=19/"&"100" -> Объем: 0,19=19/100
C74: ЗП | F74: =Source!AO36 -> 841.11 | G74: 1,1 | H74: =Source!AV37 -> 1.047 | I74: =Source!S36 -> 184.05 | J74: =IF(Source!BA37<> 0, Source!BA37, 1) -> 57.76 | K74: =Source!S37 -> 10630.97
C75: НР от ФОТ | D75: % | E75: =Source!DN37 -> 134 | I75: =SUM(Q72:Q74) -> 246.63 | J75: =Source!BZ37 -> 134 | K75: =SUM(R72:R74) -> 14245.5
C76: СП от ФОТ | D76: % | E76: =Source!DO37 -> 55 | I76: =SUM(S72:S75) -> 101.23 | J76: =Source!CA37 -> 55 | K76: =SUM(T72:T75) -> 5847.03
C77: ЗТР | D77: чел-ч | E77: =Source!AQ36 -> 69 | G77: 1,1 | H77: =Source!AV37 -> 1.047 | I77: =Source!U36 -> 15.098787
C78: ВСЕГО работ по позиции: | H78: =I74+I75+I76+0-0-0 -> 531.91 | J78: =K74+K75+K76+0-0-0 -> 30723.5
C79: ВСЕГО оборудование по позиции: | H79: =0+0 -> 0 | J79: =0+0 -> 0
C80: ВСЕГО по позиции: | H80: =I74+I75+I76+0 -> 531.91 | J80: =K74+K75+K76+0 -> 30723.5 | O80: =I74+I75+I76+0 -> 531.91 | P80: =K74+K75+K76+0 -> 30723.5
A82: 6 | B82: =Source!F38 -> 3.27-72-1 | C82: Установка дополнительных щитков (применительно) | D82: =Source!H38 -> 100 знаков | E82: =Source!I38 -> 0.48 | Q82: =Source!X38 -> 623.07 | R82: =Source!X39 -> 35988.63 | S82: =Source!Y38 -> 255.74 | T82: =Source!Y39 -> 14771.45 | U82: =ROUND((175/100)*ROUND(Source!R38, 2), 2) -> 0 | V82: =ROUND((0/100)*ROUND(Source!R39, 2), 2) -> 0 | AC82: 0
C83: ="Объем: "&Source!I38&"=48/"&"100" -> Объем: 0,48=48/100
C84: ЗП | F84: =Source!AO38 -> 841.11 | G84: 1,1 | H84: =Source!AV39 -> 1.047 | I84: =Source!S38 -> 464.98 | J84: =IF(Source!BA39<> 0, Source!BA39, 1) -> 57.76 | K84: =Source!S39 -> 26857.19
C85: НР от ФОТ | D85: % | E85: =Source!DN39 -> 134 | I85: =SUM(Q82:Q84) -> 623.07 | J85: =Source!BZ39 -> 134 | K85: =SUM(R82:R84) -> 35988.63
C86: СП от ФОТ | D86: % | E86: =Source!DO39 -> 55 | I86: =SUM(S82:S85) -> 255.74 | J86: =Source!CA39 -> 55 | K86: =SUM(T82:T85) -> 14771.45
C87: ЗТР | D87: чел-ч | E87: =Source!AQ38 -> 69 | G87: 1,1 | H87: =Source!AV39 -> 1.047 | I87: =Source!U38 -> 38.144304
C88: ВСЕГО работ по позиции: | H88: =I84+I85+I86+0-0-0 -> 1343.79 | J88: =K84+K85+K86+0-0-0 -> 77617.27
C89: ВСЕГО оборудование по позиции: | H89: =0+0 -> 0 | J89: =0+0 -> 0
C90: ВСЕГО по позиции: | H90: =I84+I85+I86+0 -> 1343.79 | J90: =K84+K85+K86+0 -> 77617.27 | O90: =I84+I85+I86+0 -> 1343.79 | P90: =K84+K85+K86+0 -> 77617.27
A92: 7 | B92: =Source!F40 -> 3.27-72-1 | C92: Установка дополнительных щитков (применительно) | D92: =Source!H40 -> 100 знаков | E92: =Source!I40 -> 0.07 | Q92: =Source!X40 -> 90.87 | R92: =Source!X41 -> 5248.34 | S92: =Source!Y40 -> 37.3 | T92: =Source!Y41 -> 2154.17 | U92: =ROUND((175/100)*ROUND(Source!R40, 2), 2) -> 0 | V92: =ROUND((0/100)*ROUND(Source!R41, 2), 2) -> 0 | AC92: 0
C93: ="Объем: "&Source!I40&"=7/"&"100" -> Объем: 0,07=7/100
C94: ЗП | F94: =Source!AO40 -> 841.11 | G94: 1,1 | H94: =Source!AV41 -> 1.047 | I94: =Source!S40 -> 67.81 | J94: =IF(Source!BA41<> 0, Source!BA41, 1) -> 57.76 | K94: =Source!S41 -> 3916.67
C95: НР от ФОТ | D95: % | E95: =Source!DN41 -> 134 | I95: =SUM(Q92:Q94) -> 90.87 | J95: =Source!BZ41 -> 134 | K95: =SUM(R92:R94) -> 5248.34
C96: СП от ФОТ | D96: % | E96: =Source!DO41 -> 55 | I96: =SUM(S92:S95) -> 37.3 | J96: =Source!CA41 -> 55 | K96: =SUM(T92:T95) -> 2154.17
C97: ЗТР | D97: чел-ч | E97: =Source!AQ40 -> 69 | G97: 1,1 | H97: =Source!AV41 -> 1.047 | I97: =Source!U40 -> 5.562711
C98: ВСЕГО работ по позиции: | H98: =I94+I95+I96+0-0-0 -> 195.98 | J98: =K94+K95+K96+0-0-0 -> 11319.18
C99: ВСЕГО оборудование по позиции: | H99: =0+0 -> 0 | J99: =0+0 -> 0
C100: ВСЕГО по позиции: | H100: =I94+I95+I96+0 -> 195.98 | J100: =K94+K95+K96+0 -> 11319.18 | O100: =I94+I95+I96+0 -> 195.98 | P100: =K94+K95+K96+0 -> 11319.18
A102: 8 | B102: =Source!F42 -> 3.27-72-1 | C102: Установка дополнительных щитков (применительно) | D102: =Source!H42 -> 100 знаков | E102: =Source!I42 -> 0.02 | Q102: =Source!X42 -> 25.96 | R102: =Source!X43 -> 1499.53 | S102: =Source!Y42 -> 10.65 | T102: =Source!Y43 -> 615.48 | U102: =ROUND((175/100)*ROUND(Source!R42, 2), 2) -> 0 | V102: =ROUND((0/100)*ROUND(Source!R43, 2), 2) -> 0 | AC102: 0
C103: ="Объем: "&Source!I42&"=2/"&"100" -> Объем: 0,02=2/100
C104: ЗП | F104: =Source!AO42 -> 841.11 | G104: 1,1 | H104: =Source!AV43 -> 1.047 | I104: =Source!S42 -> 19.37 | J104: =IF(Source!BA43<> 0, Source!BA43, 1) -> 57.76 | K104: =Source!S43 -> 1119.05
C105: НР от ФОТ | D105: % | E105: =Source!DN43 -> 134 | I105: =SUM(Q102:Q104) -> 25.96 | J105: =Source!BZ43 -> 134 | K105: =SUM(R102:R104) -> 1499.53
C106: СП от ФОТ | D106: % | E106: =Source!DO43 -> 55 | I106: =SUM(S102:S105) -> 10.65 | J106: =Source!CA43 -> 55 | K106: =SUM(T102:T105) -> 615.48
C107: ЗТР | D107: чел-ч | E107: =Source!AQ42 -> 69 | G107: 1,1 | H107: =Source!AV43 -> 1.047 | I107: =Source!U42 -> 1.589346
C108: ВСЕГО работ по позиции: | H108: =I104+I105+I106+0-0-0 -> 55.98 | J108: =K104+K105+K106+0-0-0 -> 3234.06
C109: ВСЕГО оборудование по позиции: | H109: =0+0 -> 0 | J109: =0+0 -> 0
C110: ВСЕГО по позиции: | H110: =I104+I105+I106+0 -> 55.98 | J110: =K104+K105+K106+0 -> 3234.06 | O110: =I104+I105+I106+0 -> 55.98 | P110: =K104+K105+K106+0 -> 3234.06
A112: 9 | B112: =Source!F44 -> 3.27-72-1 | C112: Установка дополнительных щитков (применительно) | D112: =Source!H44 -> 100 знаков | E112: =Source!I44 -> 0.01 | Q112: =Source!X44 -> 12.98 | R112: =Source!X45 -> 749.76 | S112: =Source!Y44 -> 5.33 | T112: =Source!Y45 -> 307.74 | U112: =ROUND((175/100)*ROUND(Source!R44, 2), 2) -> 0 | V112: =ROUND((0/100)*ROUND(Source!R45, 2), 2) -> 0 | AC112: 0
C113: ="Объем: "&Source!I44&"=1/"&"100" -> Объем: 0,01=1/100
C114: ЗП | F114: =Source!AO44 -> 841.11 | G114: 1,1 | H114: =Source!AV45 -> 1.047 | I114: =Source!S44 -> 9.69 | J114: =IF(Source!BA45<> 0, Source!BA45, 1) -> 57.76 | K114: =Source!S45 -> 559.52
C115: НР от ФОТ | D115: % | E115: =Source!DN45 -> 134 | I115: =SUM(Q112:Q114) -> 12.98 | J115: =Source!BZ45 -> 134 | K115: =SUM(R112:R114) -> 749.76
C116: СП от ФОТ | D116: % | E116: =Source!DO45 -> 55 | I116: =SUM(S112:S115) -> 5.33 | J116: =Source!CA45 -> 55 | K116: =SUM(T112:T115) -> 307.74
...

Sheet Source
A1: 0 | B1: Smeta.RU (495) 974-1589 | D1: _PS_ | F1: 0 | G1: 0 | H1: 0 | I1: Smeta.RU | K1: 1 | L1: 76812 | M1: 10 | N1: 12 | O1: 2 | P1: 0 | Q1: 1
A4: 8 | B4: 1 | C4: -1 | F4: 25МГ-ДПР-2750 | G4: 25МГ-ДПР-2750 — Реконструкция газопровода низкого давления | EC4: 0
A12: 1 | B12: 256 | C12: 0 | D12: =ROW(A221) -> 221 | E12: 0 | F12: СР-08-01 | G12: Средства технического регулирования дорожного движения на период реконструкции | I12: 0 | J12: 25МГ-ДПР-2750-ПОС2 (редакция 21.09), лист 5, таблица 1 | K12: 0 | L12: 0 | M12: 2 | O12: 2026 | P12: 7 | Q12: 0 | R12: 0 | S12: 0 | T12: 1 | U12: Основание:25МГ-ДПР-2750-ПОС2 (редакция 21.09), лист 5, таблица 1 Уровень цен:3 кв 2026 Нормативные индексы ТСН:№ 221 III квартал 2026 Регион:ТСН-2001 г. Москвы (с доп.1-82) | V12: 8 | BB12: 0 | BH12: Сметные нормы списания | BI12: Коды ОКП для ТСН-2001 МГЭ | BJ12: 1 | BK12: 1 | BL12: 0 | BM12: 0 | BN12: 1 | BO12: 0 | BP12: -1 | BQ12: 2 | BR12: 1 | BS12: 0 | BT12: 0 | BU12: 0 | BV12: 0 | BW12: 0 | BX12: 0 | BZ12: Типовой расчет для ТСН-2001 МГЭ, Новая методика с выпуска доп. 43 (Строительство), Доп 64 | CA12: Территориальные сметные нормативы для Москвы ТСН-2001 (МГЭ) | CB12: Территориальные сметные нормативы для Москвы ТСН-2001 (МГЭ) | CC12: Территориальные сметные нормативы для Москвы ТСН-2001 (МГЭ) | CD12: Территориальные сметные нормативы для Москвы ТСН-2001 (МГЭ) | CE12: Поправки для ТСН-2001 от 15.07.2022 г. доп.65 | CF12: 0 | CG12: 0 | CH12: 524296 | CK12: 82 | CQ12: Территориальные сметные нормативы для Москвы (ТСН-2001) | CR12: ТЕР | CS12: 41660 | CT12: 1 | CU12: 72 | CY12: 0 | EC12: 0
A15: 15 | B15: 1
A18: 52 | B18: =B221 -> 256 | C18: =C221 -> 1 | D18: =D221 -> 12 | E18: =E221 -> 0 | F18: =F221 -> СР-08-01 | G18: =G221 -> Средства технического регулирования дорожного движения на период реконструкции | O18: =O221 -> 70137.85 | P18: =P221 -> 24082.97 | Q18: =Q221 -> 7272.62 | R18: =R221 -> 944.65 | S18: =S221 -> 38782.26 | T18: =T221 -> 0 | U18: =U221 -> 3379.0588 | V18: =V221 -> 0 | ... GX18: =GX221 -> 0
A20: 3 | B20: 1 | D20: =ROW(A191) -> 191 | F20: СР-08-01 | G20: Средства технического регулирования дорожного движения на период реконструкции | I20: 0 | K20: 0 | L20: СР-08-01 | S20: 0 | T20: 0 | U20: Средства технического регулирования дорожного движения на период реконструкции | V20: 8 | BX20: 0 | CF20: 0 | CG20: 0
A22: 52 | B22: =B191 -> 1 | C22: =C191 -> 3 | D22: =D191 -> 20 | E22: =E191 -> 0 | F22: =F191 -> СР-08-01 | G22: =G191 -> Средства технического регулирования дорожного движения на период реконструкции | O22: =O191 -> 70137.85 | P22: =P191 -> 24082.97 | Q22: =Q191 -> 7272.62 | R22: =R191 -> 944.65 | S22: =S191 -> 38782.26 | T22: =T191 -> 0 | U22: =U191 -> 3379.0588 | V22: =V191 -> 0 | ... GX22: =GX191 -> 0
A24: 4 | B24: 1 | D24: =ROW(A57) -> 57 | F24: 1 | G24: Временные дорожные знаки: установка | I24: 0 | K24: -1 | S24: 0 | T24: 0 | V24: 8 | BX24: 0 | CJ24: 0
A26: 52 | B26: =B57 -> 1 | C26: =C57 -> 4 | D26: =D57 -> 24 | E26: =E57 -> 0 | F26: =F57 -> 1 | G26: =G57 -> Временные дорожные знаки: установка | O26: =O57 -> 2431.45 | P26: =P57 -> 0 | Q26: =Q57 -> 0 | R26: =R57 -> 0 | S26: =S57 -> 2431.45 | T26: =T57 -> 0 | U26: =U57 -> 199.46292 | V26: =V57 -> 0 | ... GX26: =GX57 -> 0
A28: 17 | B28: 1 | C28: =ROW(SmtRes!A3) -> 3 | D28: =ROW(EtalonRes!A3) -> 3 | E28: 1 | F28: 3.27-72-1 | G28: Установка дополнительных щитков (применительно) | H28: 100 знаков | I28: =ROUND(92/100,9) -> 0.92 | J28: 0 | K28: =ROUND(92/100,9) -> 0.92 | O28: =ROUND(CP28,2) -> 891.21 | P28: =ROUND(CQ28*I28,2) -> 0 | Q28: =ROUND(CR28*I28,2) -> 0 | R28: =ROUND(CS28*I28,2) -> 0 | S28: =ROUND(CT28*I28,2) -> 891.21 | T28: =ROUND(CU28*I28,2) -> 0 | U28: =CV28*I28 -> 73.109916 | V28: =CW28*I28 -> 0 | W28: =ROUND(CX28*I28,2) -> 0 | X28: =ROUND(CY28,2) -> 1194.22 | Y28: =ROUND(CZ28,2) -> 490.17 | AA28: 86511347 | AB28: =(AC28+AD28+AF28) -> 925.221 | AC28: =(ES28) -> 0 | AD28: =((ET28*1.1)) -> 0 | AE28: =((EU28*1.1)) -> 0 | AF28: =((EV28*1.1)) -> 925.221 | AG28: =(AP28) -> 0 | AH28: =((EW28*1.1)) -> 75.9 | AI28: =((EX28*1.1)) -> 0 | AJ28: =(AS28) -> 0 | AK28: 0 | AL28: 0 | AM28: 0 | AN28: 0 | AO28: 841.11 | AP28: 0 | AQ28: 69 | AR28: 0 | AS28: 0 | AT28: 134 | AU28: 55 | AV28: 1.047 | AW28: 1 | AZ28: 1 | BA28: 1 | BB28: 1 | BC28: 1 | BH28: 0 | BI28: 1 | BJ28: 3.27-72-1 Применительно | BM28: 167 | BN28: 0 | BO28: 3.27-72-1 | BP28: 1 | BQ28: 30 | BR28: 0 | BS28: 1 | BT28: 1 | BU28: 1 | BV28: 1 | BW28: 1 | BX28: 1 | BZ28: 134 | CA28: 55 | CE28: 0 | CF28: 0 | CG28: 0 | CM28: 0 | CN28: Поправка:стеснённые условия, пп. "в" | CO28: 0 | CP28: =(P28+Q28+S28) -> 891.21 | CQ28: =(AC28*BC28*AW28) -> 0 | CR28: =(((ET28*1.1))*BB28*AV28) -> 0 | CS28: =(AE28*BS28*AV28) -> 0 | CT28: =(AF28*BA28*AV28) -> 968.70639 | CU28: =AG28 -> 0 | CV28: =(AH28*AV28) -> 79.4673 | CW28: =AI28 -> 0 | CX28: =AJ28 -> 0 | CY28: =(((S28+R28)*BZ28)/100) -> 1194.2214 | CZ28: =(((S28+R28)*CA28)/100) -> 490.1655 | DE28: *1,1 | DF28: *1,1 | DG28: *1,1 | DI28: *1,1 | DJ28: *1,1 | DN28: 0 | DO28: 0 | DP28: 1 | DQ28: 1 | DU28: 1013 | DV28: 100 знаков | DW28: 100 знаков | DX28: 1 | EE28: 86330795 | EF28: 30 | EG28: Строительные работы | EH28: 0 | EJ28: 1 | EK28: 167 | EL28: ТСН-2001.3-27. 27-71, 27-72 | EM28: ТСН-2001.3-27-22 | EO28: Попр.12.00.01.11.003 | EQ28: 0 | ER28: 0 | ES28: 0 | ET28: 0 | EU28: 0 | EV28: 841.11 | EW28: 69 | EX28: 0 | EY28: 0 | FQ28: 0 | FR28: 0 | FS28: 0 | FX28: 134 | FY28: 55 | GD28: 1 | GF28: -1542709812 | GG28: 2 | GH28: 0 | GI28: -2 | GJ28: 0 | GK28: 0 | GL28: =ROUND(IF(AND(BH28=3,BI28=3,FS28<>0),P28,0),2) -> 0 | GM28: =ROUND(O28+X28+Y28,2)+GX28 -> 2575.6 | GN28: =IF(OR(BI28=0,BI28=1),GM28-GX28,0) -> 2575.6 | GO28: =IF(BI28=2,GM28-GX28,0) -> 0 | GP28: =IF(BI28=4,GM28-GX28,0) -> 0 | GR28: 0 | GS28: 3 | GT28: 0 | GV28: =(GT28) -> 0 | GW28: 1 | GX28: =ROUND(HC28*I28,2) -> 0 | HA28: 0 | HB28: 0 | HC28: =GV28*GW28 -> 0 | HS28: 0 | IK28: 0
A29: 17 | B29: 1 | C29: =ROW(SmtRes!A6) -> 6 | D29: =ROW(EtalonRes!A6) -> 6 | E29: 1 | F29: 3.27-72-1 | G29: Установка дополнительных щитков (применительно) | H29: 100 знаков | I29: =ROUND(92/100,9) -> 0.92 | J29: 0 | K29: =ROUND(92/100,9) -> 0.92 | O29: =ROUND(CP29,2) -> 51476.28 | P29: =ROUND(CQ29*I29,2) -> 0 | Q29: =ROUND(CR29*I29,2) -> 0 | R29: =ROUND(CS29*I29,2) -> 0 | S29: =ROUND(CT29*I29,2) -> 51476.28 | T29: =ROUND(CU29*I29,2) -> 0 | U29: =CV29*I29 -> 73.109916 | V29: =CW29*I29 -> 0 | W29: =ROUND(CX29*I29,2) -> 0 | X29: =ROUND(CY29,2) -> 68978.22 | Y29: =ROUND(CZ29,2) -> 28311.95 | AA29: 86511348 | AB29: =(AC29+AD29+AF29) -> 925.221 | AC29: =(ES29) -> 0 | AD29: =((ET29*1.1)) -> 0 | AE29: =((EU29*1.1)) -> 0 | AF29: =((EV29*1.1)) -> 925.221 | AG29: =(AP29) -> 0 | AH29: =((EW29*1.1)) -> 75.9 | AI29: =((EX29*1.1)) -> 0 | AJ29: =(AS29) -> 0 | AK29: 0 | AL29: 0 | AM29: 0 | AN29: 0 | AO29: 841.11 | AP29: 0 | AQ29: 69 | AR29: 0 | AS29: 0 | AT29: 134 | AU29: 55 | AV29: 1.047 | AW29: 1 | AZ29: 1 | BA29: 57.76 | BB29: 1 | BC29: 1.33 | BH29: 0 | BI29: 1 | BJ29: 3.27-72-1 Применительно | BM29: 167 | BN29: 0 | BO29: 3.27-72-1 | BP29: 1 | BQ29: 30 | BR29: 0 | BS29: 57.76 | BT29: 1 | BU29: 1 | BV29: 1 | BW29: 1 | BX29: 1 | BZ29: 134 | CA29: 55 | CE29: 0 | CF29: 0 | CG29: 0 | CM29: 0 | CN29: Поправка:стеснённые условия, пп. "в" | CO29: 0 | CP29: =(P29+Q29+S29) -> 51476.28 | CQ29: =(AC29*BC29*AW29) -> 0 | CR29: =(((ET29*1.1))*BB29*AV29) -> 0 | CS29: =(AE29*BS29*AV29) -> 0 | CT29: =(AF29*BA29*AV29) -> 55952.481 | CU29: =AG29 -> 0 | CV29: =(AH29*AV29) -> 79.4673 | CW29: =AI29 -> 0 | CX29: =AJ29 -> 0 | CY29: =(S29+R29)*(BZ29/100) -> 68978.215 | CZ29: =(S29+R29)*(CA29/100) -> 28311.954 | DE29: *1,1 | DF29: *1,1 | DG29: *1,1 | DI29: *1,1 | DJ29: *1,1 | DN29: 134 | DO29: 55 | DP29: 1 | DQ29: 1 | DU29: 1013 | DV29: 100 знаков | DW29: 100 знаков | DX29: 1 | EE29: 86330795 | EF29: 30 | EG29: Строительные работы | EH29: 0 | EJ29: 1 | EK29: 167 | EL29: ТСН-2001.3-27. 27-71, 27-72 | EM29: ТСН-2001.3-27-22 | EO29: Попр.12.00.01.11.003 | EQ29: 0 | ER29: 0 | ES29: 0 | ET29: 0 | EU29: 0 | EV29: 841.11 | EW29: 69 | EX29: 0 | EY29: 0 | FQ29: 0 | FR29: 0 | FS29: 0 | FX29: 134 | FY29: 55 | GD29: 1 | GF29: -1542709812 | GG29: 2 | GH29: 0 | GI29: -2 | GJ29: 0 | GK29: 0 | GL29: =ROUND(IF(AND(BH29=3,BI29=3,FS29<>0),P29,0),2) -> 0 | GM29: =ROUND(O29+X29+Y29,2)+GX29 -> 148766.45 | GN29: =IF(OR(BI29=0,BI29=1),GM29-GX29,0) -> 148766.45 | GO29: =IF(BI29=2,GM29-GX29,0) -> 0 | GP29: =IF(BI29=4,GM29-GX29,0) -> 0 | GR29: 0 | GS29: 3 | GT29: 0 | GV29: =(GT29) -> 0 | GW29: 1.33 | GX29: =ROUND(HC29*I29,2) -> 0 | HA29: 0 | HB29: 0 | HC29: =GV29*GW29 -> 0 | HS29: 0 | IK29: 0
A30: 17 | B30: 1 | C30: =ROW(SmtRes!A9) -> 9 | D30: =ROW(EtalonRes!A9) -> 9 | E30: 2 | F30: 3.27-72-1 | G30: Установка дополнительных щитков (применительно) | H30: 100 знаков | I30: =ROUND(2/100,9) -> 0.02 | J30: 0 | K30: =ROUND(2/100,9) -> 0.02 | O30: =ROUND(CP30,2) -> 19.37 | P30: =ROUND(CQ30*I30,2) -> 0 | Q30: =ROUND(CR30*I30,2) -> 0 | R30: =ROUND(CS30*I30,2) -> 0 | S30: =ROUND(CT30*I30,2) -> 19.37 | T30: =ROUND(CU30*I30,2) -> 0 | U30: =CV30*I30 -> 1.589346 | V30: =CW30*I30 -> 0 | W30: =ROUND(CX30*I30,2) -> 0 | X30: =ROUND(CY30,2) -> 25.96 | Y30: =ROUND(CZ30,2) -> 10.65 | AA30: 86511347 | AB30: =(AC30+AD30+AF30) -> 925.221 | AC30: =(ES30) -> 0 | AD30: =((ET30*1.1)) -> 0 | AE30: =((EU30*1.1)) -> 0 | AF30: =((EV30*1.1)) -> 925.221 | AG30: =(AP30) -> 0 | AH30: =((EW30*1.1)) -> 75.9 | AI30: =((EX30*1.1)) -> 0 | AJ30: =(AS30) -> 0 | AK30: 0 | AL30: 0 | AM30: 0 | AN30: 0 | AO30: 841.11 | AP30: 0 | AQ30: 69 | AR30: 0 | AS30: 0 | AT30: 134 | AU30: 55 | AV30: 1.047 | AW30: 1 | AZ30: 1 | BA30: 1 | BB30: 1 | BC30: 1 | BH30: 0 | BI30: 1 | BJ30: 3.27-72-1 Применительно | BM30: 167 | BN30: 0 | BO30: 3.27-72-1 | BP30: 1 | BQ30: 30 | BR30: 0 | BS30: 1 | BT30: 1 | BU30: 1 | BV30: 1 | BW30: 1 | BX30: 1 | BZ30: 134 | CA30: 55 | CE30: 0 | CF30: 0 | CG30: 0 | CM30: 0 | CN30: Поправка:стеснённые условия, пп. "в" | CO30: 0 | CP30: =(P30+Q30+S30) -> 19.37 | CQ30: =(AC30*BC30*AW30) -> 0 | CR30: =(((ET30*1.1))*BB30*AV30) -> 0 | CS30: =(AE30*BS30*AV30) -> 0 | CT30: =(AF30*BA30*AV30) -> 968.70639 | CU30: =AG30 -> 0 | CV30: =(AH30*AV30) -> 79.4673 | CW30: =AI30 -> 0 | CX30: =AJ30 -> 0 | CY30: =(((S30+R30)*BZ30)/100) -> 25.9558 | CZ30: =(((S30+R30)*CA30)/100) -> 10.6535 | DE30: *1,1 | DF30: *1,1 | DG30: *1,1 | DI30: *1,1 | DJ30: *1,1 | DN30: 0 | DO30: 0 | DP30: 1 | DQ30: 1 | DU30: 1013 | DV30: 100 знаков | DW30: 100 знаков | DX30: 1 | EE30: 86330795 | EF30: 30 | EG30: Строительные работы | EH30: 0 | EJ30: 1 | EK30: 167 | EL30: ТСН-2001.3-27. 27-71, 27-72 | EM30: ТСН-2001.3-27-22 | EO30: Попр.12.00.01.11.003 | EQ30: 0 | ER30: 0 | ES30: 0 | ET30: 0 | EU30: 0 | EV30: 841.11 | EW30: 69 | EX30: 0 | EY30: 0 | FQ30: 0 | FR30: 0 | FS30: 0 | FX30: 134 | FY30: 55 | GD30: 1 | GF30: 2063775563 | GG30: 2 | GH30: 0 | GI30: -2 | GJ30: 0 | GK30: 0 | GL30: =ROUND(IF(AND(BH30=3,BI30=3,FS30<>0),P30,0),2) -> 0 | GM30: =ROUND(O30+X30+Y30,2)+GX30 -> 55.98 | GN30: =IF(OR(BI30=0,BI30=1),GM30-GX30,0) -> 55.98 | GO30: =IF(BI30=2,GM30-GX30,0) -> 0 | GP30: =IF(BI30=4,GM30-GX30,0) -> 0 | GR30: 0 | GS30: 3 | GT30: 0 | GV30: =(GT30) -> 0 | GW30: 1 | GX30: =ROUND(HC30*I30,2) -> 0 | HA30: 0 | HB30: 0 | HC30: =GV30*GW30 -> 0 | HS30: 0 | IK30: 0
A31: 17 | B31: 1 | C31: =ROW(SmtRes!A12) -> 12 | D31: =ROW(EtalonRes!A12) -> 12 | E31: 2 | F31: 3.27-72-1 | G31: Установка дополнительных щитков (применительно) | H31: 100 знаков | I31: =ROUND(2/100,9) -> 0.02 | J31: 0 | K31: =ROUND(2/100,9) -> 0.02 | O31: =ROUND(CP31,2) -> 1119.05 | P31: =ROUND(CQ31*I31,2) -> 0 | Q31: =ROUND(CR31*I31,2) -> 0 | R31: =ROUND(CS31*I31,2) -> 0 | S31: =ROUND(CT31*I31,2) -> 1119.05 | T31: =ROUND(CU31*I31,2) -> 0 | U31: =CV31*I31 -> 1.589346 | V31: =CW31*I31 -> 0 | W31: =ROUND(CX31*I31,2) -> 0 | X31: =ROUND(CY31,2) -> 1499.53 | Y31: =ROUND(CZ31,2) -> 615.48 | AA31: 86511348 | AB31: =(AC31+AD31+AF31) -> 925.221 | AC31: =(ES31) -> 0 | AD31: =((ET31*1.1)) -> 0 | AE31: =((EU31*1.1)) -> 0 | AF31: =((EV31*1.1)) -> 925.221 | AG31: =(AP31) -> 0 | AH31: =((EW31*1.1)) -> 75.9 | AI31: =((EX31*1.1)) -> 0 | AJ31: =(AS31) -> 0 | AK31: 0 | AL31: 0 | AM31: 0 | AN31: 0 | AO31: 841.11 | AP31: 0 | AQ31: 69 | AR31: 0 | AS31: 0 | AT31: 134 | AU31: 55 | AV31: 1.047 | AW31: 1 | AZ31: 1 | BA31: 57.76 | BB31: 1 | BC31: 1.33 | BH31: 0 | BI31: 1 | BJ31: 3.27-72-1 Применительно | BM31: 167 | BN31: 0 | BO31: 3.27-72-1 | BP31: 1 | BQ31: 30 | BR31: 0 | BS31: 57.76 | BT31: 1 | BU31: 1 | BV31: 1 | BW31: 1 | BX31: 1 | BZ31: 134 | CA31: 55 | CE31: 0 | CF31: 0 | CG31: 0 | CM31: 0 | CN31: Поправка:стеснённые условия, пп. "в" | CO31: 0 | CP31: =(P31+Q31+S31) -> 1119.05 | CQ31: =(AC31*BC31*AW31) -> 0 | CR31: =(((ET31*1.1))*BB31*AV31) -> 0 | CS31: =(AE31*BS31*AV31) -> 0 | CT31: =(AF31*BA31*AV31) -> 55952.481 | CU31: =AG31 -> 0 | CV31: =(AH31*AV31) -> 79.4673 | CW31: =AI31 -> 0 | CX31: =AJ31 -> 0 | CY31: =(S31+R31)*(BZ31/100) -> 1499.527 | CZ31: =(S31+R31)*(CA31/100) -> 615.4775 | DE31: *1,1 | DF31: *1,1 | DG31: *1,1 | DI31: *1,1 | DJ31: *1,1 | DN31: 134 | DO31: 55 | DP31: 1 | DQ31: 1 | DU31: 1013 | DV31: 100 знаков | DW31: 100 знаков | DX31: 1 | EE31: 86330795 | EF31: 30 | EG31: Строительные работы | EH31: 0 | EJ31: 1 | EK31: 167 | EL31: ТСН-2001.3-27. 27-71, 27-72 | EM31: ТСН-2001.3-27-22 | EO31: Попр.12.00.01.11.003 | EQ31: 0 | ER31: 0 | ES31: 0 | ET31: 0 | EU31: 0 | EV31: 841.11 | EW31: 69 | EX31: 0 | EY31: 0 | FQ31: 0 | FR31: 0 | FS31: 0 | FX31: 134 | FY31: 55 | GD31: 1 | GF31: 2063775563 | GG31: 2 | GH31: 0 | GI31: -2 | GJ31: 0 | GK31: 0 | GL31: =ROUND(IF(AND(BH31=3,BI31=3,FS31<>0),P31,0),2) -> 0 | GM31: =ROUND(O31+X31+Y31,2)+GX31 -> 3234.06 | GN31: =IF(OR(BI31=0,BI31=1),GM31-GX31,0) -> 3234.06 | GO31: =IF(BI31=2,GM31-GX31,0) -> 0 | GP31: =IF(BI31=4,GM31-GX31,0) -> 0 | GR31: 0 | GS31: 3 | GT31: 0 | GV31: =(GT31) -> 0 | GW31: 1.33 | GX31: =ROUND(HC31*I31,2) -> 0 | HA31: 0 | HB31: 0 | HC31: =GV31*GW31 -> 0 | HS31: 0 | IK31: 0
A32: 17 | B32: 1 | C32: =ROW(SmtRes!A15) -> 15 | D32: =ROW(EtalonRes!A15) -> 15 | E32: 3 | F32: 3.27-72-1 | G32: Установка дополнительных щитков (применительно) | H32: 100 знаков | I32: =ROUND(11/100,9) -> 0.11 | J32: 0 | K32: =ROUND(11/100,9) -> 0.11 | O32: =ROUND(CP32,2) -> 106.56 | P32: =ROUND(CQ32*I32,2) -> 0 | Q32: =ROUND(CR32*I32,2) -> 0 | R32: =ROUND(CS32*I32,2) -> 0 | S32: =ROUND(CT32*I32,2) -> 106.56 | T32: =ROUND(CU32*I32,2) -> 0 | U32: =CV32*I32 -> 8.741403 | V32: =CW32*I32 -> 0 | W32: =ROUND(CX32*I32,2) -> 0 | X32: =ROUND(CY32,2) -> 142.79 | Y32: =ROUND(CZ32,2) -> 58.61 | AA32: 86511347 | AB32: =(AC32+AD32+AF32) -> 925.221 | AC32: =(ES32) -> 0 | AD32: =((ET32*1.1)) -> 0 | AE32: =((EU32*1.1)) -> 0 | AF32: =((EV32*1.1)) -> 925.221 | AG32: =(AP32) -> 0 | AH32: =((EW32*1.1)) -> 75.9 | AI32: =((EX32*1.1)) -> 0 | AJ32: =(AS32) -> 0 | AK32: 0 | AL32: 0 | AM32: 0 | AN32: 0 | AO32: 841.11 | AP32: 0 | AQ32: 69 | AR32: 0 | AS32: 0 | AT32: 134 | AU32: 55 | AV32: 1.047 | AW32: 1 | AZ32: 1 | BA32: 1 | BB32: 1 | BC32: 1 | BH32: 0 | BI32: 1 | BJ32: 3.27-72-1 Применительно | BM32: 167 | BN32: 0 | BO32: 3.27-72-1 | BP32: 1 | BQ32: 30 | BR32: 0 | BS32: 1 | BT32: 1 | BU32: 1 | BV32: 1 | BW32: 1 | BX32: 1 | BZ32: 134 | CA32: 55 | CE32: 0 | CF32: 0 | CG32: 0 | CM32: 0 | CN32: Поправка:стеснённые условия, пп. "в" | CO32: 0 | CP32: =(P32+Q32+S32) -> 106.56 | CQ32: =(AC32*BC32*AW32) -> 0 | CR32: =(((ET32*1.1))*BB32*AV32) -> 0 | CS32: =(AE32*BS32*AV32) -> 0 | CT32: =(AF32*BA32*AV32) -> 968.70639 | CU32: =AG32 -> 0 | CV32: =(AH32*AV32) -> 79.4673 | CW32: =AI32 -> 0 | CX32: =AJ32 -> 0 | CY32: =(((S32+R32)*BZ32)/100) -> 142.7904 | CZ32: =(((S32+R32)*CA32)/100) -> 58.608 | DE32: *1,1 | DF32: *1,1 | DG32: *1,1 | DI32: *1,1 | DJ32: *1,1 | DN32: 0 | DO32: 0 | DP32: 1 | DQ32: 1 | DU32: 1013 | DV32: 100 знаков | DW32: 100 знаков | DX32: 1 | EE32: 86330795 | EF32: 30 | EG32: Строительные работы | EH32: 0 | EJ32: 1 | EK32: 167 | EL32: ТСН-2001.3-27. 27-71, 27-72 | EM32: ТСН-2001.3-27-22 | EO32: Попр.12.00.01.11.003 | EQ32: 0 | ER32: 0 | ES32: 0 | ET32: 0 | EU32: 0 | EV32: 841.11 | EW32: 69 | EX32: 0 | EY32: 0 | FQ32: 0 | FR32: 0 | FS32: 0 | FX32: 134 | FY32: 55 | GD32: 1 | GF32: 1646298055 | GG32: 2 | GH32: 0 | GI32: -2 | GJ32: 0 | GK32: 0 | GL32: =ROUND(IF(AND(BH32=3,BI32=3,FS32<>0),P32,0),2) -> 0 | GM32: =ROUND(O32+X32+Y32,2)+GX32 -> 307.96 | GN32: =IF(OR(BI32=0,BI32=1),GM32-GX32,0) -> 307.96 | GO32: =IF(BI32=2,GM32-GX32,0) -> 0 | GP32: =IF(BI32=4,GM32-GX32,0) -> 0 | GR32: 0 | GS32: 3 | GT32: 0 | GV32: =(GT32) -> 0 | GW32: 1 | GX32: =ROUND(HC32*I32,2) -> 0 | HA32: 0 | HB32: 0 | HC32: =GV32*GW32 -> 0 | HS32: 0 | IK32: 0
A33: 17 | B33: 1 | C33: =ROW(SmtRes!A18) -> 18 | D33: =ROW(EtalonRes!A18) -> 18 | E33: 3 | F33: 3.27-72-1 | G33: Установка дополнительных щитков (применительно) | H33: 100 знаков | I33: =ROUND(11/100,9) -> 0.11 | J33: 0 | K33: =ROUND(11/100,9) -> 0.11 | O33: =ROUND(CP33,2) -> 6154.77 | P33: =ROUND(CQ33*I33,2) -> 0 | Q33: =ROUND(CR33*I33,2) -> 0 | R33: =ROUND(CS33*I33,2) -> 0 | S33: =ROUND(CT33*I33,2) -> 6154.77 | T33: =ROUND(CU33*I33,2) -> 0 | U33: =CV33*I33 -> 8.741403 | V33: =CW33*I33 -> 0 | W33: =ROUND(CX33*I33,2) -> 0 | X33: =ROUND(CY33,2) -> 8247.39 | Y33: =ROUND(CZ33,2) -> 3385.12 | AA33: 86511348 | AB33: =(AC33+AD33+AF33) -> 925.221 | AC33: =(ES33) -> 0 | AD33: =((ET33*1.1)) -> 0 | AE33: =((EU33*1.1)) -> 0 | AF33: =((EV33*1.1)) -> 925.221 | AG33: =(AP33) -> 0 | AH33: =((EW33*1.1)) -> 75.9 | AI33: =((EX33*1.1)) -> 0 | AJ33: =(AS33) -> 0 | AK33: 0 | AL33: 0 | AM33: 0 | AN33: 0 | AO33: 841.11 | AP33: 0 | AQ33: 69 | AR33: 0 | AS33: 0 | AT33: 134 | AU33: 55 | AV33: 1.047 | AW33: 1 | AZ33: 1 | BA33: 57.76 | BB33: 1 | BC33: 1.33 | BH33: 0 | BI33: 1 | BJ33: 3.27-72-1 Применительно | BM33: 167 | BN33: 0 | BO33: 3.27-72-1 | BP33: 1 | BQ33: 30 | BR33: 0 | BS33: 57.76 | BT33: 1 | BU33: 1 | BV33: 1 | BW33: 1 | BX33: 1 | BZ33: 134 | CA33: 55 | CE33: 0 | CF33: 0 | CG33: 0 | CM33: 0 | CN33: Поправка:стеснённые условия, пп. "в" | CO33: 0 | CP33: =(P33+Q33+S33) -> 6154.77 | CQ33: =(AC33*BC33*AW33) -> 0 | CR33: =(((ET33*1.1))*BB33*AV33) -> 0 | CS33: =(AE33*BS33*AV33) -> 0 | CT33: =(AF33*BA33*AV33) -> 55952.481 | CU33: =AG33 -> 0 | CV33: =(AH33*AV33) -> 79.4673 | CW33: =AI33 -> 0 | CX33: =AJ33 -> 0 | CY33: =(S33+R33)*(BZ33/100) -> 8247.3918 | CZ33: =(S33+R33)*(CA33/100) -> 3385.1235 | DE33: *1,1 | DF33: *1,1 | DG33: *1,1 | DI33: *1,1 | DJ33: *1,1 | DN33: 134 | DO33: 55 | DP33: 1 | DQ33: 1 | DU33: 1013 | DV33: 100 знаков | DW33: 100 знаков | DX33: 1 | EE33: 86330795 | EF33: 30 | EG33: Строительные работы | EH33: 0 | EJ33: 1 | EK33: 167 | EL33: ТСН-2001.3-27. 27-71, 27-72 | EM33: ТСН-2001.3-27-22 | EO33: Попр.12.00.01.11.003 | EQ33: 0 | ER33: 0 | ES33: 0 | ET33: 0 | EU33: 0 | EV33: 841.11 | EW33: 69 | EX33: 0 | EY33: 0 | FQ33: 0 | FR33: 0 | FS33: 0 | FX33: 134 | FY33: 55 | GD33: 1 | GF33: 1646298055 | GG33: 2 | GH33: 0 | GI33: -2 | GJ33: 0 | GK33: 0 | GL33: =ROUND(IF(AND(BH33=3,BI33=3,FS33<>0),P33,0),2) -> 0 | GM33: =ROUND(O33+X33+Y33,2)+GX33 -> 17787.28 | GN33: =IF(OR(BI33=0,BI33=1),GM33-GX33,0) -> 17787.28 | GO33: =IF(BI33=2,GM33-GX33,0) -> 0 | GP33: =IF(BI33=4,GM33-GX33,0) -> 0 | GR33: 0 | GS33: 3 | GT33: 0 | GV33: =(GT33) -> 0 | GW33: 1.33 | GX33: =ROUND(HC33*I33,2) -> 0 | HA33: 0 | HB33: 0 | HC33: =GV33*GW33 -> 0 | HS33: 0 | IK33: 0
A34: 17 | B34: 1 | C34: =ROW(SmtRes!A21) -> 21 | D34: =ROW(EtalonRes!A21) -> 21 | E34: 4 | F34: 3.27-72-1 | G34: Установка дополнительных щитков (применительно) | H34: 100 знаков | I34: =ROUND(4/100,9) -> 0.04 | J34: 0 | K34: =ROUND(4/100,9) -> 0.04 | O34: =ROUND(CP34,2) -> 38.75 | P34: =ROUND(CQ34*I34,2) -> 0 | Q34: =ROUND(CR34*I34,2) -> 0 | R34: =ROUND(CS34*I34,2) -> 0 | S34: =ROUND(CT34*I34,2) -> 38.75 | T34: =ROUND(CU34*I34,2) -> 0 | U34: =CV34*I34 -> 3.178692 | V34: =CW34*I34 -> 0 | W34: =ROUND(CX34*I34,2) -> 0 | X34: =ROUND(CY34,2) -> 51.93 | Y34: =ROUND(CZ34,2) -> 21.31 | AA34: 86511347 | AB34: =(AC34+AD34+AF34) -> 925.221 | AC34: =(ES34) -> 0 | AD34: =((ET34*1.1)) -> 0 | AE34: =((EU34*1.1)) -> 0 | AF34: =((EV34*1.1)) -> 925.221 | AG34: =(AP34) -> 0 | AH34: =((EW34*1.1)) -> 75.9 | AI34: =((EX34*1.1)) -> 0 | AJ34: =(AS34) -> 0 | AK34: 0 | AL34: 0 | AM34: 0 | AN34: 0 | AO34: 841.11 | AP34: 0 | AQ34: 69 | AR34: 0 | AS34: 0 | AT34: 134 | AU34: 55 | AV34: 1.047 | AW34: 1 | AZ34: 1 | BA34: 1 | BB34: 1 | BC34: 1 | BH34: 0 | BI34: 1 | BJ34: 3.27-72-1 Применительно | BM34: 167 | BN34: 0 | BO34: 3.27-72-1 | BP34: 1 | BQ34: 30 | BR34: 0 | BS34: 1 | BT34: 1 | BU34: 1 | BV34: 1 | BW34: 1 | BX34: 1 | BZ34: 134 | CA34: 55 | CE34: 0 | CF34: 0 | CG34: 0 | CM34: 0 | CN34: Поправка:стеснённые условия, пп. "в" | CO34: 0 | CP34: =(P34+Q34+S34) -> 38.75 | CQ34: =(AC34*BC34*AW34) -> 0 | CR34: =(((ET34*1.1))*BB34*AV34) -> 0 | CS34: =(AE34*BS34*AV34) -> 0 | CT34: =(AF34*BA34*AV34) -> 968.70639 | CU34: =AG34 -> 0 | CV34: =(AH34*AV34) -> 79.4673 | CW34: =AI34 -> 0 | CX34: =AJ34 -> 0 | CY34: =(((S34+R34)*BZ34)/100) -> 51.925 | CZ34: =(((S34+R34)*CA34)/100) -> 21.3125 | DE34: *1,1 | DF34: *1,1 | DG34: *1,1 | DI34: *1,1 | DJ34: *1,1 | DN34: 0 | DO34: 0 | DP34: 1 | DQ34: 1 | DU34: 1013 | DV34: 100 знаков | DW34: 100 знаков | DX34: 1 | EE34: 86330795 | EF34: 30 | EG34: Строительные работы | EH34: 0 | EJ34: 1 | EK34: 167 | EL34: ТСН-2001.3-27. 27-71, 27-72 | EM34: ТСН-2001.3-27-22 | EO34: Попр.12.00.01.11.003 | EQ34: 0 | ER34: 0 | ES34: 0 | ET34: 0 | EU34: 0 | EV34: 841.11 | EW34: 69 | EX34: 0 | EY34: 0 | FQ34: 0 | FR34: 0 | FS34: 0 | FX34: 134 | FY34: 55 | GD34: 1 | GF34: -849169165 | GG34: 2 | GH34: 0 | GI34: -2 | GJ34: 0 | GK34: 0 | GL34: =ROUND(IF(AND(BH34=3,BI34=3,FS34<>0),P34,0),2) -> 0 | GM34: =ROUND(O34+X34+Y34,2)+GX34 -> 111.99 | GN34: =IF(OR(BI34=0,BI34=1),GM34-GX34,0) -> 111.99 | GO34: =IF(BI34=2,GM34-GX34,0) -> 0 | GP34: =IF(BI34=4,GM34-GX34,0) -> 0 | GR34: 0 | GS34: 3 | GT34: 0 | GV34: =(GT34) -> 0 | GW34: 1 | GX34: =ROUND(HC34*I34,2) -> 0 | HA34: 0 | HB34: 0 | HC34: =GV34*GW34 -> 0 | HS34: 0 | IK34: 0
A35: 17 | B35: 1 | C35: =ROW(SmtRes!A24) -> 24 | D35: =ROW(EtalonRes!A24) -> 24 | E35: 4 | F35: 3.27-72-1 | G35: Установка дополнительных щитков (применительно) | H35: 100 знаков | I35: =ROUND(4/100,9) -> 0.04 | J35: 0 | K35: =ROUND(4/100,9) -> 0.04 | O35: =ROUND(CP35,2) -> 2238.1 | P35: =ROUND(CQ35*I35,2) -> 0 | Q35: =ROUND(CR35*I35,2) -> 0 | R35: =ROUND(CS35*I35,2) -> 0 | S35: =ROUND(CT35*I35,2) -> 2238.1 | T35: =ROUND(CU35*I35,2) -> 0 | U35: =CV35*I35 -> 3.178692 | V35: =CW35*I35 -> 0 | W35: =ROUND(CX35*I35,2) -> 0 | X35: =ROUND(CY35,2) -> 2999.05 | Y35: =ROUND(CZ35,2) -> 1230.96 | AA35: 86511348 | AB35: =(AC35+AD35+AF35) -> 925.221 | AC35: =(ES35) -> 0 | AD35: =((ET35*1.1)) -> 0 | AE35: =((EU35*1.1)) -> 0 | AF35: =((EV35*1.1)) -> 925.221 | AG35: =(AP35) -> 0 | AH35: =((EW35*1.1)) -> 75.9 | AI35: =((EX35*1.1)) -> 0 | AJ35: =(AS35) -> 0 | AK35: 0 | AL35: 0 | AM35: 0 | AN35: 0 | AO35: 841.11 | AP35: 0 | AQ35: 69 | AR35: 0 | AS35: 0 | AT35: 134 | AU35: 55 | AV35: 1.047 | AW35: 1 | AZ35: 1 | BA35: 57.76 | BB35: 1 | BC35: 1.33 | BH35: 0 | BI35: 1 | BJ35: 3.27-72-1 Применительно | BM35: 167 | BN35: 0 | BO35: 3.27-72-1 | BP35: 1 | BQ35: 30 | BR35: 0 | BS35: 57.76 | BT35: 1 | BU35: 1 | BV35: 1 | BW35: 1 | BX35: 1 | BZ35: 134 | CA35: 55 | CE35: 0 | CF35: 0 | CG35: 0 | CM35: 0 | CN35: Поправка:стеснённые условия, пп. "в" | CO35: 0 | CP35: =(P35+Q35+S35) -> 2238.1 | CQ35: =(AC35*BC35*AW35) -> 0 | CR35: =(((ET35*1.1))*BB35*AV35) -> 0 | CS35: =(AE35*BS35*AV35) -> 0 | CT35: =(AF35*BA35*AV35) -> 55952.481 | CU35: =AG35 -> 0 | CV35: =(AH35*AV35) -> 79.4673 | CW35: =AI35 -> 0 | CX35: =AJ35 -> 0 | CY35: =(S35+R35)*(BZ35/100) -> 2999.054 | CZ35: =(S35+R35)*(CA35/100) -> 1230.955 | DE35: *1,1 | DF35: *1,1 | DG35: *1,1 | DI35: *1,1 | DJ35: *1,1 | DN35: 134 | DO35: 55 | DP35: 1 | DQ35: 1 | DU35: 1013 | DV35: 100 знаков | DW35: 100 знаков | DX35: 1 | EE35: 86330795 | EF35: 30 | EG35: Строительные работы | EH35: 0 | EJ35: 1 | EK35: 167 | EL35: ТСН-2001.3-27. 27-71, 27-72 | EM35: ТСН-2001.3-27-22 | EO35: Попр.12.00.01.11.003 | EQ35: 0 | ER35: 0 | ES35: 0 | ET35: 0 | EU35: 0 | EV35: 841.11 | EW35: 69 | EX35: 0 | EY35: 0 | FQ35: 0 | FR35: 0 | FS35: 0 | FX35: 134 | FY35: 55 | GD35: 1 | GF35: -849169165 | GG35: 2 | GH35: 0 | GI35: -2 | GJ35: 0 | GK35: 0 | GL35: =ROUND(IF(AND(BH35=3,BI35=3,FS35<>0),P35,0),2) -> 0 | GM35: =ROUND(O35+X35+Y35,2)+GX35 -> 6468.11 | GN35: =IF(OR(BI35=0,BI35=1),GM35-GX35,0) -> 6468.11 | GO35: =IF(BI35=2,GM35-GX35,0) -> 0 | GP35: =IF(BI35=4,GM35-GX35,0) -> 0 | GR35: 0 | GS35: 3 | GT35: 0 | GV35: =(GT35) -> 0 | GW35: 1.33 | GX35: =ROUND(HC35*I35,2) -> 0 | HA35: 0 | HB35: 0 | HC35: =GV35*GW35 -> 0 | HS35: 0 | IK35: 0
A36: 17 | B36: 1 | C36: =ROW(SmtRes!A27) -> 27 | D36: =ROW(EtalonRes!A27) -> 27 | E36: 5 | F36: 3.27-72-1 | G36: Установка дополнительных щитков (применительно) | H36: 100 знаков | I36: =ROUND(19/100,9) -> 0.19 | J36: 0 | K36: =ROUND(19/100,9) -> 0.19 | O36: =ROUND(CP36,2) -> 184.05 | P36: =ROUND(CQ36*I36,2) -> 0 | Q36: =ROUND(CR36*I36,2) -> 0 | R36: =ROUND(CS36*I36,2) -> 0 | S36: =ROUND(CT36*I36,2) -> 184.05 | T36: =ROUND(CU36*I36,2) -> 0 | U36: =CV36*I36 -> 15.098787 | V36: =CW36*I36 -> 0 | W36: =ROUND(CX36*I36,2) -> 0 | X36: =ROUND(CY36,2) -> 246.63 | Y36: =ROUND(CZ36,2) -> 101.23 | AA36: 86511347 | AB36: =(AC36+AD36+AF36) -> 925.221 | AC36: =(ES36) -> 0 | AD36: =((ET36*1.1)) -> 0 | AE36: =((EU36*1.1)) -> 0 | AF36: =((EV36*1.1)) -> 925.221 | AG36: =(AP36) -> 0 | AH36: =((EW36*1.1)) -> 75.9 | AI36: =((EX36*1.1)) -> 0 | AJ36: =(AS36) -> 0 | AK36: 0 | AL36: 0 | AM36: 0 | AN36: 0 | AO36: 841.11 | AP36: 0 | AQ36: 69 | AR36: 0 | AS36: 0 | AT36: 134 | AU36: 55 | AV36: 1.047 | AW36: 1 | AZ36: 1 | BA36: 1 | BB36: 1 | BC36: 1 | BH36: 0 | BI36: 1 | BJ36: 3.27-72-1 Применительно | BM36: 167 | BN36: 0 | BO36: 3.27-72-1 | BP36: 1 | BQ36: 30 | BR36: 0 | BS36: 1 | BT36: 1 | BU36: 1 | BV36: 1 | BW36: 1 | BX36: 1 | BZ36: 134 | CA36: 55 | CE36: 0 | CF36: 0 | CG36: 0 | CM36: 0 | CN36: Поправка:стеснённые условия, пп. "в" | CO36: 0 | CP36: =(P36+Q36+S36) -> 184.05 | CQ36: =(AC36*BC36*AW36) -> 0 | CR36: =(((ET36*1.1))*BB36*AV36) -> 0 | CS36: =(AE36*BS36*AV36) -> 0 | CT36: =(AF36*BA36*AV36) -> 968.70639 | CU36: =AG36 -> 0 | CV36: =(AH36*AV36) -> 79.4673 | CW36: =AI36 -> 0 | CX36: =AJ36 -> 0 | CY36: =(((S36+R36)*BZ36)/100) -> 246.627 | CZ36: =(((S36+R36)*CA36)/100) -> 101.2275 | DE36: *1,1 | DF36: *1,1 | DG36: *1,1 | DI36: *1,1 | DJ36: *1,1 | DN36: 0 | DO36: 0 | DP36: 1 | DQ36: 1 | DU36: 1013 | DV36: 100 знаков | DW36: 100 знаков | DX36: 1 | EE36: 86330795 | EF36: 30 | EG36: Строительные работы | EH36: 0 | EJ36: 1 | EK36: 167 | EL36: ТСН-2001.3-27. 27-71, 27-72 | EM36: ТСН-2001.3-27-22 | EO36: Попр.12.00.01.11.003 | EQ36: 0 | ER36: 0 | ES36: 0 | ET36: 0 | EU36: 0 | EV36: 841.11 | EW36: 69 | EX36: 0 | EY36: 0 | FQ36: 0 | FR36: 0 | FS36: 0 | FX36: 134 | FY36: 55 | GD36: 1 | GF36: 1211833497 | GG36: 2 | GH36: 0 | GI36: -2 | GJ36: 0 | GK36: 0 | GL36: =ROUND(IF(AND(BH36=3,BI36=3,FS36<>0),P36,0),2) -> 0 | GM36: =ROUND(O36+X36+Y36,2)+GX36 -> 531.91 | GN36: =IF(OR(BI36=0,BI36=1),GM36-GX36,0) -> 531.91 | GO36: =IF(BI36=2,GM36-GX36,0) -> 0 | GP36: =IF(BI36=4,GM36-GX36,0) -> 0 | GR36: 0 | GS36: 3 | GT36: 0 | GV36: =(GT36) -> 0 | GW36: 1 | GX36: =ROUND(HC36*I36,2) -> 0 | HA36: 0 | HB36: 0 | HC36: =GV36*GW36 -> 0 | HS36: 0 | IK36: 0
A37: 17 | B37: 1 | C37: =ROW(SmtRes!A30) -> 30 | D37: =ROW(EtalonRes!A30) -> 30 | E37: 5 | F37: 3.27-72-1 | G37: Установка дополнительных щитков (применительно) | H37: 100 знаков | I37: =ROUND(19/100,9) -> 0.19 | J37: 0 | K37: =ROUND(19/100,9) -> 0.19 | O37: =ROUND(CP37,2) -> 10630.97 | P37: =ROUND(CQ37*I37,2) -> 0 | Q37: =ROUND(CR37*I37,2) -> 0 | R37: =ROUND(CS37*I37,2) -> 0 | S37: =ROUND(CT37*I37,2) -> 10630.97 | T37: =ROUND(CU37*I37,2) -> 0 | U37: =CV37*I37 -> 15.098787 | V37: =CW37*I37 -> 0 | W37: =ROUND(CX37*I37,2) -> 0 | X37: =ROUND(CY37,2) -> 14245.5 | Y37: =ROUND(CZ37,2) -> 5847.03 | AA37: 86511348 | AB37: =(AC37+AD37+AF37) -> 925.221 | AC37: =(ES37) -> 0 | AD37: =((ET37*1.1)) -> 0 | AE37: =((EU37*1.1)) -> 0 | AF37: =((EV37*1.1)) -> 925.221 | AG37: =(AP37) -> 0 | AH37: =((EW37*1.1)) -> 75.9 | AI37: =((EX37*1.1)) -> 0 | AJ37: =(AS37) -> 0 | AK37: 0 | AL37: 0 | AM37: 0 | AN37: 0 | AO37: 841.11 | AP37: 0 | AQ37: 69 | AR37: 0 | AS37: 0 | AT37: 134 | AU37: 55 | AV37: 1.047 | AW37: 1 | AZ37: 1 | BA37: 57.76 | BB37: 1 | BC37: 1.33 | BH37: 0 | BI37: 1 | BJ37: 3.27-72-1 Применительно | BM37: 167 | BN37: 0 | BO37: 3.27-72-1 | BP37: 1 | BQ37: 30 | BR37: 0 | BS37: 57.76 | BT37: 1 | BU37: 1 | BV37: 1 | BW37: 1 | BX37: 1 | BZ37: 134 | CA37: 55 | CE37: 0 | CF37: 0 | CG37: 0 | CM37: 0 | CN37: Поправка:стеснённые условия, пп. "в" | CO37: 0 | CP37: =(P37+Q37+S37) -> 10630.97 | CQ37: =(AC37*BC37*AW37) -> 0 | CR37: =(((ET37*1.1))*BB37*AV37) -> 0 | CS37: =(AE37*BS37*AV37) -> 0 | CT37: =(AF37*BA37*AV37) -> 55952.481 | CU37: =AG37 -> 0 | CV37: =(AH37*AV37) -> 79.4673 | CW37: =AI37 -> 0 | CX37: =AJ37 -> 0 | CY37: =(S37+R37)*(BZ37/100) -> 14245.5 | CZ37: =(S37+R37)*(CA37/100) -> 5847.0335 | DE37: *1,1 | DF37: *1,1 | DG37: *1,1 | DI37: *1,1 | DJ37: *1,1 | DN37: 134 | DO37: 55 | DP37: 1 | DQ37: 1 | DU37: 1013 | DV37: 100 знаков | DW37: 100 знаков | DX37: 1 | EE37: 86330795 | EF37: 30 | EG37: Строительные работы | EH37: 0 | EJ37: 1 | EK37: 167 | EL37: ТСН-2001.3-27. 27-71, 27-72 | EM37: ТСН-2001.3-27-22 | EO37: Попр.12.00.01.11.003 | EQ37: 0 | ER37: 0 | ES37: 0 | ET37: 0 | EU37: 0 | EV37: 841.11 | EW37: 69 | EX37: 0 | EY37: 0 | FQ37: 0 | FR37: 0 | FS37: 0 | FX37: 134 | FY37: 55 | GD37: 1 | GF37: 1211833497 | GG37: 2 | GH37: 0 | GI37: -2 | GJ37: 0 | GK37: 0 | GL37: =ROUND(IF(AND(BH37=3,BI37=3,FS37<>0),P37,0),2) -> 0 | GM37: =ROUND(O37+X37+Y37,2)+GX37 -> 30723.5 | GN37: =IF(OR(BI37=0,BI37=1),GM37-GX37,0) -> 30723.5 | GO37: =IF(BI37=2,GM37-GX37,0) -> 0 | GP37: =IF(BI37=4,GM37-GX37,0) -> 0 | GR37: 0 | GS37: 3 | GT37: 0 | GV37: =(GT37) -> 0 | GW37: 1.33 | GX37: =ROUND(HC37*I37,2) -> 0 | HA37: 0 | HB37: 0 | HC37: =GV37*GW37 -> 0 | HS37: 0 | IK37: 0
A38: 17 | B38: 1 | C38: =ROW(SmtRes!A33) -> 33 | D38: =ROW(EtalonRes!A33) -> 33 | E38: 6 | F38: 3.27-72-1 | G38: Установка дополнительных щитков (применительно) | H38: 100 знаков | I38: =ROUND(48/100,9) -> 0.48 | J38: 0 | K38: =ROUND(48/100,9) -> 0.48 | O38: =ROUND(CP38,2) -> 464.98 | P38: =ROUND(CQ38*I38,2) -> 0 | Q38: =ROUND(CR38*I38,2) -> 0 | R38: =ROUND(CS38*I38,2) -> 0 | S38: =ROUND(CT38*I38,2) -> 464.98 | T38: =ROUND(CU38*I38,2) -> 0 | U38: =CV38*I38 -> 38.144304 | V38: =CW38*I38 -> 0 | W38: =ROUND(CX38*I38,2) -> 0 | X38: =ROUND(CY38,2) -> 623.07 | Y38: =ROUND(CZ38,2) -> 255.74 | AA38: 86511347 | AB38: =(AC38+AD38+AF38) -> 925.221 | AC38: =(ES38) -> 0 | AD38: =((ET38*1.1)) -> 0 | AE38: =((EU38*1.1)) -> 0 | AF38: =((EV38*1.1)) -> 925.221 | AG38: =(AP38) -> 0 | AH38: =((EW38*1.1)) -> 75.9 | AI38: =((EX38*1.1)) -> 0 | AJ38: =(AS38) -> 0 | AK38: 0 | AL38: 0 | AM38: 0 | AN38: 0 | AO38: 841.11 | AP38: 0 | AQ38: 69 | AR38: 0 | AS38: 0 | AT38: 134 | AU38: 55 | AV38: 1.047 | AW38: 1 | AZ38: 1 | BA38: 1 | BB38: 1 | BC38: 1 | BH38: 0 | BI38: 1 | BJ38: 3.27-72-1 Применительно | BM38: 167 | BN38: 0 | BO38: 3.27-72-1 | BP38: 1 | BQ38: 30 | BR38: 0 | BS38: 1 | BT38: 1 | BU38: 1 | BV38: 1 | BW38: 1 | BX38: 1 | BZ38: 134 | CA38: 55 | CE38: 0 | CF38: 0 | CG38: 0 | CM38: 0 | CN38: Поправка:стеснённые условия, пп. "в" | CO38: 0 | CP38: =(P38+Q38+S38) -> 464.98 | CQ38: =(AC38*BC38*AW38) -> 0 | CR38: =(((ET38*1.1))*BB38*AV38) -> 0 | CS38: =(AE38*BS38*AV38) -> 0 | CT38: =(AF38*BA38*AV38) -> 968.70639 | CU38: =AG38 -> 0 | CV38: =(AH38*AV38) -> 79.4673 | CW38: =AI38 -> 0 | CX38: =AJ38 -> 0 | CY38: =(((S38+R38)*BZ38)/100) -> 623.0732 | CZ38: =(((S38+R38)*CA38)/100) -> 255.739 | DE38: *1,1 | DF38: *1,1 | DG38: *1,1 | DI38: *1,1 | DJ38: *1,1 | DN38: 0 | DO38: 0 | DP38: 1 | DQ38: 1 | DU38: 1013 | DV38: 100 знаков | DW38: 100 знаков | DX38: 1 | EE38: 86330795 | EF38: 30 | EG38: Строительные работы | EH38: 0 | EJ38: 1 | EK38: 167 | EL38: ТСН-2001.3-27. 27-71, 27-72 | EM38: ТСН-2001.3-27-22 | EO38: Попр.12.00.01.11.003 | EQ38: 0 | ER38: 0 | ES38: 0 | ET38: 0 | EU38: 0 | EV38: 841.11 | EW38: 69 | EX38: 0 | EY38: 0 | FQ38: 0 | FR38: 0 | FS38: 0 | FX38: 134 | FY38: 55 | GD38: 1 | GF38: 405089037 | GG38: 2 | GH38: 0 | GI38: -2 | GJ38: 0 | GK38: 0 | GL38: =ROUND(IF(AND(BH38=3,BI38=3,FS38<>0),P38,0),2) -> 0 | GM38: =ROUND(O38+X38+Y38,2)+GX38 -> 1343.79 | GN38: =IF(OR(BI38=0,BI38=1),GM38-GX38,0) -> 1343.79 | GO38: =IF(BI38=2,GM38-GX38,0) -> 0 | GP38: =IF(BI38=4,GM38-GX38,0) -> 0 | GR38: 0 | GS38: 3 | GT38: 0 | GV38: =(GT38) -> 0 | GW38: 1 | GX38: =ROUND(HC38*I38,2) -> 0 | HA38: 0 | HB38: 0 | HC38: =GV38*GW38 -> 0 | HS38: 0 | IK38: 0
A39: 17 | B39: 1 | C39: =ROW(SmtRes!A36) -> 36 | D39: =ROW(EtalonRes!A36) -> 36 | E39: 6 | F39: 3.27-72-1 | G39: Установка дополнительных щитков (применительно) | H39: 100 знаков | I39: =ROUND(48/100,9) -> 0.48 | J39: 0 | K39: =ROUND(48/100,9) -> 0.48 | O39: =ROUND(CP39,2) -> 26857.19 | P39: =ROUND(CQ39*I39,2) -> 0 | Q39: =ROUND(CR39*I39,2) -> 0 | R39: =ROUND(CS39*I39,2) -> 0 | S39: =ROUND(CT39*I39,2) -> 26857.19 | T39: =ROUND(CU39*I39,2) -> 0 | U39: =CV39*I39 -> 38.144304 | V39: =CW39*I39 -> 0 | W39: =ROUND(CX39*I39,2) -> 0 | X39: =ROUND(CY39,2) -> 35988.63 | Y39: =ROUND(CZ39,2) -> 14771.45 | AA39: 86511348 | AB39: =(AC39+AD39+AF39) -> 925.221 | AC39: =(ES39) -> 0 | AD39: =((ET39*1.1)) -> 0 | AE39: =((EU39*1.1)) -> 0 | AF39: =((EV39*1.1)) -> 925.221 | AG39: =(AP39) -> 0 | AH39: =((EW39*1.1)) -> 75.9 | AI39: =((EX39*1.1)) -> 0 | AJ39: =(AS39) -> 0 | AK39: 0 | AL39: 0 | AM39: 0 | AN39: 0 | AO39: 841.11 | AP39: 0 | AQ39: 69 | AR39: 0 | AS39: 0 | AT39: 134 | AU39: 55 | AV39: 1.047 | AW39: 1 | AZ39: 1 | BA39: 57.76 | BB39: 1 | BC39: 1.33 | BH39: 0 | BI39: 1 | BJ39: 3.27-72-1 Применительно | BM39: 167 | BN39: 0 | BO39: 3.27-72-1 | BP39: 1 | BQ39: 30 | BR39: 0 | BS39: 57.76 | BT39: 1 | BU39: 1 | BV39: 1 | BW39: 1 | BX39: 1 | BZ39: 134 | CA39: 55 | CE39: 0 | CF39: 0 | CG39: 0 | CM39: 0 | CN39: Поправка:стеснённые условия, пп. "в" | CO39: 0 | CP39: =(P39+Q39+S39) -> 26857.19 | CQ39: =(AC39*BC39*AW39) -> 0 | CR39: =(((ET39*1.1))*BB39*AV39) -> 0 | CS39: =(AE39*BS39*AV39) -> 0 | CT39: =(AF39*BA39*AV39) -> 55952.481 | CU39: =AG39 -> 0 | CV39: =(AH39*AV39) -> 79.4673 | CW39: =AI39 -> 0 | CX39: =AJ39 -> 0 | CY39: =(S39+R39)*(BZ39/100) -> 35988.635 | CZ39: =(S39+R39)*(CA39/100) -> 14771.454 | DE39: *1,1 | DF39: *1,1 | DG39: *1,1 | DI39: *1,1 | DJ39: *1,1 | DN39: 134 | DO39: 55 | DP39: 1 | DQ39: 1 | DU39: 1013 | DV39: 100 знаков | DW39: 100 знаков | DX39: 1 | EE39: 86330795 | EF39: 30 | EG39: Строительные работы | EH39: 0 | EJ39: 1 | EK39: 167 | EL39: ТСН-2001.3-27. 27-71, 27-72 | EM39: ТСН-2001.3-27-22 | EO39: Попр.12.00.01.11.003 | EQ39: 0 | ER39: 0 | ES39: 0 | ET39: 0 | EU39: 0 | EV39: 841.11 | EW39: 69 | EX39: 0 | EY39: 0 | FQ39: 0 | FR39: 0 | FS39: 0 | FX39: 134 | FY39: 55 | GD39: 1 | GF39: 405089037 | GG39: 2 | GH39: 0 | GI39: -2 | GJ39: 0 | GK39: 0 | GL39: =ROUND(IF(AND(BH39=3,BI39=3,FS39<>0),P39,0),2) -> 0 | GM39: =ROUND(O39+X39+Y39,2)+GX39 -> 77617.27 | GN39: =IF(OR(BI39=0,BI39=1),GM39-GX39,0) -> 77617.27 | GO39: =IF(BI39=2,GM39-GX39,0) -> 0 | GP39: =IF(BI39=4,GM39-GX39,0) -> 0 | GR39: 0 | GS39: 3 | GT39: 0 | GV39: =(GT39) -> 0 | GW39: 1.33 | GX39: =ROUND(HC39*I39,2) -> 0 | HA39: 0 | HB39: 0 | HC39: =GV39*GW39 -> 0 | HS39: 0 | IK39: 0
A40: 17 | B40: 1 | C40: =ROW(SmtRes!A39) -> 39 | D40: =ROW(EtalonRes!A39) -> 39 | E40: 7 | F40: 3.27-72-1 | G40: Установка дополнительных щитков (применительно) | H40: 100 знаков | I40: =ROUND(7/100,9) -> 0.07 | J40: 0 | K40: =ROUND(7/100,9) -> 0.07 | O40: =ROUND(CP40,2) -> 67.81 | P40: =ROUND(CQ40*I40,2) -> 0 | Q40: =ROUND(CR40*I40,2) -> 0 | R40: =ROUND(CS40*I40,2) -> 0 | S40: =ROUND(CT40*I40,2) -> 67.81 | T40: =ROUND(CU40*I40,2) -> 0 | U40: =CV40*I40 -> 5.562711 | V40: =CW40*I40 -> 0 | W40: =ROUND(CX40*I40,2) -> 0 | X40: =ROUND(CY40,2) -> 90.87 | Y40: =ROUND(CZ40,2) -> 37.3 | AA40: 86511347 | AB40: =(AC40+AD40+AF40) -> 925.221 | AC40: =(ES40) -> 0 | AD40: =((ET40*1.1)) -> 0 | AE40: =((EU40*1.1)) -> 0 | AF40: =((EV40*1.1)) -> 925.221 | AG40: =(AP40) -> 0 | AH40: =((EW40*1.1)) -> 75.9 | AI40: =((EX40*1.1)) -> 0 | AJ40: =(AS40) -> 0 | AK40: 0 | AL40: 0 | AM40: 0 | AN40: 0 | AO40: 841.11 | AP40: 0 | AQ40: 69 | AR40: 0 | AS40: 0 | AT40: 134 | AU40: 55 | AV40: 1.047 | AW40: 1 | AZ40: 1 | BA40: 1 | BB40: 1 | BC40: 1 | BH40: 0 | BI40: 1 | BJ40: 3.27-72-1 Применительно | BM40: 167 | BN40: 0 | BO40: 3.27-72-1 | BP40: 1 | BQ40: 30 | BR40: 0 | BS40: 1 | BT40: 1 | BU40: 1 | BV40: 1 | BW40: 1 | BX40: 1 | BZ40: 134 | CA40: 55 | CE40: 0 | CF40: 0 | CG40: 0 | CM40: 0 | CN40: Поправка:стеснённые условия, пп. "в" | CO40: 0 | CP40: =(P40+Q40+S40) -> 67.81 | CQ40: =(AC40*BC40*AW40) -> 0 | CR40: =(((ET40*1.1))*BB40*AV40) -> 0 | CS40: =(AE40*BS40*AV40) -> 0 | CT40: =(AF40*BA40*AV40) -> 968.70639 | CU40: =AG40 -> 0 | CV40: =(AH40*AV40) -> 79.4673 | CW40: =AI40 -> 0 | CX40: =AJ40 -> 0 | CY40: =(((S40+R40)*BZ40)/100) -> 90.8654 | CZ40: =(((S40+R40)*CA40)/100) -> 37.2955 | DE40: *1,1 | DF40: *1,1 | DG40: *1,1 | DI40: *1,1 | DJ40: *1,1 | DN40: 0 | DO40: 0 | DP40: 1 | DQ40: 1 | DU40: 1013 | DV40: 100 знаков | DW40: 100 знаков | DX40: 1 | EE40: 86330795 | EF40: 30 | EG40: Строительные работы | EH40: 0 | EJ40: 1 | EK40: 167 | EL40: ТСН-2001.3-27. 27-71, 27-72 | EM40: ТСН-2001.3-27-22 | EO40: Попр.12.00.01.11.003 | EQ40: 0 | ER40: 0 | ES40: 0 | ET40: 0 | EU40: 0 | EV40: 841.11 | EW40: 69 | EX40: 0 | EY40: 0 | FQ40: 0 | FR40: 0 | FS40: 0 | FX40: 134 | FY40: 55 | GD40: 1 | GF40: 1866548898 | GG40: 2 | GH40: 0 | GI40: -2 | GJ40: 0 | GK40: 0 | GL40: =ROUND(IF(AND(BH40=3,BI40=3,FS40<>0),P40,0),2) -> 0 | GM40: =ROUND(O40+X40+Y40,2)+GX40 -> 195.98 | GN40: =IF(OR(BI40=0,BI40=1),GM40-GX40,0) -> 195.98 | GO40: =IF(BI40=2,GM40-GX40,0) -> 0 | GP40: =IF(BI40=4,GM40-GX40,0) -> 0 | GR40: 0 | GS40: 3 | GT40: 0 | GV40: =(GT40) -> 0 | GW40: 1 | GX40: =ROUND(HC40*I40,2) -> 0 | HA40: 0 | HB40: 0 | HC40: =GV40*GW40 -> 0 | HS40: 0 | IK40: 0
A41: 17 | B41: 1 | C41: =ROW(SmtRes!A42) -> 42 | D41: =ROW(EtalonRes!A42) -> 42 | E41: 7 | F41: 3.27-72-1 | G41: Установка дополнительных щитков (применительно) | H41: 100 знаков | I41: =ROUND(7/100,9) -> 0.07 | J41: 0 | K41: =ROUND(7/100,9) -> 0.07 | O41: =ROUND(CP41,2) -> 3916.67 | P41: =ROUND(CQ41*I41,2) -> 0 | Q41: =ROUND(CR41*I41,2) -> 0 | R41: =ROUND(CS41*I41,2) -> 0 | S41: =ROUND(CT41*I41,2) -> 3916.67 | T41: =ROUND(CU41*I41,2) -> 0 | U41: =CV41*I41 -> 5.562711 | V41: =CW41*I41 -> 0 | W41: =ROUND(CX41*I41,2) -> 0 | X41: =ROUND(CY41,2) -> 5248.34 | Y41: =ROUND(CZ41,2) -> 2154.17 | AA41: 86511348 | AB41: =(AC41+AD41+AF41) -> 925.221 | AC41: =(ES41) -> 0 | AD41: =((ET41*1.1)) -> 0 | AE41: =((EU41*1.1)) -> 0 | AF41: =((EV41*1.1)) -> 925.221 | AG41: =(AP41) -> 0 | AH41: =((EW41*1.1)) -> 75.9 | AI41: =((EX41*1.1)) -> 0 | AJ41: =(AS41) -> 0 | AK41: 0 | AL41: 0 | AM41: 0 | AN41: 0 | AO41: 841.11 | AP41: 0 | AQ41: 69 | AR41: 0 | AS41: 0 | AT41: 134 | AU41: 55 | AV41: 1.047 | AW41: 1 | AZ41: 1 | BA41: 57.76 | BB41: 1 | BC41: 1.33 | BH41: 0 | BI41: 1 | BJ41: 3.27-72-1 Применительно | BM41: 167 | BN41: 0 | BO41: 3.27-72-1 | BP41: 1 | BQ41: 30 | BR41: 0 | BS41: 57.76 | BT41: 1 | BU41: 1 | BV41: 1 | BW41: 1 | BX41: 1 | BZ41: 134 | CA41: 55 | CE41: 0 | CF41: 0 | CG41: 0 | CM41: 0 | CN41: Поправка:стеснённые условия, пп. "в" | CO41: 0 | CP41: =(P41+Q41+S41) -> 3916.67 | CQ41: =(AC41*BC41*AW41) -> 0 | CR41: =(((ET41*1.1))*BB41*AV41) -> 0 | CS41: =(AE41*BS41*AV41) -> 0 | CT41: =(AF41*BA41*AV41) -> 55952.481 | CU41: =AG41 -> 0 | CV41: =(AH41*AV41) -> 79.4673 | CW41: =AI41 -> 0 | CX41: =AJ41 -> 0 | CY41: =(S41+R41)*(BZ41/100) -> 5248.3378 | CZ41: =(S41+R41)*(CA41/100) -> 2154.1685 | DE41: *1,1 | DF41: *1,1 | DG41: *1,1 | DI41: *1,1 | DJ41: *1,1 | DN41: 134 | DO41: 55 | DP41: 1 | DQ41: 1 | DU41: 1013 | DV41: 100 знаков | DW41: 100 знаков | DX41: 1 | EE41: 86330795 | EF41: 30 | EG41: Строительные работы | EH41: 0 | EJ41: 1 | EK41: 167 | EL41: ТСН-2001.3-27. 27-71, 27-72 | EM41: ТСН-2001.3-27-22 | EO41: Попр.12.00.01.11.003 | EQ41: 0 | ER41: 0 | ES41: 0 | ET41: 0 | EU41: 0 | EV41: 841.11 | EW41: 69 | EX41: 0 | EY41: 0 | FQ41: 0 | FR41: 0 | FS41: 0 | FX41: 134 | FY41: 55 | GD41: 1 | GF41: 1866548898 | GG41: 2 | GH41: 0 | GI41: -2 | GJ41: 0 | GK41: 0 | GL41: =ROUND(IF(AND(BH41=3,BI41=3,FS41<>0),P41,0),2) -> 0 | GM41: =ROUND(O41+X41+Y41,2)+GX41 -> 11319.18 | GN41: =IF(OR(BI41=0,BI41=1),GM41-GX41,0) -> 11319.18 | GO41: =IF(BI41=2,GM41-GX41,0) -> 0 | GP41: =IF(BI41=4,GM41-GX41,0) -> 0 | GR41: 0 | GS41: 3 | GT41: 0 | GV41: =(GT41) -> 0 | GW41: 1.33 | GX41: =ROUND(HC41*I41,2) -> 0 | HA41: 0 | HB41: 0 | HC41: =GV41*GW41 -> 0 | HS41: 0 | IK41: 0
A42: 17 | B42: 1 | C42: =ROW(SmtRes!A45) -> 45 | D42: =ROW(EtalonRes!A45) -> 45 | E42: 8 | F42: 3.27-72-1 | G42: Установка дополнительных щитков (применительно) | H42: 100 знаков | I42: =ROUND(2/100,9) -> 0.02 | J42: 0 | K42: =ROUND(2/100,9) -> 0.02 | O42: =ROUND(CP42,2) -> 19.37 | P42: =ROUND(CQ42*I42,2) -> 0 | Q42: =ROUND(CR42*I42,2) -> 0 | R42: =ROUND(CS42*I42,2) -> 0 | S42: =ROUND(CT42*I42,2) -> 19.37 | T42: =ROUND(CU42*I42,2) -> 0 | U42: =CV42*I42 -> 1.589346 | V42: =CW42*I42 -> 0 | W42: =ROUND(CX42*I42,2) -> 0 | X42: =ROUND(CY42,2) -> 25.96 | Y42: =ROUND(CZ42,2) -> 10.65 | AA42: 86511347 | AB42: =(AC42+AD42+AF42) -> 925.221 | AC42: =(ES42) -> 0 | AD42: =((ET42*1.1)) -> 0 | AE42: =((EU42*1.1)) -> 0 | AF42: =((EV42*1.1)) -> 925.221 | AG42: =(AP42) -> 0 | AH42: =((EW42*1.1)) -> 75.9 | AI42: =((EX42*1.1)) -> 0 | AJ42: =(AS42) -> 0 | AK42: 0 | AL42: 0 | AM42: 0 | AN42: 0 | AO42: 841.11 | AP42: 0 | AQ42: 69 | AR42: 0 | AS42: 0 | AT42: 134 | AU42: 55 | AV42: 1.047 | AW42: 1 | AZ42: 1 | BA42: 1 | BB42: 1 | BC42: 1 | BH42: 0 | BI42: 1 | BJ42: 3.27-72-1 Применительно | BM42: 167 | BN42: 0 | BO42: 3.27-72-1 | BP42: 1 | BQ42: 30 | BR42: 0 | BS42: 1 | BT42: 1 | BU42: 1 | BV42: 1 | BW42: 1 | BX42: 1 | BZ42: 134 | CA42: 55 | CE42: 0 | CF42: 0 | CG42: 0 | CM42: 0 | CN42: Поправка:стеснённые условия, пп. "в" | CO42: 0 | CP42: =(P42+Q42+S42) -> 19.37 | CQ42: =(AC42*BC42*AW42) -> 0 | CR42: =(((ET42*1.1))*BB42*AV42) -> 0 | CS42: =(AE42*BS42*AV42) -> 0 | CT42: =(AF42*BA42*AV42) -> 968.70639 | CU42: =AG42 -> 0 | CV42: =(AH42*AV42) -> 79.4673 | CW42: =AI42 -> 0 | CX42: =AJ42 -> 0 | CY42: =(((S42+R42)*BZ42)/100) -> 25.9558 | CZ42: =(((S42+R42)*CA42)/100) -> 10.6535 | DE42: *1,1 | DF42: *1,1 | DG42: *1,1 | DI42: *1,1 | DJ42: *1,1 | DN42: 0 | DO42: 0 | DP42: 1 | DQ42: 1 | DU42: 1013 | DV42: 100 знаков | DW42: 100 знаков | DX42: 1 | EE42: 86330795 | EF42: 30 | EG42: Строительные работы | EH42: 0 | EJ42: 1 | EK42: 167 | EL42: ТСН-2001.3-27. 27-71, 27-72 | EM42: ТСН-2001.3-27-22 | EO42: Попр.12.00.01.11.003 | EQ42: 0 | ER42: 0 | ES42: 0 | ET42: 0 | EU42: 0 | EV42: 841.11 | EW42: 69 | EX42: 0 | EY42: 0 | FQ42: 0 | FR42: 0 | FS42: 0 | FX42: 134 | FY42: 55 | GD42: 1 | GF42: 771577698 | GG42: 2 | GH42: 0 | GI42: -2 | GJ42: 0 | GK42: 0 | GL42: =ROUND(IF(AND(BH42=3,BI42=3,FS42<>0),P42,0),2) -> 0 | GM42: =ROUND(O42+X42+Y42,2)+GX42 -> 55.98 | GN42: =IF(OR(BI42=0,BI42=1),GM42-GX42,0) -> 55.98 | GO42: =IF(BI42=2,GM42-GX42,0) -> 0 | GP42: =IF(BI42=4,GM42-GX42,0) -> 0 | GR42: 0 | GS42: 3 | GT42: 0 | GV42: =(GT42) -> 0 | GW42: 1 | GX42: =ROUND(HC42*I42,2) -> 0 | HA42: 0 | HB42: 0 | HC42: =GV42*GW42 -> 0 | HS42: 0 | IK42: 0
A43: 17 | B43: 1 | C43: =ROW(SmtRes!A48) -> 48 | D43: =ROW(EtalonRes!A48) -> 48 | E43: 8 | F43: 3.27-72-1 | G43: Установка дополнительных щитков (применительно) | H43: 100 знаков | I43: =ROUND(2/100,9) -> 0.02 | J43: 0 | K43: =ROUND(2/100,9) -> 0.02 | O43: =ROUND(CP43,2) -> 1119.05 | P43: =ROUND(CQ43*I43,2) -> 0 | Q43: =ROUND(CR43*I43,2) -> 0 | R43: =ROUND(CS43*I43,2) -> 0 | S43: =ROUND(CT43*I43,2) -> 1119.05 | T43: =ROUND(CU43*I43,2) -> 0 | U43: =CV43*I43 -> 1.589346 | V43: =CW43*I43 -> 0 | W43: =ROUND(CX43*I43,2) -> 0 | X43: =ROUND(CY43,2) -> 1499.53 | Y43: =ROUND(CZ43,2) -> 615.48 | AA43: 86511348 | AB43: =(AC43+AD43+AF43) -> 925.221 | AC43: =(ES43) -> 0 | AD43: =((ET43*1.1)) -> 0 | AE43: =((EU43*1.1)) -> 0 | AF43: =((EV43*1.1)) -> 925.221 | AG43: =(AP43) -> 0 | AH43: =((EW43*1.1)) -> 75.9 | AI43: =((EX43*1.1)) -> 0 | AJ43: =(AS43) -> 0 | AK43: 0 | AL43: 0 | AM43: 0 | AN43: 0 | AO43: 841.11 | AP43: 0 | AQ43: 69 | AR43: 0 | AS43: 0 | AT43: 134 | AU43: 55 | AV43: 1.047 | AW43: 1 | AZ43: 1 | BA43: 57.76 | BB43: 1 | BC43: 1.33 | BH43: 0 | BI43: 1 | BJ43: 3.27-72-1 Применительно | BM43: 167 | BN43: 0 | BO43: 3.27-72-1 | BP43: 1 | BQ43: 30 | BR43: 0 | BS43: 57.76 | BT43: 1 | BU43: 1 | BV43: 1 | BW43: 1 | BX43: 1 | BZ43: 134 | CA43: 55 | CE43: 0 | CF43: 0 | CG43: 0 | CM43: 0 | CN43: Поправка:стеснённые условия, пп. "в" | CO43: 0 | CP43: =(P43+Q43+S43) -> 1119.05 | CQ43: =(AC43*BC43*AW43) -> 0 | CR43: =(((ET43*1.1))*BB43*AV43) -> 0 | CS43: =(AE43*BS43*AV43) -> 0 | CT43: =(AF43*BA43*AV43) -> 55952.481 | CU43: =AG43 -> 0 | CV43: =(AH43*AV43) -> 79.4673 | CW43: =AI43 -> 0 | CX43: =AJ43 -> 0 | CY43: =(S43+R43)*(BZ43/100) -> 1499.527 | CZ43: =(S43+R43)*(CA43/100) -> 615.4775 | DE43: *1,1 | DF43: *1,1 | DG43: *1,1 | DI43: *1,1 | DJ43: *1,1 | DN43: 134 | DO43: 55 | DP43: 1 | DQ43: 1 | DU43: 1013 | DV43: 100 знаков | DW43: 100 знаков | DX43: 1 | EE43: 86330795 | EF43: 30 | EG43: Строительные работы | EH43: 0 | EJ43: 1 | EK43: 167 | EL43: ТСН-2001.3-27. 27-71, 27-72 | EM43: ТСН-2001.3-27-22 | EO43: Попр.12.00.01.11.003 | EQ43: 0 | ER43: 0 | ES43: 0 | ET43: 0 | EU43: 0 | EV43: 841.11 | EW43: 69 | EX43: 0 | EY43: 0 | FQ43: 0 | FR43: 0 | FS43: 0 | FX43: 134 | FY43: 55 | GD43: 1 | GF43: 771577698 | GG43: 2 | GH43: 0 | GI43: -2 | GJ43: 0 | GK43: 0 | GL43: =ROUND(IF(AND(BH43=3,BI43=3,FS43<>0),P43,0),2) -> 0 | GM43: =ROUND(O43+X43+Y43,2)+GX43 -> 3234.06 | GN43: =IF(OR(BI43=0,BI43=1),GM43-GX43,0) -> 3234.06 | GO43: =IF(BI43=2,GM43-GX43,0) -> 0 | GP43: =IF(BI43=4,GM43-GX43,0) -> 0 | GR43: 0 | GS43: 3 | GT43: 0 | GV43: =(GT43) -> 0 | GW43: 1.33 | GX43: =ROUND(HC43*I43,2) -> 0 | HA43: 0 | HB43: 0 | HC43: =GV43*GW43 -> 0 | HS43: 0 | IK43: 0
A44: 17 | B44: 1 | C44: =ROW(SmtRes!A51) -> 51 | D44: =ROW(EtalonRes!A51) -> 51 | E44: 9 | F44: 3.27-72-1 | G44: Установка дополнительных щитков (применительно) | H44: 100 знаков | I44: =ROUND(1/100,9) -> 0.01 | J44: 0 | K44: =ROUND(1/100,9) -> 0.01 | O44: =ROUND(CP44,2) -> 9.69 | P44: =ROUND(CQ44*I44,2) -> 0 | Q44: =ROUND(CR44*I44,2) -> 0 | R44: =ROUND(CS44*I44,2) -> 0 | S44: =ROUND(CT44*I44,2) -> 9.69 | T44: =ROUND(CU44*I44,2) -> 0 | U44: =CV44*I44 -> 0.794673 | V44: =CW44*I44 -> 0 | W44: =ROUND(CX44*I44,2) -> 0 | X44: =ROUND(CY44,2) -> 12.98 | Y44: =ROUND(CZ44,2) -> 5.33 | AA44: 86511347 | AB44: =(AC44+AD44+AF44) -> 925.221 | AC44: =(ES44) -> 0 | AD44: =((ET44*1.1)) -> 0 | AE44: =((EU44*1.1)) -> 0 | AF44: =((EV44*1.1)) -> 925.221 | AG44: =(AP44) -> 0 | AH44: =((EW44*1.1)) -> 75.9 | AI44: =((EX44*1.1)) -> 0 | AJ44: =(AS44) -> 0 | AK44: 0 | AL44: 0 | AM44: 0 | AN44: 0 | AO44: 841.11 | AP44: 0 | AQ44: 69 | AR44: 0 | AS44: 0 | AT44: 134 | AU44: 55 | AV44: 1.047 | AW44: 1 | AZ44: 1 | BA44: 1 | BB44: 1 | BC44: 1 | BH44: 0 | BI44: 1 | BJ44: 3.27-72-1 Применительно | BM44: 167 | BN44: 0 | BO44: 3.27-72-1 | BP44: 1 | BQ44: 30 | BR44: 0 | BS44: 1 | BT44: 1 | BU44: 1 | BV44: 1 | BW44: 1 | BX44: 1 | BZ44: 134 | CA44: 55 | CE44: 0 | CF44: 0 | CG44: 0 | CM44: 0 | CN44: Поправка:стеснённые условия, пп. "в" | CO44: 0 | CP44: =(P44+Q44+S44) -> 9.69 | CQ44: =(AC44*BC44*AW44) -> 0 | CR44: =(((ET44*1.1))*BB44*AV44) -> 0 | CS44: =(AE44*BS44*AV44) -> 0 | CT44: =(AF44*BA44*AV44) -> 968.70639 | CU44: =AG44 -> 0 | CV44: =(AH44*AV44) -> 79.4673 | CW44: =AI44 -> 0 | CX44: =AJ44 -> 0 | CY44: =(((S44+R44)*BZ44)/100) -> 12.9846 | CZ44: =(((S44+R44)*CA44)/100) -> 5.3295 | DE44: *1,1 | DF44: *1,1 | DG44: *1,1 | DI44: *1,1 | DJ44: *1,1 | DN44: 0 | DO44: 0 | DP44: 1 | DQ44: 1 | DU44: 1013 | DV44: 100 знаков | DW44: 100 знаков | DX44: 1 | EE44: 86330795 | EF44: 30 | EG44: Строительные работы | EH44: 0 | EJ44: 1 | EK44: 167 | EL44: ТСН-2001.3-27. 27-71, 27-72 | EM44: ТСН-2001.3-27-22 | EO44: Попр.12.00.01.11.003 | EQ44: 0 | ER44: 0 | ES44: 0 | ET44: 0 | EU44: 0 | EV44: 841.11 | EW44: 69 | EX44: 0 | EY44: 0 | FQ44: 0 | FR44: 0 | FS44: 0 | FX44: 134 | FY44: 55 | GD44: 1 | GF44: 1839706674 | GG44: 2 | GH44: 0 | GI44: -2 | GJ44: 0 | GK44: 0 | GL44: =ROUND(IF(AND(BH44=3,BI44=3,FS44<>0),P44,0),2) -> 0 | GM44: =ROUND(O44+X44+Y44,2)+GX44 -> 28 | GN44: =IF(OR(BI44=0,BI44=1),GM44-GX44,0) -> 28 | GO44: =IF(BI44=2,GM44-GX44,0) -> 0 | GP44: =IF(BI44=4,GM44-GX44,0) -> 0 | GR44: 0 | GS44: 3 | GT44: 0 | GV44: =(GT44) -> 0 | GW44: 1 | GX44: =ROUND(HC44*I44,2) -> 0 | HA44: 0 | HB44: 0 | HC44: =GV44*GW44 -> 0 | HS44: 0 | IK44: 0
A45: 17 | B45: 1 | C45: =ROW(SmtRes!A54) -> 54 | D45: =ROW(EtalonRes!A54) -> 54 | E45: 9 | F45: 3.27-72-1 | G45: Установка дополнительных щитков (применительно) | H45: 100 знаков | I45: =ROUND(1/100,9) -> 0.01 | J45: 0 | K45: =ROUND(1/100,9) -> 0.01 | O45: =ROUND(CP45,2) -> 559.52 | P45: =ROUND(CQ45*I45,2) -> 0 | Q45: =ROUND(CR45*I45,2) -> 0 | R45: =ROUND(CS45*I45,2) -> 0 | S45: =ROUND(CT45*I45,2) -> 559.52 | T45: =ROUND(CU45*I45,2) -> 0 | U45: =CV45*I45 -> 0.794673 | V45: =CW45*I45 -> 0 | W45: =ROUND(CX45*I45,2) -> 0 | X45: =ROUND(CY45,2) -> 749.76 | Y45: =ROUND(CZ45,2) -> 307.74 | AA45: 86511348 | AB45: =(AC45+AD45+AF45) -> 925.221 | AC45: =(ES45) -> 0 | AD45: =((ET45*1.1)) -> 0 | AE45: =((EU45*1.1)) -> 0 | AF45: =((EV45*1.1)) -> 925.221 | AG45: =(AP45) -> 0 | AH45: =((EW45*1.1)) -> 75.9 | AI45: =((EX45*1.1)) -> 0 | AJ45: =(AS45) -> 0 | AK45: 0 | AL45: 0 | AM45: 0 | AN45: 0 | AO45: 841.11 | AP45: 0 | AQ45: 69 | AR45: 0 | AS45: 0 | AT45: 134 | AU45: 55 | AV45: 1.047 | AW45: 1 | AZ45: 1 | BA45: 57.76 | BB45: 1 | BC45: 1.33 | BH45: 0 | BI45: 1 | BJ45: 3.27-72-1 Применительно | BM45: 167 | BN45: 0 | BO45: 3.27-72-1 | BP45: 1 | BQ45: 30 | BR45: 0 | BS45: 57.76 | BT45: 1 | BU45: 1 | BV45: 1 | BW45: 1 | BX45: 1 | BZ45: 134 | CA45: 55 | CE45: 0 | CF45: 0 | CG45: 0 | CM45: 0 | CN45: Поправка:стеснённые условия, пп. "в" | CO45: 0 | CP45: =(P45+Q45+S45) -> 559.52 | CQ45: =(AC45*BC45*AW45) -> 0 | CR45: =(((ET45*1.1))*BB45*AV45) -> 0 | CS45: =(AE45*BS45*AV45) -> 0 | CT45: =(AF45*BA45*AV45) -> 55952.481 | CU45: =AG45 -> 0 | CV45: =(AH45*AV45) -> 79.4673 | CW45: =AI45 -> 0 | CX45: =AJ45 -> 0 | CY45: =(S45+R45)*(BZ45/100) -> 749.7568 | CZ45: =(S45+R45)*(CA45/100) -> 307.736 | DE45: *1,1 | DF45: *1,1 | DG45: *1,1 | DI45: *1,1 | DJ45: *1,1 | DN45: 134 | DO45: 55 | DP45: 1 | DQ45: 1 | DU45: 1013 | DV45: 100 знаков | DW45: 100 знаков | DX45: 1 | EE45: 86330795 | EF45: 30 | EG45: Строительные работы | EH45: 0 | EJ45: 1 | EK45: 167 | EL45: ТСН-2001.3-27. 27-71, 27-72 | EM45: ТСН-2001.3-27-22 | EO45: Попр.12.00.01.11.003 | EQ45: 0 | ER45: 0 | ES45: 0 | ET45: 0 | EU45: 0 | EV45: 841.11 | EW45: 69 | EX45: 0 | EY45: 0 | FQ45: 0 | FR45: 0 | FS45: 0 | FX45: 134 | FY45: 55 | GD45: 1 | GF45: 1839706674 | GG45: 2 | GH45: 0 | GI45: -2 | GJ45: 0 | GK45: 0 | GL45: =ROUND(IF(AND(BH45=3,BI45=3,FS45<>0),P45,0),2) -> 0 | GM45: =ROUND(O45+X45+Y45,2)+GX45 -> 1617.02 | GN45: =IF(OR(BI45=0,BI45=1),GM45-GX45,0) -> 1617.02 | GO45: =IF(BI45=2,GM45-GX45,0) -> 0 | GP45: =IF(BI45=4,GM45-GX45,0) -> 0 | GR45: 0 | GS45: 3 | GT45: 0 | GV45: =(GT45) -> 0 | GW45: 1.33 | GX45: =ROUND(HC45*I45,2) -> 0 | HA45: 0 | HB45: 0 | HC45: =GV45*GW45 -> 0 | HS45: 0 | IK45: 0
A46: 17 | B46: 1 | C46: =ROW(SmtRes!A57) -> 57 | D46: =ROW(EtalonRes!A57) -> 57 | E46: 10 | F46: 3.27-72-1 | G46: Установка дополнительных щитков (применительно) | H46: 100 знаков | I46: =ROUND(9/100,9) -> 0.09 | J46: 0 | K46: =ROUND(9/100,9) -> 0.09 | O46: =ROUND(CP46,2) -> 87.18 | P46: =ROUND(CQ46*I46,2) -> 0 | Q46: =ROUND(CR46*I46,2) -> 0 | R46: =ROUND(CS46*I46,2) -> 0 | S46: =ROUND(CT46*I46,2) -> 87.18 | T46: =ROUND(CU46*I46,2) -> 0 | U46: =CV46*I46 -> 7.152057 | V46: =CW46*I46 -> 0 | W46: =ROUND(CX46*I46,2) -> 0 | X46: =ROUND(CY46,2) -> 116.82 | Y46: =ROUND(CZ46,2) -> 47.95 | AA46: 86511347 | AB46: =(AC46+AD46+AF46) -> 925.221 | AC46: =(ES46) -> 0 | AD46: =((ET46*1.1)) -> 0 | AE46: =((EU46*1.1)) -> 0 | AF46: =((EV46*1.1)) -> 925.221 | AG46: =(AP46) -> 0 | AH46: =((EW46*1.1)) -> 75.9 | AI46: =((EX46*1.1)) -> 0 | AJ46: =(AS46) -> 0 | AK46: 0 | AL46: 0 | AM46: 0 | AN46: 0 | AO46: 841.11 | AP46: 0 | AQ46: 69 | AR46: 0 | AS46: 0 | AT46: 134 | AU46: 55 | AV46: 1.047 | AW46: 1 | AZ46: 1 | BA46: 1 | BB46: 1 | BC46: 1 | BH46: 0 | BI46: 1 | BJ46: 3.27-72-1 Применительно | BM46: 167 | BN46: 0 | BO46: 3.27-72-1 | BP46: 1 | BQ46: 30 | BR46: 0 | BS46: 1 | BT46: 1 | BU46: 1 | BV46: 1 | BW46: 1 | BX46: 1 | BZ46: 134 | CA46: 55 | CE46: 0 | CF46: 0 | CG46: 0 | CM46: 0 | CN46: Поправка:стеснённые условия, пп. "в" | CO46: 0 | CP46: =(P46+Q46+S46) -> 87.18 | CQ46: =(AC46*BC46*AW46) -> 0 | CR46: =(((ET46*1.1))*BB46*AV46) -> 0 | CS46: =(AE46*BS46*AV46) -> 0 | CT46: =(AF46*BA46*AV46) -> 968.70639 | CU46: =AG46 -> 0 | CV46: =(AH46*AV46) -> 79.4673 | CW46: =AI46 -> 0 | CX46: =AJ46 -> 0 | CY46: =(((S46+R46)*BZ46)/100) -> 116.8212 | CZ46: =(((S46+R46)*CA46)/100) -> 47.949 | DE46: *1,1 | DF46: *1,1 | DG46: *1,1 | DI46: *1,1 | DJ46: *1,1 | DN46: 0 | DO46: 0 | DP46: 1 | DQ46: 1 | DU46: 1013 | DV46: 100 знаков | DW46: 100 знаков | DX46: 1 | EE46: 86330795 | EF46: 30 | EG46: Строительные работы | EH46: 0 | EJ46: 1 | EK46: 167 | EL46: ТСН-2001.3-27. 27-71, 27-72 | EM46: ТСН-2001.3-27-22 | EO46: Попр.12.00.01.11.003 | EQ46: 0 | ER46: 0 | ES46: 0 | ET46: 0 | EU46: 0 | EV46: 841.11 | EW46: 69 | EX46: 0 | EY46: 0 | FQ46: 0 | FR46: 0 | FS46: 0 | FX46: 134 | FY46: 55 | GD46: 1 | GF46: 430165812 | GG46: 2 | GH46: 0 | GI46: -2 | GJ46: 0 | GK46: 0 | GL46: =ROUND(IF(AND(BH46=3,BI46=3,FS46<>0),P46,0),2) -> 0 | GM46: =ROUND(O46+X46+Y46,2)+GX46 -> 251.95 | GN46: =IF(OR(BI46=0,BI46=1),GM46-GX46,0) -> 251.95 | GO46: =IF(BI46=2,GM46-GX46,0) -> 0 | GP46: =IF(BI46=4,GM46-GX46,0) -> 0 | GR46: 0 | GS46: 3 | GT46: 0 | GV46: =(GT46) -> 0 | GW46: 1 | GX46: =ROUND(HC46*I46,2) -> 0 | HA46: 0 | HB46: 0 | HC46: =GV46*GW46 -> 0 | HS46: 0 | IK46: 0
A47: 17 | B47: 1 | C47: =ROW(SmtRes!A60) -> 60 | D47: =ROW(EtalonRes!A60) -> 60 | E47: 10 | F47: 3.27-72-1 | G47: Установка дополнительных щитков (применительно) | H47: 100 знаков | I47: =ROUND(9/100,9) -> 0.09 | J47: 0 | K47: =ROUND(9/100,9) -> 0.09 | O47: =ROUND(CP47,2) -> 5035.72 | P47: =ROUND(CQ47*I47,2) -> 0 | Q47: =ROUND(CR47*I47,2) -> 0 | R47: =ROUND(CS47*I47,2) -> 0 | S47: =ROUND(CT47*I47,2) -> 5035.72 | T47: =ROUND(CU47*I47,2) -> 0 | U47: =CV47*I47 -> 7.152057 | V47: =CW47*I47 -> 0 | W47: =ROUND(CX47*I47,2) -> 0 | X47: =ROUND(CY47,2) -> 6747.86 | Y47: =ROUND(CZ47,2) -> 2769.65 | AA47: 86511348 | AB47: =(AC47+AD47+AF47) -> 925.221 | AC47: =(ES47) -> 0 | AD47: =((ET47*1.1)) -> 0 | AE47: =((EU47*1.1)) -> 0 | AF47: =((EV47*1.1)) -> 925.221 | AG47: =(AP47) -> 0 | AH47: =((EW47*1.1)) -> 75.9 | AI47: =((EX47*1.1)) -> 0 | AJ47: =(AS47) -> 0 | AK47: 0 | AL47: 0 | AM47: 0 | AN47: 0 | AO47: 841.11 | AP47: 0 | AQ47: 69 | AR47: 0 | AS47: 0 | AT47: 134 | AU47: 55 | AV47: 1.047 | AW47: 1 | AZ47: 1 | BA47: 57.76 | BB47: 1 | BC47: 1.33 | BH47: 0 | BI47: 1 | BJ47: 3.27-72-1 Применительно | BM47: 167 | BN47: 0 | BO47: 3.27-72-1 | BP47: 1 | BQ47: 30 | BR47: 0 | BS47: 57.76 | BT47: 1 | BU47: 1 | BV47: 1 | BW47: 1 | BX47: 1 | BZ47: 134 | CA47: 55 | CE47: 0 | CF47: 0 | CG47: 0 | CM47: 0 | CN47: Поправка:стеснённые условия, пп. "в" | CO47: 0 | CP47: =(P47+Q47+S47) -> 5035.72 | CQ47: =(AC47*BC47*AW47) -> 0 | CR47: =(((ET47*1.1))*BB47*AV47) -> 0 | CS47: =(AE47*BS47*AV47) -> 0 | CT47: =(AF47*BA47*AV47) -> 55952.481 | CU47: =AG47 -> 0 | CV47: =(AH47*AV47) -> 79.4673 | CW47: =AI47 -> 0 | CX47: =AJ47 -> 0 | CY47: =(S47+R47)*(BZ47/100) -> 6747.8648 | CZ47: =(S47+R47)*(CA47/100) -> 2769.646 | DE47: *1,1 | DF47: *1,1 | DG47: *1,1 | DI47: *1,1 | DJ47: *1,1 | DN47: 134 | DO47: 55 | DP47: 1 | DQ47: 1 | DU47: 1013 | DV47: 100 знаков | DW47: 100 знаков | DX47: 1 | EE47: 86330795 | EF47: 30 | EG47: Строительные работы | EH47: 0 | EJ47: 1 | EK47: 167 | EL47: ТСН-2001.3-27. 27-71, 27-72 | EM47: ТСН-2001.3-27-22 | EO47: Попр.12.00.01.11.003 | EQ47: 0 | ER47: 0 | ES47: 0 | ET47: 0 | EU47: 0 | EV47: 841.11 | EW47: 69 | EX47: 0 | EY47: 0 | FQ47: 0 | FR47: 0 | FS47: 0 | FX47: 134 | FY47: 55 | GD47: 1 | GF47: 430165812 | GG47: 2 | GH47: 0 | GI47: -2 | GJ47: 0 | GK47: 0 | GL47: =ROUND(IF(AND(BH47=3,BI47=3,FS47<>0),P47,0),2) -> 0 | GM47: =ROUND(O47+X47+Y47,2)+GX47 -> 14553.23 | GN47: =IF(OR(BI47=0,BI47=1),GM47-GX47,0) -> 14553.23 | GO47: =IF(BI47=2,GM47-GX47,0) -> 0 | GP47: =IF(BI47=4,GM47-GX47,0) -> 0 | GR47: 0 | GS47: 3 | GT47: 0 | GV47: =(GT47) -> 0 | GW47: 1.33 | GX47: =ROUND(HC47*I47,2) -> 0 | HA47: 0 | HB47: 0 | HC47: =GV47*GW47 -> 0 | HS47: 0 | IK47: 0
A48: 17 | B48: 1 | C48: =ROW(SmtRes!A63) -> 63 | D48: =ROW(EtalonRes!A63) -> 63 | E48: 11 | F48: 3.27-72-1 | G48: Установка дополнительных щитков (применительно) | H48: 100 знаков | I48: =ROUND(9/100,9) -> 0.09 | J48: 0 | K48: =ROUND(9/100,9) -> 0.09 | O48: =ROUND(CP48,2) -> 87.18 | P48: =ROUND(CQ48*I48,2) -> 0 | Q48: =ROUND(CR48*I48,2) -> 0 | R48: =ROUND(CS48*I48,2) -> 0 | S48: =ROUND(CT48*I48,2) -> 87.18 | T48: =ROUND(CU48*I48,2) -> 0 | U48: =CV48*I48 -> 7.152057 | V48: =CW48*I48 -> 0 | W48: =ROUND(CX48*I48,2) -> 0 | X48: =ROUND(CY48,2) -> 116.82 | Y48: =ROUND(CZ48,2) -> 47.95 | AA48: 86511347 | AB48: =(AC48+AD48+AF48) -> 925.221 | AC48: =(ES48) -> 0 | AD48: =((ET48*1.1)) -> 0 | AE48: =((EU48*1.1)) -> 0 | AF48: =((EV48*1.1)) -> 925.221 | AG48: =(AP48) -> 0 | AH48: =((EW48*1.1)) -> 75.9 | AI48: =((EX48*1.1)) -> 0 | AJ48: =(AS48) -> 0 | AK48: 0 | AL48: 0 | AM48: 0 | AN48: 0 | AO48: 841.11 | AP48: 0 | AQ48: 69 | AR48: 0 | AS48: 0 | AT48: 134 | AU48: 55 | AV48: 1.047 | AW48: 1 | AZ48: 1 | BA48: 1 | BB48: 1 | BC48: 1 | BH48: 0 | BI48: 1 | BJ48: 3.27-72-1 Применительно | BM48: 167 | BN48: 0 | BO48: 3.27-72-1 | BP48: 1 | BQ48: 30 | BR48: 0 | BS48: 1 | BT48: 1 | BU48: 1 | BV48: 1 | BW48: 1 | BX48: 1 | BZ48: 134 | CA48: 55 | CE48: 0 | CF48: 0 | CG48: 0 | CM48: 0 | CN48: Поправка:стеснённые условия, пп. "в" | CO48: 0 | CP48: =(P48+Q48+S48) -> 87.18 | CQ48: =(AC48*BC48*AW48) -> 0 | CR48: =(((ET48*1.1))*BB48*AV48) -> 0 | CS48: =(AE48*BS48*AV48) -> 0 | CT48: =(AF48*BA48*AV48) -> 968.70639 | CU48: =AG48 -> 0 | CV48: =(AH48*AV48) -> 79.4673 | CW48: =AI48 -> 0 | CX48: =AJ48 -> 0 | CY48: =(((S48+R48)*BZ48)/100) -> 116.8212 | CZ48: =(((S48+R48)*CA48)/100) -> 47.949 | DE48: *1,1 | DF48: *1,1 | DG48: *1,1 | DI48: *1,1 | DJ48: *1,1 | DN48: 0 | DO48: 0 | DP48: 1 | DQ48: 1 | DU48: 1013 | DV48: 100 знаков | DW48: 100 знаков | DX48: 1 | EE48: 86330795 | EF48: 30 | EG48: Строительные работы | EH48: 0 | EJ48: 1 | EK48: 167 | EL48: ТСН-2001.3-27. 27-71, 27-72 | EM48: ТСН-2001.3-27-22 | EO48: Попр.12.00.01.11.003 | EQ48: 0 | ER48: 0 | ES48: 0 | ET48: 0 | EU48: 0 | EV48: 841.11 | EW48: 69 | EX48: 0 | EY48: 0 | FQ48: 0 | FR48: 0 | FS48: 0 | FX48: 134 | FY48: 55 | GD48: 1 | GF48: -973532119 | GG48: 2 | GH48: 0 | GI48: -2 | GJ48: 0 | GK48: 0 | GL48: =ROUND(IF(AND(BH48=3,BI48=3,FS48<>0),P48,0),2) -> 0 | GM48: =ROUND(O48+X48+Y48,2)+GX48 -> 251.95 | GN48: =IF(OR(BI48=0,BI48=1),GM48-GX48,0) -> 251.95 | GO48: =IF(BI48=2,GM48-GX48,0) -> 0 | GP48: =IF(BI48=4,GM48-GX48,0) -> 0 | GR48: 0 | GS48: 3 | GT48: 0 | GV48: =(GT48) -> 0 | GW48: 1 | GX48: =ROUND(HC48*I48,2) -> 0 | HA48: 0 | HB48: 0 | HC48: =GV48*GW48 -> 0 | HS48: 0 | IK48: 0
A49: 17 | B49: 1 | C49: =ROW(SmtRes!A66) -> 66 | D49: =ROW(EtalonRes!A66) -> 66 | E49: 11 | F49: 3.27-72-1 | G49: Установка дополнительных щитков (применительно) | H49: 100 знаков | I49: =ROUND(9/100,9) -> 0.09 | J49: 0 | K49: =ROUND(9/100,9) -> 0.09 | O49: =ROUND(CP49,2) -> 5035.72 | P49: =ROUND(CQ49*I49,2) -> 0 | Q49: =ROUND(CR49*I49,2) -> 0 | R49: =ROUND(CS49*I49,2) -> 0 | S49: =ROUND(CT49*I49,2) -> 5035.72 | T49: =ROUND(CU49*I49,2) -> 0 | U49: =CV49*I49 -> 7.152057 | V49: =CW49*I49 -> 0 | W49: =ROUND(CX49*I49,2) -> 0 | X49: =ROUND(CY49,2) -> 6747.86 | Y49: =ROUND(CZ49,2) -> 2769.65 | AA49: 86511348 | AB49: =(AC49+AD49+AF49) -> 925.221 | AC49: =(ES49) -> 0 | AD49: =((ET49*1.1)) -> 0 | AE49: =((EU49*1.1)) -> 0 | AF49: =((EV49*1.1)) -> 925.221 | AG49: =(AP49) -> 0 | AH49: =((EW49*1.1)) -> 75.9 | AI49: =((EX49*1.1)) -> 0 | AJ49: =(AS49) -> 0 | AK49: 0 | AL49: 0 | AM49: 0 | AN49: 0 | AO49: 841.11 | AP49: 0 | AQ49: 69 | AR49: 0 | AS49: 0 | AT49: 134 | AU49: 55 | AV49: 1.047 | AW49: 1 | AZ49: 1 | BA49: 57.76 | BB49: 1 | BC49: 1.33 | BH49: 0 | BI49: 1 | BJ49: 3.27-72-1 Применительно | BM49: 167 | BN49: 0 | BO49: 3.27-72-1 | BP49: 1 | BQ49: 30 | BR49: 0 | BS49: 57.76 | BT49: 1 | BU49: 1 | BV49: 1 | BW49: 1 | BX49: 1 | BZ49: 134 | CA49: 55 | CE49: 0 | CF49: 0 | CG49: 0 | CM49: 0 | CN49: Поправка:стеснённые условия, пп. "в" | CO49: 0 | CP49: =(P49+Q49+S49) -> 5035.72 | CQ49: =(AC49*BC49*AW49) -> 0 | CR49: =(((ET49*1.1))*BB49*AV49) -> 0 | CS49: =(AE49*BS49*AV49) -> 0 | CT49: =(AF49*BA49*AV49) -> 55952.481 | CU49: =AG49 -> 0 | CV49: =(AH49*AV49) -> 79.4673 | CW49: =AI49 -> 0 | CX49: =AJ49 -> 0 | CY49: =(S49+R49)*(BZ49/100) -> 6747.8648 | CZ49: =(S49+R49)*(CA49/100) -> 2769.646 | DE49: *1,1 | DF49: *1,1 | DG49: *1,1 | DI49: *1,1 | DJ49: *1,1 | DN49: 134 | DO49: 55 | DP49: 1 | DQ49: 1 | DU49: 1013 | DV49: 100 знаков | DW49: 100 знаков | DX49: 1 | EE49: 86330795 | EF49: 30 | EG49: Строительные работы | EH49: 0 | EJ49: 1 | EK49: 167 | EL49: ТСН-2001.3-27. 27-71, 27-72 | EM49: ТСН-2001.3-27-22 | EO49: Попр.12.00.01.11.003 | EQ49: 0 | ER49: 0 | ES49: 0 | ET49: 0 | EU49: 0 | EV49: 841.11 | EW49: 69 | EX49: 0 | EY49: 0 | FQ49: 0 | FR49: 0 | FS49: 0 | FX49: 134 | FY49: 55 | GD49: 1 | GF49: -973532119 | GG49: 2 | GH49: 0 | GI49: -2 | GJ49: 0 | GK49: 0 | GL49: =ROUND(IF(AND(BH49=3,BI49=3,FS49<>0),P49,0),2) -> 0 | GM49: =ROUND(O49+X49+Y49,2)+GX49 -> 14553.23 | GN49: =IF(OR(BI49=0,BI49=1),GM49-GX49,0) -> 14553.23 | GO49: =IF(BI49=2,GM49-GX49,0) -> 0 | GP49: =IF(BI49=4,GM49-GX49,0) -> 0 | GR49: 0 | GS49: 3 | GT49: 0 | GV49: =(GT49) -> 0 | GW49: 1.33 | GX49: =ROUND(HC49*I49,2) -> 0 | HA49: 0 | HB49: 0 | HC49: =GV49*GW49 -> 0 | HS49: 0 | IK49: 0
A50: 17 | B50: 1 | C50: =ROW(SmtRes!A69) -> 69 | D50: =ROW(EtalonRes!A69) -> 69 | E50: 12 | F50: 3.27-72-1 | G50: Установка дополнительных щитков (применительно) | H50: 100 знаков | I50: =ROUND(4/100,9) -> 0.04 | J50: 0 | K50: =ROUND(4/100,9) -> 0.04 | O50: =ROUND(CP50,2) -> 38.75 | P50: =ROUND(CQ50*I50,2) -> 0 | Q50: =ROUND(CR50*I50,2) -> 0 | R50: =ROUND(CS50*I50,2) -> 0 | S50: =ROUND(CT50*I50,2) -> 38.75 | T50: =ROUND(CU50*I50,2) -> 0 | U50: =CV50*I50 -> 3.178692 | V50: =CW50*I50 -> 0 | W50: =ROUND(CX50*I50,2) -> 0 | X50: =ROUND(CY50,2) -> 51.93 | Y50: =ROUND(CZ50,2) -> 21.31 | AA50: 86511347 | AB50: =(AC50+AD50+AF50) -> 925.221 | AC50: =(ES50) -> 0 | AD50: =((ET50*1.1)) -> 0 | AE50: =((EU50*1.1)) -> 0 | AF50: =((EV50*1.1)) -> 925.221 | AG50: =(AP50) -> 0 | AH50: =((EW50*1.1)) -> 75.9 | AI50: =((EX50*1.1)) -> 0 | AJ50: =(AS50) -> 0 | AK50: 0 | AL50: 0 | AM50: 0 | AN50: 0 | AO50: 841.11 | AP50: 0 | AQ50: 69 | AR50: 0 | AS50: 0 | AT50: 134 | AU50: 55 | AV50: 1.047 | AW50: 1 | AZ50: 1 | BA50: 1 | BB50: 1 | BC50: 1 | BH50: 0 | BI50: 1 | BJ50: 3.27-72-1 Применительно | BM50: 167 | BN50: 0 | BO50: 3.27-72-1 | BP50: 1 | BQ50: 30 | BR50: 0 | BS50: 1 | BT50: 1 | BU50: 1 | BV50: 1 | BW50: 1 | BX50: 1 | BZ50: 134 | CA50: 55 | CE50: 0 | CF50: 0 | CG50: 0 | CM50: 0 | CN50: Поправка:стеснённые условия, пп. "в" | CO50: 0 | CP50: =(P50+Q50+S50) -> 38.75 | CQ50: =(AC50*BC50*AW50) -> 0 | CR50: =(((ET50*1.1))*BB50*AV50) -> 0 | CS50: =(AE50*BS50*AV50) -> 0 | CT50: =(AF50*BA50*AV50) -> 968.70639 | CU50: =AG50 -> 0 | CV50: =(AH50*AV50) -> 79.4673 | CW50: =AI50 -> 0 | CX50: =AJ50 -> 0 | CY50: =(((S50+R50)*BZ50)/100) -> 51.925 | CZ50: =(((S50+R50)*CA50)/100) -> 21.3125 | DE50: *1,1 | DF50: *1,1 | DG50: *1,1 | DI50: *1,1 | DJ50: *1,1 | DN50: 0 | DO50: 0 | DP50: 1 | DQ50: 1 | DU50: 1013 | DV50: 100 знаков | DW50: 100 знаков | DX50: 1 | EE50: 86330795 | EF50: 30 | EG50: Строительные работы | EH50: 0 | EJ50: 1 | EK50: 167 | EL50: ТСН-2001.3-27. 27-71, 27-72 | EM50: ТСН-2001.3-27-22 | EO50: Попр.12.00.01.11.003 | EQ50: 0 | ER50: 0 | ES50: 0 | ET50: 0 | EU50: 0 | EV50: 841.11 | EW50: 69 | EX50: 0 | EY50: 0 | FQ50: 0 | FR50: 0 | FS50: 0 | FX50: 134 | FY50: 55 | GD50: 1 | GF50: -1953428067 | GG50: 2 | GH50: 0 | GI50: -2 | GJ50: 0 | GK50: 0 | GL50: =ROUND(IF(AND(BH50=3,BI50=3,FS50<>0),P50,0),2) -> 0 | GM50: =ROUND(O50+X50+Y50,2)+GX50 -> 111.99 | GN50: =IF(OR(BI50=0,BI50=1),GM50-GX50,0) -> 111.99 | GO50: =IF(BI50=2,GM50-GX50,0) -> 0 | GP50: =IF(BI50=4,GM50-GX50,0) -> 0 | GR50: 0 | GS50: 3 | GT50: 0 | GV50: =(GT50) -> 0 | GW50: 1 | GX50: =ROUND(HC50*I50,2) -> 0 | HA50: 0 | HB50: 0 | HC50: =GV50*GW50 -> 0 | HS50: 0 | IK50: 0
A51: 17 | B51: 1 | C51: =ROW(SmtRes!A72) -> 72 | D51: =ROW(EtalonRes!A72) -> 72 | E51: 12 | F51: 3.27-72-1 | G51: Установка дополнительных щитков (применительно) | H51: 100 знаков | I51: =ROUND(4/100,9) -> 0.04 | J51: 0 | K51: =ROUND(4/100,9) -> 0.04 | O51: =ROUND(CP51,2) -> 2238.1 | P51: =ROUND(CQ51*I51,2) -> 0 | Q51: =ROUND(CR51*I51,2) -> 0 | R51: =ROUND(CS51*I51,2) -> 0 | S51: =ROUND(CT51*I51,2) -> 2238.1 | T51: =ROUND(CU51*I51,2) -> 0 | U51: =CV51*I51 -> 3.178692 | V51: =CW51*I51 -> 0 | W51: =ROUND(CX51*I51,2) -> 0 | X51: =ROUND(CY51,2) -> 2999.05 | Y51: =ROUND(CZ51,2) -> 1230.96 | AA51: 86511348 | AB51: =(AC51+AD51+AF51) -> 925.221 | AC51: =(ES51) -> 0 | AD51: =((ET51*1.1)) -> 0 | AE51: =((EU51*1.1)) -> 0 | AF51: =((EV51*1.1)) -> 925.221 | AG51: =(AP51) -> 0 | AH51: =((EW51*1.1)) -> 75.9 | AI51: =((EX51*1.1)) -> 0 | AJ51: =(AS51) -> 0 | AK51: 0 | AL51: 0 | AM51: 0 | AN51: 0 | AO51: 841.11 | AP51: 0 | AQ51: 69 | AR51: 0 | AS51: 0 | AT51: 134 | AU51: 55 | AV51: 1.047 | AW51: 1 | AZ51: 1 | BA51: 57.76 | BB51: 1 | BC51: 1.33 | BH51: 0 | BI51: 1 | BJ51: 3.27-72-1 Применительно | BM51: 167 | BN51: 0 | BO51: 3.27-72-1 | BP51: 1 | BQ51: 30 | BR51: 0 | BS51: 57.76 | BT51: 1 | BU51: 1 | BV51: 1 | BW51: 1 | BX51: 1 | BZ51: 134 | CA51: 55 | CE51: 0 | CF51: 0 | CG51: 0 | CM51: 0 | CN51: Поправка:стеснённые условия, пп. "в" | CO51: 0 | CP51: =(P51+Q51+S51) -> 2238.1 | CQ51: =(AC51*BC51*AW51) -> 0 | CR51: =(((ET51*1.1))*BB51*AV51) -> 0 | CS51: =(AE51*BS51*AV51) -> 0 | CT51: =(AF51*BA51*AV51) -> 55952.481 | CU51: =AG51 -> 0 | CV51: =(AH51*AV51) -> 79.4673 | CW51: =AI51 -> 0 | CX51: =AJ51 -> 0 | CY51: =(S51+R51)*(BZ51/100) -> 2999.054 | CZ51: =(S51+R51)*(CA51/100) -> 1230.955 | DE51: *1,1 | DF51: *1,1 | DG51: *1,1 | DI51: *1,1 | DJ51: *1,1 | DN51: 134 | DO51: 55 | DP51: 1 | DQ51: 1 | DU51: 1013 | DV51: 100 знаков | DW51: 100 знаков | DX51: 1 | EE51: 86330795 | EF51: 30 | EG51: Строительные работы | EH51: 0 | EJ51: 1 | EK51: 167 | EL51: ТСН-2001.3-27. 27-71, 27-72 | EM51: ТСН-2001.3-27-22 | EO51: Попр.12.00.01.11.003 | EQ51: 0 | ER51: 0 | ES51: 0 | ET51: 0 | EU51: 0 | EV51: 841.11 | EW51: 69 | EX51: 0 | EY51: 0 | FQ51: 0 | FR51: 0 | FS51: 0 | FX51: 134 | FY51: 55 | GD51: 1 | GF51: -1953428067 | GG51: 2 | GH51: 0 | GI51: -2 | GJ51: 0 | GK51: 0 | GL51: =ROUND(IF(AND(BH51=3,BI51=3,FS51<>0),P51,0),2) -> 0 | GM51: =ROUND(O51+X51+Y51,2)+GX51 -> 6468.11 | GN51: =IF(OR(BI51=0,BI51=1),GM51-GX51,0) -> 6468.11 | GO51: =IF(BI51=2,GM51-GX51,0) -> 0 | GP51: =IF(BI51=4,GM51-GX51,0) -> 0 | GR51: 0 | GS51: 3 | GT51: 0 | GV51: =(GT51) -> 0 | GW51: 1.33 | GX51: =ROUND(HC51*I51,2) -> 0 | HA51: 0 | HB51: 0 | HC51: =GV51*GW51 -> 0 | HS51: 0 | IK51: 0
A52: 17 | B52: 1 | C52: =ROW(SmtRes!A75) -> 75 | D52: =ROW(EtalonRes!A75) -> 75 | E52: 13 | F52: 3.27-72-1 | G52: Установка дополнительных щитков (применительно) | H52: 100 знаков | I52: =ROUND(4/100,9) -> 0.04 | J52: 0 | K52: =ROUND(4/100,9) -> 0.04 | O52: =ROUND(CP52,2) -> 38.75 | P52: =ROUND(CQ52*I52,2) -> 0 | Q52: =ROUND(CR52*I52,2) -> 0 | R52: =ROUND(CS52*I52,2) -> 0 | S52: =ROUND(CT52*I52,2) -> 38.75 | T52: =ROUND(CU52*I52,2) -> 0 | U52: =CV52*I52 -> 3.178692 | V52: =CW52*I52 -> 0 | W52: =ROUND(CX52*I52,2) -> 0 | X52: =ROUND(CY52,2) -> 51.93 | Y52: =ROUND(CZ52,2) -> 21.31 | AA52: 86511347 | AB52: =(AC52+AD52+AF52) -> 925.221 | AC52: =(ES52) -> 0 | AD52: =((ET52*1.1)) -> 0 | AE52: =((EU52*1.1)) -> 0 | AF52: =((EV52*1.1)) -> 925.221 | AG52: =(AP52) -> 0 | AH52: =((EW52*1.1)) -> 75.9 | AI52: =((EX52*1.1)) -> 0 | AJ52: =(AS52) -> 0 | AK52: 0 | AL52: 0 | AM52: 0 | AN52: 0 | AO52: 841.11 | AP52: 0 | AQ52: 69 | AR52: 0 | AS52: 0 | AT52: 134 | AU52: 55 | AV52: 1.047 | AW52: 1 | AZ52: 1 | BA52: 1 | BB52: 1 | BC52: 1 | BH52: 0 | BI52: 1 | BJ52: 3.27-72-1 Применительно | BM52: 167 | BN52: 0 | BO52: 3.27-72-1 | BP52: 1 | BQ52: 30 | BR52: 0 | BS52: 1 | BT52: 1 | BU52: 1 | BV52: 1 | BW52: 1 | BX52: 1 | BZ52: 134 | CA52: 55 | CE52: 0 | CF52: 0 | CG52: 0 | CM52: 0 | CN52: Поправка:стеснённые условия, пп. "в" | CO52: 0 | CP52: =(P52+Q52+S52) -> 38.75 | CQ52: =(AC52*BC52*AW52) -> 0 | CR52: =(((ET52*1.1))*BB52*AV52) -> 0 | CS52: =(AE52*BS52*AV52) -> 0 | CT52: =(AF52*BA52*AV52) -> 968.70639 | CU52: =AG52 -> 0 | CV52: =(AH52*AV52) -> 79.4673 | CW52: =AI52 -> 0 | CX52: =AJ52 -> 0 | CY52: =(((S52+R52)*BZ52)/100) -> 51.925 | CZ52: =(((S52+R52)*CA52)/100) -> 21.3125 | DE52: *1,1 | DF52: *1,1 | DG52: *1,1 | DI52: *1,1 | DJ52: *1,1 | DN52: 0 | DO52: 0 | DP52: 1 | DQ52: 1 | DU52: 1013 | DV52: 100 знаков | DW52: 100 знаков | DX52: 1 | EE52: 86330795 | EF52: 30 | EG52: Строительные работы | EH52: 0 | EJ52: 1 | EK52: 167 | EL52: ТСН-2001.3-27. 27-71, 27-72 | EM52: ТСН-2001.3-27-22 | EO52: Попр.12.00.01.11.003 | EQ52: 0 | ER52: 0 | ES52: 0 | ET52: 0 | EU52: 0 | EV52: 841.11 | EW52: 69 | EX52: 0 | EY52: 0 | FQ52: 0 | FR52: 0 | FS52: 0 | FX52: 134 | FY52: 55 | GD52: 1 | GF52: 1037334565 | GG52: 2 | GH52: 0 | GI52: -2 | GJ52: 0 | GK52: 0 | GL52: =ROUND(IF(AND(BH52=3,BI52=3,FS52<>0),P52,0),2) -> 0 | GM52: =ROUND(O52+X52+Y52,2)+GX52 -> 111.99 | GN52: =IF(OR(BI52=0,BI52=1),GM52-GX52,0) -> 111.99 | GO52: =IF(BI52=2,GM52-GX52,0) -> 0 | GP52: =IF(BI52=4,GM52-GX52,0) -> 0 | GR52: 0 | GS52: 3 | GT52: 0 | GV52: =(GT52) -> 0 | GW52: 1 | GX52: =ROUND(HC52*I52,2) -> 0 | HA52: 0 | HB52: 0 | HC52: =GV52*GW52 -> 0 | HS52: 0 | IK52: 0
A53: 17 | B53: 1 | C53: =ROW(SmtRes!A78) -> 78 | D53: =ROW(EtalonRes!A78) -> 78 | E53: 13 | F53: 3.27-72-1 | G53: Установка дополнительных щитков (применительно) | H53: 100 знаков | I53: =ROUND(4/100,9) -> 0.04 | J53: 0 | K53: =ROUND(4/100,9) -> 0.04 | O53: =ROUND(CP53,2) -> 2238.1 | P53: =ROUND(CQ53*I53,2) -> 0 | Q53: =ROUND(CR53*I53,2) -> 0 | R53: =ROUND(CS53*I53,2) -> 0 | S53: =ROUND(CT53*I53,2) -> 2238.1 | T53: =ROUND(CU53*I53,2) -> 0 | U53: =CV53*I53 -> 3.178692 | V53: =CW53*I53 -> 0 | W53: =ROUND(CX53*I53,2) -> 0 | X53: =ROUND(CY53,2) -> 2999.05 | Y53: =ROUND(CZ53,2) -> 1230.96 | AA53: 86511348 | AB53: =(AC53+AD53+AF53) -> 925.221 | AC53: =(ES53) -> 0 | AD53: =((ET53*1.1)) -> 0 | AE53: =((EU53*1.1)) -> 0 | AF53: =((EV53*1.1)) -> 925.221 | AG53: =(AP53) -> 0 | AH53: =((EW53*1.1)) -> 75.9 | AI53: =((EX53*1.1)) -> 0 | AJ53: =(AS53) -> 0 | AK53: 0 | AL53: 0 | AM53: 0 | AN53: 0 | AO53: 841.11 | AP53: 0 | AQ53: 69 | AR53: 0 | AS53: 0 | AT53: 134 | AU53: 55 | AV53: 1.047 | AW53: 1 | AZ53: 1 | BA53: 57.76 | BB53: 1 | BC53: 1.33 | BH53: 0 | BI53: 1 | BJ53: 3.27-72-1 Применительно | BM53: 167 | BN53: 0 | BO53: 3.27-72-1 | BP53: 1 | BQ53: 30 | BR53: 0 | BS53: 57.76 | BT53: 1 | BU53: 1 | BV53: 1 | BW53: 1 | BX53: 1 | BZ53: 134 | CA53: 55 | CE53: 0 | CF53: 0 | CG53: 0 | CM53: 0 | CN53: Поправка:стеснённые условия, пп. "в" | CO53: 0 | CP53: =(P53+Q53+S53) -> 2238.1 | CQ53: =(AC53*BC53*AW53) -> 0 | CR53: =(((ET53*1.1))*BB53*AV53) -> 0 | CS53: =(AE53*BS53*AV53) -> 0 | CT53: =(AF53*BA53*AV53) -> 55952.481 | CU53: =AG53 -> 0 | CV53: =(AH53*AV53) -> 79.4673 | CW53: =AI53 -> 0 | CX53: =AJ53 -> 0 | CY53: =(S53+R53)*(BZ53/100) -> 2999.054 | CZ53: =(S53+R53)*(CA53/100) -> 1230.955 | DE53: *1,1 | DF53: *1,1 | DG53: *1,1 | DI53: *1,1 | DJ53: *1,1 | DN53: 134 | DO53: 55 | DP53: 1 | DQ53: 1 | DU53: 1013 | DV53: 100 знаков | DW53: 100 знаков | DX53: 1 | EE53: 86330795 | EF53: 30 | EG53: Строительные работы | EH53: 0 | EJ53: 1 | EK53: 167 | EL53: ТСН-2001.3-27. 27-71, 27-72 | EM53: ТСН-2001.3-27-22 | EO53: Попр.12.00.01.11.003 | EQ53: 0 | ER53: 0 | ES53: 0 | ET53: 0 | EU53: 0 | EV53: 841.11 | EW53: 69 | EX53: 0 | EY53: 0 | FQ53: 0 | FR53: 0 | FS53: 0 | FX53: 134 | FY53: 55 | GD53: 1 | GF53: 1037334565 | GG53: 2 | GH53: 0 | GI53: -2 | GJ53: 0 | GK53: 0 | GL53: =ROUND(IF(AND(BH53=3,BI53=3,FS53<>0),P53,0),2) -> 0 | GM53: =ROUND(O53+X53+Y53,2)+GX53 -> 6468.11 | GN53: =IF(OR(BI53=0,BI53=1),GM53-GX53,0) -> 6468.11 | GO53: =IF(BI53=2,GM53-GX53,0) -> 0 | GP53: =IF(BI53=4,GM53-GX53,0) -> 0 | GR53: 0 | GS53: 3 | GT53: 0 | GV53: =(GT53) -> 0 | GW53: 1.33 | GX53: =ROUND(HC53*I53,2) -> 0 | HA53: 0 | HB53: 0 | HC53: =GV53*GW53 -> 0 | HS53: 0 | IK53: 0
A54: 17 | B54: 1 | C54: =ROW(SmtRes!A81) -> 81 | D54: =ROW(EtalonRes!A81) -> 81 | E54: 14 | F54: 3.27-72-1 | G54: Установка дополнительных щитков (применительно) | H54: 100 знаков | I54: =ROUND(39/100,9) -> 0.39 | J54: 0 | K54: =ROUND(39/100,9) -> 0.39 | O54: =ROUND(CP54,2) -> 377.8 | P54: =ROUND(CQ54*I54,2) -> 0 | Q54: =ROUND(CR54*I54,2) -> 0 | R54: =ROUND(CS54*I54,2) -> 0 | S54: =ROUND(CT54*I54,2) -> 377.8 | T54: =ROUND(CU54*I54,2) -> 0 | U54: =CV54*I54 -> 30.992247 | V54: =CW54*I54 -> 0 | W54: =ROUND(CX54*I54,2) -> 0 | X54: =ROUND(CY54,2) -> 506.25 | Y54: =ROUND(CZ54,2) -> 207.79 | AA54: 86511347 | AB54: =(AC54+AD54+AF54) -> 925.221 | AC54: =(ES54) -> 0 | AD54: =((ET54*1.1)) -> 0 | AE54: =((EU54*1.1)) -> 0 | AF54: =((EV54*1.1)) -> 925.221 | AG54: =(AP54) -> 0 | AH54: =((EW54*1.1)) -> 75.9 | AI54: =((EX54*1.1)) -> 0 | AJ54: =(AS54) -> 0 | AK54: 0 | AL54: 0 | AM54: 0 | AN54: 0 | AO54: 841.11 | AP54: 0 | AQ54: 69 | AR54: 0 | AS54: 0 | AT54: 134 | AU54: 55 | AV54: 1.047 | AW54: 1 | AZ54: 1 | BA54: 1 | BB54: 1 | BC54: 1 | BH54: 0 | BI54: 1 | BJ54: 3.27-72-1 Применительно | BM54: 167 | BN54: 0 | BO54: 3.27-72-1 | BP54: 1 | BQ54: 30 | BR54: 0 | BS54: 1 | BT54: 1 | BU54: 1 | BV54: 1 | BW54: 1 | BX54: 1 | BZ54: 134 | CA54: 55 | CE54: 0 | CF54: 0 | CG54: 0 | CM54: 0 | CN54: Поправка:стеснённые условия, пп. "в" | CO54: 0 | CP54: =(P54+Q54+S54) -> 377.8 | CQ54: =(AC54*BC54*AW54) -> 0 | CR54: =(((ET54*1.1))*BB54*AV54) -> 0 | CS54: =(AE54*BS54*AV54) -> 0 | CT54: =(AF54*BA54*AV54) -> 968.70639 | CU54: =AG54 -> 0 | CV54: =(AH54*AV54) -> 79.4673 | CW54: =AI54 -> 0 | CX54: =AJ54 -> 0 | CY54: =(((S54+R54)*BZ54)/100) -> 506.252 | CZ54: =(((S54+R54)*CA54)/100) -> 207.79 | DE54: *1,1 | DF54: *1,1 | DG54: *1,1 | DI54: *1,1 | DJ54: *1,1 | DN54: 0 | DO54: 0 | DP54: 1 | DQ54: 1 | DU54: 1013 | DV54: 100 знаков | DW54: 100 знаков | DX54: 1 | EE54: 86330795 | EF54: 30 | EG54: Строительные работы | EH54: 0 | EJ54: 1 | EK54: 167 | EL54: ТСН-2001.3-27. 27-71, 27-72 | EM54: ТСН-2001.3-27-22 | EO54: Попр.12.00.01.11.003 | EQ54: 0 | ER54: 0 | ES54: 0 | ET54: 0 | EU54: 0 | EV54: 841.11 | EW54: 69 | EX54: 0 | EY54: 0 | FQ54: 0 | FR54: 0 | FS54: 0 | FX54: 134 | FY54: 55 | GD54: 1 | GF54: 2097390987 | GG54: 2 | GH54: 0 | GI54: -2 | GJ54: 0 | GK54: 0 | GL54: =ROUND(IF(AND(BH54=3,BI54=3,FS54<>0),P54,0),2) -> 0 | GM54: =ROUND(O54+X54+Y54,2)+GX54 -> 1091.84 | GN54: =IF(OR(BI54=0,BI54=1),GM54-GX54,0) -> 1091.84 | GO54: =IF(BI54=2,GM54-GX54,0) -> 0 | GP54: =IF(BI54=4,GM54-GX54,0) -> 0 | GR54: 0 | GS54: 3 | GT54: 0 | GV54: =(GT54) -> 0 | GW54: 1 | GX54: =ROUND(HC54*I54,2) -> 0 | HA54: 0 | HB54: 0 | HC54: =GV54*GW54 -> 0 | HS54: 0 | IK54: 0
A55: 17 | B55: 1 | C55: =ROW(SmtRes!A84) -> 84 | D55: =ROW(EtalonRes!A84) -> 84 | E55: 14 | F55: 3.27-72-1 | G55: Установка дополнительных щитков (применительно) | H55: 100 знаков | I55: =ROUND(39/100,9) -> 0.39 | J55: 0 | K55: =ROUND(39/100,9) -> 0.39 | O55: =ROUND(CP55,2) -> 21821.47 | P55: =ROUND(CQ55*I55,2) -> 0 | Q55: =ROUND(CR55*I55,2) -> 0 | R55: =ROUND(CS55*I55,2) -> 0 | S55: =ROUND(CT55*I55,2) -> 21821.47 | T55: =ROUND(CU55*I55,2) -> 0 | U55: =CV55*I55 -> 30.992247 | V55: =CW55*I55 -> 0 | W55: =ROUND(CX55*I55,2) -> 0 | X55: =ROUND(CY55,2) -> 29240.77 | Y55: =ROUND(CZ55,2) -> 12001.81 | AA55: 86511348 | AB55: =(AC55+AD55+AF55) -> 925.221 | AC55: =(ES55) -> 0 | AD55: =((ET55*1.1)) -> 0 | AE55: =((EU55*1.1)) -> 0 | AF55: =((EV55*1.1)) -> 925.221 | AG55: =(AP55) -> 0 | AH55: =((EW55*1.1)) -> 75.9 | AI55: =((EX55*1.1)) -> 0 | AJ55: =(AS55) -> 0 | AK55: 0 | AL55: 0 | AM55: 0 | AN55: 0 | AO55: 841.11 | AP55: 0 | AQ55: 69 | AR55: 0 | AS55: 0 | AT55: 134 | AU55: 55 | AV55: 1.047 | AW55: 1 | AZ55: 1 | BA55: 57.76 | BB55: 1 | BC55: 1.33 | BH55: 0 | BI55: 1 | BJ55: 3.27-72-1 Применительно | BM55: 167 | BN55: 0 | BO55: 3.27-72-1 | BP55: 1 | BQ55: 30 | BR55: 0 | BS55: 57.76 | BT55: 1 | BU55: 1 | BV55: 1 | BW55: 1 | BX55: 1 | BZ55: 134 | CA55: 55 | CE55: 0 | CF55: 0 | CG55: 0 | CM55: 0 | CN55: Поправка:стеснённые условия, пп. "в" | CO55: 0 | CP55: =(P55+Q55+S55) -> 21821.47 | CQ55: =(AC55*BC55*AW55) -> 0 | CR55: =(((ET55*1.1))*BB55*AV55) -> 0 | CS55: =(AE55*BS55*AV55) -> 0 | CT55: =(AF55*BA55*AV55) -> 55952.481 | CU55: =AG55 -> 0 | CV55: =(AH55*AV55) -> 79.4673 | CW55: =AI55 -> 0 | CX55: =AJ55 -> 0 | CY55: =(S55+R55)*(BZ55/100) -> 29240.77 | CZ55: =(S55+R55)*(CA55/100) -> 12001.808 | DE55: *1,1 | DF55: *1,1 | DG55: *1,1 | DI55: *1,1 | DJ55: *1,1 | DN55: 134 | DO55: 55 | DP55: 1 | DQ55: 1 | DU55: 1013 | DV55: 100 знаков | DW55: 100 знаков | DX55: 1 | EE55: 86330795 | EF55: 30 | EG55: Строительные работы | EH55: 0 | EJ55: 1 | EK55: 167 | EL55: ТСН-2001.3-27. 27-71, 27-72 | EM55: ТСН-2001.3-27-22 | EO55: Попр.12.00.01.11.003 | EQ55: 0 | ER55: 0 | ES55: 0 | ET55: 0 | EU55: 0 | EV55: 841.11 | EW55: 69 | EX55: 0 | EY55: 0 | FQ55: 0 | FR55: 0 | FS55: 0 | FX55: 134 | FY55: 55 | GD55: 1 | GF55: 2097390987 | GG55: 2 | GH55: 0 | GI55: -2 | GJ55: 0 | GK55: 0 | GL55: =ROUND(IF(AND(BH55=3,BI55=3,FS55<>0),P55,0),2) -> 0 | GM55: =ROUND(O55+X55+Y55,2)+GX55 -> 63064.05 | GN55: =IF(OR(BI55=0,BI55=1),GM55-GX55,0) -> 63064.05 | GO55: =IF(BI55=2,GM55-GX55,0) -> 0 | GP55: =IF(BI55=4,GM55-GX55,0) -> 0 | GR55: 0 | GS55: 3 | GT55: 0 | GV55: =(GT55) -> 0 | GW55: 1.33 | GX55: =ROUND(HC55*I55,2) -> 0 | HA55: 0 | HB55: 0 | HC55: =GV55*GW55 -> 0 | HS55: 0 | IK55: 0
A57: 51 | B57: =B24 -> 1 | C57: =A24 -> 4 | D57: =ROW(A24) -> 24 | F57: =IF(F24<>"",F24,"") -> 1 | G57: =IF(G24<>"",G24,"") -> Временные дорожные знаки: установка | H57: 0 | O57: =ROUND(AB57,2) -> 2431.45 | P57: =ROUND(AC57,2) -> 0 | Q57: =ROUND(AD57,2) -> 0 | R57: =ROUND(AE57,2) -> 0 | S57: =ROUND(AF57,2) -> 2431.45 | T57: =ROUND(AG57,2) -> 0 | U57: =AH57 -> 199.46292 | V57: =AI57 -> 0 | W57: =ROUND(AJ57,2) -> 0 | X57: =ROUND(AK57,2) -> 3258.16 | Y57: =ROUND(AL57,2) -> 1337.3 | AB57: =ROUND(SUMIF(AA28:AA55,"=86511347",O28:O55),2) -> 2431.45 | AC57: =ROUND(SUMIF(AA28:AA55,"=86511347",P28:P55),2) -> 0 | AD57: =ROUND(SUMIF(AA28:AA55,"=86511347",Q28:Q55),2) -> 0 | AE57: =ROUND(SUMIF(AA28:AA55,"=86511347",R28:R55),2) -> 0 | AF57: =ROUND(SUMIF(AA28:AA55,"=86511347",S28:S55),2) -> 2431.45 | AG57: =ROUND(SUMIF(AA28:AA55,"=86511347",T28:T55),2) -> 0 | AH57: =SUMIF(AA28:AA55,"=86511347",U28:U55) -> 199.46292 | AI57: =SUMIF(AA28:AA55,"=86511347",V28:V55) -> 0 | AJ57: =ROUND(SUMIF(AA28:AA55,"=86511347",W28:W55),2) -> 0 | AK57: =ROUND(SUMIF(AA28:AA55,"=86511347",X28:X55),2) -> 3258.16 | AL57: =ROUND(SUMIF(AA28:AA55,"=86511347",Y28:Y55),2) -> 1337.3 | AO57: =ROUND(BX57,2) -> 0 | AP57: =ROUND(BY57,2) -> 0 | AQ57: =ROUND(BZ57,2) -> 0 | AR57: =ROUND(CA57,2) -> 7026.91 | AS57: =ROUND(CB57,2) -> 7026.91 | AT57: =ROUND(CC57,2) -> 0 | AU57: =ROUND(CD57,2) -> 0 | AV57: =ROUND(CE57,2) -> 0 | ... BD57: =ROUND(CM57,2) -> 0 | BX57: =ROUND(SUMIF(AA28:AA55,"=86511347",FQ28:FQ55),2) -> 0 | BY57: =ROUND(SUMIF(AA28:AA55,"=86511347",FR28:FR55),2) -> 0 | BZ57: =ROUND(SUMIF(AA28:AA55,"=86511347",GL28:GL55),2) -> 0 | CA57: =ROUND(SUMIF(AA28:AA55,"=86511347",GM28:GM55),2) -> 7026.91 | CB57: =ROUND(SUMIF(AA28:AA55,"=86511347",GN28:GN55),2) -> 7026.91 | CC57: =ROUND(SUMIF(AA28:AA55,"=86511347",GO28:GO55),2) -> 0 | CD57: =ROUND(SUMIF(AA28:AA55,"=86511347",GP28:GP55),2) -> 0 | CE57: =AC57-BX57 -> 0 | CF57: =AC57-BY57 -> 0 | CG57: =BX57-BZ57 -> 0 | CH57: =AC57-BX57-BY57+BZ57 -> 0 | CI57: =BY57-BZ57 -> 0 | CJ57: =ROUND(SUMIF(AA28:AA55,"=86511347",GX28:GX55),2) -> 0 | CK57: =ROUND(SUMIF(AA28:AA55,"=86511347",GY28:GY55),2) -> 0 | CL57: =ROUND(SUMIF(AA28:AA55,"=86511347",GZ28:GZ55),2) -> 0 | CM57: =ROUND(SUMIF(AA28:AA55,"=86511347",HD28:HD55),2) -> 0 | DG57: =ROUND(DT57,2) -> 140440.71 | DH57: =ROUND(DU57,2) -> 0 | DI57: =ROUND(DV57,2) -> 0 | DJ57: =ROUND(DW57,2) -> 0 | DK57: =ROUND(DX57,2) -> 140440.71 | DL57: =ROUND(DY57,2) -> 0 | DM57: =DZ57 -> 199.46292 | DN57: =EA57 -> 0 | DO57: =ROUND(EB57,2) -> 0 | DP57: =ROUND(EC57,2) -> 188190.54 | DQ57: =ROUND(ED57,2) -> 77242.41 | DT57: =ROUND(SUMIF(AA28:AA55,"=86511348",O28:O55),2) -> 140440.71 | DU57: =ROUND(SUMIF(AA28:AA55,"=86511348",P28:P55),2) -> 0 | DV57: =ROUND(SUMIF(AA28:AA55,"=86511348",Q28:Q55),2) -> 0 | DW57: =ROUND(SUMIF(AA28:AA55,"=86511348",R28:R55),2) -> 0 | DX57: =ROUND(SUMIF(AA28:AA55,"=86511348",S28:S55),2) -> 140440.71 | DY57: =ROUND(SUMIF(AA28:AA55,"=86511348",T28:T55),2) -> 0 | DZ57: =SUMIF(AA28:AA55,"=86511348",U28:U55) -> 199.46292 | EA57: =SUMIF(AA28:AA55,"=86511348",V28:V55) -> 0 | EB57: =ROUND(SUMIF(AA28:AA55,"=86511348",W28:W55),2) -> 0 | EC57: =ROUND(SUMIF(AA28:AA55,"=86511348",X28:X55),2) -> 188190.54 | ED57: =ROUND(SUMIF(AA28:AA55,"=86511348",Y28:Y55),2) -> 77242.41 | EG57: =ROUND(FP57,2) -> 0 | EH57: =ROUND(FQ57,2) -> 0 | EI57: =ROUND(FR57,2) -> 0 | EJ57: =ROUND(FS57,2) -> 405873.66 | EK57: =ROUND(FT57,2) -> 405873.66 | EL57: =ROUND(FU57,2) -> 0 | EM57: =ROUND(FV57,2) -> 0 | EN57: =ROUND(FW57,2) -> 0 | ... EV57: =ROUND(GE57,2) -> 0 | FP57: =ROUND(SUMIF(AA28:AA55,"=86511348",FQ28:FQ55),2) -> 0 | FQ57: =ROUND(SUMIF(AA28:AA55,"=86511348",FR28:FR55),2) -> 0 | FR57: =ROUND(SUMIF(AA28:AA55,"=86511348",GL28:GL55),2) -> 0 | FS57: =ROUND(SUMIF(AA28:AA55,"=86511348",GM28:GM55),2) -> 405873.66 | FT57: =ROUND(SUMIF(AA28:AA55,"=86511348",GN28:GN55),2) -> 405873.66 | FU57: =ROUND(SUMIF(AA28:AA55,"=86511348",GO28:GO55),2) -> 0 | FV57: =ROUND(SUMIF(AA28:AA55,"=86511348",GP28:GP55),2) -> 0 | FW57: =DU57-FP57 -> 0 | FX57: =DU57-FQ57 -> 0 | FY57: =FP57-FR57 -> 0 | FZ57: =DU57-FP57-FQ57+FR57 -> 0 | GA57: =FQ57-FR57 -> 0 | GB57: =ROUND(SUMIF(AA28:AA55,"=86511348",GX28:GX55),2) -> 0 | GC57: =ROUND(SUMIF(AA28:AA55,"=86511348",GY28:GY55),2) -> 0 | GD57: =ROUND(SUMIF(AA28:AA55,"=86511348",GZ28:GZ55),2) -> 0 | GE57: =ROUND(SUMIF(AA28:AA55,"=86511348",HD28:HD55),2) -> 0 | GX57: 0
A59: 50 | B59: 0 | C59: 0 | D59: 1 | E59: 201 | F59: =ROUND(Source!O57,O59) -> 2431.45 | G59: ПЗ | H59: Прямые затраты | K59: 201 | L59: 1 | M59: 3 | O59: 2 | P59: =ROUND(Source!DG57,O59) -> 140440.71 | W59: 2431.45 | X59: 1 | Y59: 2431.45 | Z59: 140440.71 | AA59: 1 | AB59: 140440.71
A60: 50 | B60: 0 | C60: 0 | D60: 1 | E60: 202 | F60: =ROUND(Source!P57,O60) -> 0 | G60: СтМатОб | H60: Стоимость материальных ресурсов (всего) | K60: 202 | L60: 2 | M60: 3 | O60: 2 | P60: =ROUND(Source!DH57,O60) -> 0 | W60: 0 | X60: 1 | Y60: 0 | Z60: 0 | AA60: 1 | AB60: 0
A61: 50 | B61: 0 | C61: 0 | D61: 1 | E61: 222 | F61: =ROUND(Source!AO57,O61) -> 0 | G61: СтМатОбЗак | H61: Стоимость материалов и оборудования заказчика | K61: 222 | L61: 3 | M61: 3 | O61: 2 | P61: =ROUND(Source!EG57,O61) -> 0 | W61: 0 | X61: 1 | Y61: 0 | Z61: 0 | AA61: 1 | AB61: 0
A62: 50 | B62: 0 | C62: 0 | D62: 1 | E62: 225 | F62: =ROUND(Source!AV57,O62) -> 0 | G62: СтМатОбПод | H62: Стоимость материалов и оборудования подрядчика | K62: 225 | L62: 4 | M62: 3 | O62: 2 | P62: =ROUND(Source!EN57,O62) -> 0 | W62: 0 | X62: 1 | Y62: 0 | Z62: 0 | AA62: 1 | AB62: 0
A63: 50 | B63: 0 | C63: 0 | D63: 1 | E63: 226 | F63: =ROUND(Source!AW57,O63) -> 0 | G63: СтМат | H63: Стоимость материалов (всего) | K63: 226 | L63: 5 | M63: 3 | O63: 2 | P63: =ROUND(Source!EO57,O63) -> 0 | W63: 0 | X63: 1 | Y63: 0 | Z63: 0 | AA63: 1 | AB63: 0
A64: 50 | B64: 0 | C64: 0 | D64: 1 | E64: 227 | F64: =ROUND(Source!AX57,O64) -> 0 | G64: СтМатЗак | H64: Стоимость материалов заказчика | K64: 227 | L64: 6 | M64: 3 | O64: 2 | P64: =ROUND(Source!EP57,O64) -> 0 | W64: 0 | X64: 1 | Y64: 0 | Z64: 0 | AA64: 1 | AB64: 0
A65: 50 | B65: 0 | C65: 0 | D65: 1 | E65: 228 | F65: =ROUND(Source!AY57,O65) -> 0 | G65: СтМатПод | H65: Стоимость материалов подрядчика | K65: 228 | L65: 7 | M65: 3 | O65: 2 | P65: =ROUND(Source!EQ57,O65) -> 0 | W65: 0 | X65: 1 | Y65: 0 | Z65: 0 | AA65: 1 | AB65: 0
A66: 50 | B66: 0 | C66: 0 | D66: 1 | E66: 216 | F66: =ROUND(Source!AP57,O66) -> 0 | G66: Оборуд | H66: Стоимость оборудования (всего) | K66: 216 | L66: 8 | M66: 3 | O66: 2 | P66: =ROUND(Source!EH57,O66) -> 0 | W66: 0 | X66: 1 | Y66: 0 | Z66: 0 | AA66: 1 | AB66: 0
A67: 50 | B67: 0 | C67: 0 | D67: 1 | E67: 223 | F67: =ROUND(Source!AQ57,O67) -> 0 | G67: ОборудЗак | H67: Стоимость оборудования заказчика | K67: 223 | L67: 9 | M67: 3 | O67: 2 | P67: =ROUND(Source!EI57,O67) -> 0 | W67: 0 | X67: 1 | Y67: 0 | Z67: 0 | AA67: 1 | AB67: 0
A68: 50 | B68: 0 | C68: 0 | D68: 1 | E68: 229 | F68: =ROUND(Source!AZ57,O68) -> 0 | G68: ОборудПод | H68: Стоимость оборудования подрядчика | K68: 229 | L68: 10 | M68: 3 | O68: 2 | P68: =ROUND(Source!ER57,O68) -> 0 | W68: 0 | X68: 1 | Y68: 0 | Z68: 0 | AA68: 1 | AB68: 0
A69: 50 | B69: 0 | C69: 0 | D69: 1 | E69: 203 | F69: =ROUND(Source!Q57,O69) -> 0 | G69: ЭММ | H69: Эксплуатация машин | K69: 203 | L69: 11 | M69: 3 | O69: 2 | P69: =ROUND(Source!DI57,O69) -> 0 | W69: 0 | X69: 1 | Y69: 0 | Z69: 0 | AA69: 1 | AB69: 0
A70: 50 | B70: 0 | C70: 0 | D70: 1 | E70: 231 | F70: =ROUND(Source!BB57,O70) -> 0 | G70: ЭММсНРиСП | H70: Эксплуатация машин по ТСН-2001.16 | K70: 231 | L70: 12 | M70: 3 | O70: 2 | P70: =ROUND(Source!ET57,O70) -> 0 | W70: 0 | X70: 1 | Y70: 0 | Z70: 0 | AA70: 1 | AB70: 0
A71: 50 | B71: 0 | C71: 0 | D71: 1 | E71: 204 | F71: =ROUND(Source!R57,O71) -> 0 | G71: ЗПМ | H71: ЗП машинистов | K71: 204 | L71: 13 | M71: 3 | O71: 2 | P71: =ROUND(Source!DJ57,O71) -> 0 | W71: 0 | X71: 1 | Y71: 0 | Z71: 0 | AA71: 1 | AB71: 0
A72: 50 | B72: 0 | C72: 0 | D72: 1 | E72: 205 | F72: =ROUND(Source!S57,O72) -> 2431.45 | G72: ОЗП | H72: Основная ЗП рабочих | K72: 205 | L72: 14 | M72: 3 | O72: 2 | P72: =ROUND(Source!DK57,O72) -> 140440.71 | W72: 2431.45 | X72: 1 | Y72: 2431.45 | Z72: 140440.71 | AA72: 1 | AB72: 140440.71
A73: 50 | B73: 0 | C73: 0 | D73: 1 | E73: 232 | F73: =ROUND(Source!BC57,O73) -> 0 | G73: ОЗПсНРиСП | H73: Основная ЗП рабочих по ТСН-2001.16 | K73: 232 | L73: 15 | M73: 3 | O73: 2 | P73: =ROUND(Source!EU57,O73) -> 0 | W73: 0 | X73: 1 | Y73: 0 | Z73: 0 | AA73: 1 | AB73: 0
A74: 50 | B74: 0 | C74: 0 | D74: 1 | E74: 214 | F74: =ROUND(Source!AS57,O74) -> 7026.91 | G74: Строит | H74: Строительные работы с НР и СП | K74: 214 | L74: 16 | M74: 3 | O74: 2 | P74: =ROUND(Source!EK57,O74) -> 405873.66 | W74: 7026.91 | X74: 1 | Y74: 7026.91 | Z74: 405873.66 | AA74: 1 | AB74: 405873.66
A75: 50 | B75: 0 | C75: 0 | D75: 1 | E75: 215 | F75: =ROUND(Source!AT57,O75) -> 0 | G75: Монтаж | H75: Монтажные работы с НР и СП | K75: 215 | L75: 17 | M75: 3 | O75: 2 | P75: =ROUND(Source!EL57,O75) -> 0 | W75: 0 | X75: 1 | Y75: 0 | Z75: 0 | AA75: 1 | AB75: 0
A76: 50 | B76: 0 | C76: 0 | D76: 1 | E76: 217 | F76: =ROUND(Source!AU57,O76) -> 0 | G76: Прочие | H76: Прочие работы с НР и СП | K76: 217 | L76: 18 | M76: 3 | O76: 2 | P76: =ROUND(Source!EM57,O76) -> 0 | W76: 0 | X76: 1 | Y76: 0 | Z76: 0 | AA76: 1 | AB76: 0
A77: 50 | B77: 0 | C77: 0 | D77: 1 | E77: 230 | F77: =ROUND(Source!BA57,O77) -> 0 | G77: ПрочиеЗатр | H77: Прочие затраты по ТСН-2001.16 | K77: 230 | L77: 19 | M77: 3 | O77: 2 | P77: =ROUND(Source!ES57,O77) -> 0 | W77: 0 | X77: 1 | Y77: 0 | Z77: 0 | AA77: 1 | AB77: 0
A78: 50 | B78: 0 | C78: 0 | D78: 1 | E78: 206 | F78: =ROUND(Source!T57,O78) -> 0 | G78: ВозврМат | H78: Возврат материалов | K78: 206 | L78: 20 | M78: 3 | O78: 2 | P78: =ROUND(Source!DL57,O78) -> 0 | W78: 0 | X78: 1 | Y78: 0 | Z78: 0 | AA78: 1 | AB78: 0
A79: 50 | B79: 0 | C79: 0 | D79: 1 | E79: 207 | F79: =Source!U57 -> 199.46292 | G79: ТрудСтр | H79: Трудозатраты строителей | K79: 207 | L79: 21 | M79: 3 | O79: -1 | P79: =Source!DM57 -> 199.46292 | W79: 199.46292 | X79: 1 | Y79: 199.46292 | Z79: 199.46292 | AA79: 1 | AB79: 199.46292
A80: 50 | B80: 0 | C80: 0 | D80: 1 | E80: 208 | F80: =Source!V57 -> 0 | G80: ТрудМаш | H80: Трудозатраты машинистов | K80: 208 | L80: 22 | M80: 3 | O80: -1 | P80: =Source!DN57 -> 0 | W80: 0 | X80: 1 | Y80: 0 | Z80: 0 | AA80: 1 | AB80: 0
A81: 50 | B81: 0 | C81: 0 | D81: 1 | E81: 209 | F81: =ROUND(Source!W57,O81) -> 0 | G81: ТранспМат | H81: Транспорт материалов | K81: 209 | L81: 23 | M81: 3 | O81: 2 | P81: =ROUND(Source!DO57,O81) -> 0 | W81: 0 | X81: 1 | Y81: 0 | Z81: 0 | AA81: 1 | AB81: 0
A82: 50 | B82: 0 | C82: 0 | D82: 1 | E82: 233 | F82: =ROUND(Source!BD57,O82) -> 0 | G82: Перевозка | H82: Перевозка грузов | K82: 233 | L82: 24 | M82: 3 | O82: 2 | P82: =ROUND(Source!EV57,O82) -> 0 | W82: 0 | X82: 1 | Y82: 0 | Z82: 0 | AA82: 1 | AB82: 0
A83: 50 | B83: 0 | C83: 0 | D83: 1 | E83: 210 | F83: =ROUND(Source!X57,O83) -> 3258.16 | G83: НР | H83: Накладные расходы | K83: 210 | L83: 25 | M83: 3 | O83: 2 | P83: =ROUND(Source!DP57,O83) -> 188190.54 | W83: 3258.16 | X83: 1 | Y83: 3258.16 | Z83: 188190.54 | AA83: 1 | AB83: 188190.54
A84: 50 | B84: 0 | C84: 0 | D84: 1 | E84: 211 | F84: =ROUND(Source!Y57,O84) -> 1337.3 | G84: СмПриб | H84: Сметная прибыль | K84: 211 | L84: 26 | M84: 3 | O84: 2 | P84: =ROUND(Source!DQ57,O84) -> 77242.41 | W84: 1337.3 | X84: 1 | Y84: 1337.3 | Z84: 77242.41 | AA84: 1 | AB84: 77242.41
A85: 50 | B85: 0 | C85: 0 | D85: 1 | E85: 224 | F85: =ROUND(Source!AR57,O85) -> 7026.91 | G85: Всего | H85: Всего с НР и СП | K85: 224 | L85: 27 | M85: 3 | O85: 2 | P85: =ROUND(Source!EJ57,O85) -> 405873.66 | W85: 7026.91 | X85: 1 | Y85: 7026.91 | Z85: 405873.66 | AA85: 1 | AB85: 405873.66
A87: 4 | B87: 1 | D87: =ROW(A120) -> 120 | F87: 16 | G87: Временные дорожные знаки: снятие | I87: 0 | K87: -1 | S87: 0 | T87: 0 | V87: 8 | BX87: 0 | CJ87: 0
A89: 52 | B89: =B120 -> 1 | C89: =C120 -> 4 | D89: =D120 -> 87 | E89: =E120 -> 0 | F89: =F120 -> 16 | G89: =G120 -> Временные дорожные знаки: снятие | O89: =O120 -> 1458.87 | P89: =P120 -> 0 | Q89: =Q120 -> 0 | R89: =R120 -> 0 | S89: =S120 -> 1458.87 | T89: =T120 -> 0 | U89: =U120 -> 119.67775 | V89: =V120 -> 0 | ... GX89: =GX120 -> 0
A91: 17 | B91: 1 | C91: =ROW(SmtRes!A87) -> 87 | D91: =ROW(EtalonRes!A87) -> 87 | E91: 15 | F91: 3.27-72-1 | G91: Установка дополнительных щитков (применительно) | H91: 100 знаков | I91: =ROUND(92/100,9) -> 0.92 | J91: 0 | K91: =ROUND(92/100,9) -> 0.92 | O91: =ROUND(CP91,2) -> 534.73 | P91: =ROUND(CQ91*I91,2) -> 0 | Q91: =ROUND(CR91*I91,2) -> 0 | R91: =ROUND(CS91*I91,2) -> 0 | S91: =ROUND(CT91*I91,2) -> 534.73 | T91: =ROUND(CU91*I91,2) -> 0 | U91: =CV91*I91 -> 43.86595 | V91: =CW91*I91 -> 0 | W91: =ROUND(CX91*I91,2) -> 0 | X91: =ROUND(CY91,2) -> 647.02 | Y91: =ROUND(CZ91,2) -> 251.32 | AA91: 86511347 | AB91: =(AC91+AD91+AF91) -> 555.1326 | AC91: =((ES91*0)) -> 0 | AD91: =((ET91*1.1*0.6)) -> 0 | AE91: =((EU91*1.1*0.6)) -> 0 | AF91: =((EV91*1.1*0.6)) -> 555.1326 | AG91: =(AP91) -> 0 | AH91: =((EW91*1.1*0.6)) -> 45.54 | AI91: =((EX91*1.1*0.6)) -> 0 | AJ91: =(AS91) -> 0 | AK91: 0 | AL91: 0 | AM91: 0 | AN91: 0 | AO91: 841.11 | AP91: 0 | AQ91: 69 | AR91: 0 | AS91: 0 | AT91: 121 | AU91: 47 | AV91: 1.047 | AW91: 1 | AZ91: 1 | BA91: 1 | BB91: 1 | BC91: 1 | BH91: 0 | BI91: 1 | BJ91: 3.27-72-1 Применительно | BM91: 167 | BN91: 0 | BO91: 3.27-72-1 | BP91: 1 | BQ91: 30 | BR91: 0 | BS91: 1 | BT91: 1 | BU91: 1 | BV91: 1 | BW91: 1 | BX91: 1 | BZ91: 121 | CA91: 47 | CE91: 0 | CF91: 0 | CG91: 0 | CM91: 0 | CN91: Поправка:стеснённые условия, пп. "в" Поправка:При демонтаже металлических конструкций (в т.ч. к стоимости вспомогательных материалов) | CO91: 0 | CP91: =(P91+Q91+S91) -> 534.73 | CQ91: =(AC91*BC91*AW91) -> 0 | CR91: =(((ET91*1.1*0.6))*BB91*AV91) -> 0 | CS91: =(AE91*BS91*AV91) -> 0 | CT91: =(AF91*BA91*AV91) -> 581.22383 | CU91: =AG91 -> 0 | CV91: =(AH91*AV91) -> 47.68038 | CW91: =AI91 -> 0 | CX91: =AJ91 -> 0 | CY91: =(((S91+R91)*BZ91)/100) -> 647.0233 | CZ91: =(((S91+R91)*CA91)/100) -> 251.3231 | DD91: *0 | DE91: *1,1*0,6 | DF91: *1,1*0,6 | DG91: *1,1*0,6 | DI91: *1,1*0,6 | DJ91: *1,1*0,6 | DN91: 0 | DO91: 0 | DP91: 1 | DQ91: 1 | DU91: 1013 | DV91: 100 знаков | DW91: 100 знаков | DX91: 1 | EE91: 86330795 | EF91: 30 | EG91: Строительные работы | EH91: 0 | EJ91: 1 | EK91: 167 | EL91: ТСН-2001.3-27. 27-71, 27-72 | EM91: ТСН-2001.3-27-22 | EO91: Попр.12.00.01.11.003 Попр.06.00.01.35.006 | EQ91: 0 | ER91: 0 | ES91: 0 | ET91: 0 | EU91: 0 | EV91: 841.11 | EW91: 69 | EX91: 0 | EY91: 0 | FQ91: 0 | FR91: 0 | FS91: 0 | FX91: 121 | FY91: 47 | GD91: 1 | GF91: -1402684990 | GG91: 2 | GH91: 0 | GI91: -2 | GJ91: 0 | GK91: 0 | GL91: =ROUND(IF(AND(BH91=3,BI91=3,FS91<>0),P91,0),2) -> 0 | GM91: =ROUND(O91+X91+Y91,2)+GX91 -> 1433.07 | GN91: =IF(OR(BI91=0,BI91=1),GM91-GX91,0) -> 1433.07 | GO91: =IF(BI91=2,GM91-GX91,0) -> 0 | GP91: =IF(BI91=4,GM91-GX91,0) -> 0 | GR91: 0 | GS91: 3 | GT91: 0 | GV91: =(GT91) -> 0 | GW91: 1 | GX91: =ROUND(HC91*I91,2) -> 0 | HA91: 0 | HB91: 0 | HC91: =GV91*GW91 -> 0 | HS91: 0 | IK91: 0
A92: 17 | B92: 1 | C92: =ROW(SmtRes!A90) -> 90 | D92: =ROW(EtalonRes!A90) -> 90 | E92: 15 | F92: 3.27-72-1 | G92: Установка дополнительных щитков (применительно) | H92: 100 знаков | I92: =ROUND(92/100,9) -> 0.92 | J92: 0 | K92: =ROUND(92/100,9) -> 0.92 | O92: =ROUND(CP92,2) -> 30885.77 | P92: =ROUND(CQ92*I92,2) -> 0 | Q92: =ROUND(CR92*I92,2) -> 0 | R92: =ROUND(CS92*I92,2) -> 0 | S92: =ROUND(CT92*I92,2) -> 30885.77 | T92: =ROUND(CU92*I92,2) -> 0 | U92: =CV92*I92 -> 43.86595 | V92: =CW92*I92 -> 0 | W92: =ROUND(CX92*I92,2) -> 0 | X92: =ROUND(CY92,2) -> 37371.78 | Y92: =ROUND(CZ92,2) -> 14516.31 | AA92: 86511348 | AB92: =(AC92+AD92+AF92) -> 555.1326 | AC92: =((ES92*0)) -> 0 | AD92: =((ET92*1.1*0.6)) -> 0 | AE92: =((EU92*1.1*0.6)) -> 0 | AF92: =((EV92*1.1*0.6)) -> 555.1326 | AG92: =(AP92) -> 0 | AH92: =((EW92*1.1*0.6)) -> 45.54 | AI92: =((EX92*1.1*0.6)) -> 0 | AJ92: =(AS92) -> 0 | AK92: 0 | AL92: 0 | AM92: 0 | AN92: 0 | AO92: 841.11 | AP92: 0 | AQ92: 69 | AR92: 0 | AS92: 0 | AT92: 121 | AU92: 47 | AV92: 1.047 | AW92: 1 | AZ92: 1 | BA92: 57.76 | BB92: 1 | BC92: 1.33 | BH92: 0 | BI92: 1 | BJ92: 3.27-72-1 Применительно | BM92: 167 | BN92: 0 | BO92: 3.27-72-1 | BP92: 1 | BQ92: 30 | BR92: 0 | BS92: 57.76 | BT92: 1 | BU92: 1 | BV92: 1 | BW92: 1 | BX92: 1 | BZ92: 121 | CA92: 47 | CE92: 0 | CF92: 0 | CG92: 0 | CM92: 0 | CN92: Поправка:стеснённые условия, пп. "в" Поправка:При демонтаже металлических конструкций (в т.ч. к стоимости вспомогательных материалов) | CO92: 0 | CP92: =(P92+Q92+S92) -> 30885.77 | CQ92: =(AC92*BC92*AW92) -> 0 | CR92: =(((ET92*1.1*0.6))*BB92*AV92) -> 0 | CS92: =(AE92*BS92*AV92) -> 0 | CT92: =(AF92*BA92*AV92) -> 33571.489 | CU92: =AG92 -> 0 | CV92: =(AH92*AV92) -> 47.68038 | CW92: =AI92 -> 0 | CX92: =AJ92 -> 0 | CY92: =(S92+R92)*(BZ92/100) -> 37371.782 | CZ92: =(S92+R92)*(CA92/100) -> 14516.312 | DD92: *0 | DE92: *1,1*0,6 | DF92: *1,1*0,6 | DG92: *1,1*0,6 | DI92: *1,1*0,6 | DJ92: *1,1*0,6 | DN92: 121 | DO92: 47 | DP92: 1 | DQ92: 1 | DU92: 1013 | DV92: 100 знаков | DW92: 100 знаков | DX92: 1 | EE92: 86330795 | EF92: 30 | EG92: Строительные работы | EH92: 0 | EJ92: 1 | EK92: 167 | EL92: ТСН-2001.3-27. 27-71, 27-72 | EM92: ТСН-2001.3-27-22 | EO92: Попр.12.00.01.11.003 Попр.06.00.01.35.006 | EQ92: 0 | ER92: 0 | ES92: 0 | ET92: 0 | EU92: 0 | EV92: 841.11 | EW92: 69 | EX92: 0 | EY92: 0 | FQ92: 0 | FR92: 0 | FS92: 0 | FX92: 121 | FY92: 47 | GD92: 1 | GF92: -1402684990 | GG92: 2 | GH92: 0 | GI92: -2 | GJ92: 0 | GK92: 0 | GL92: =ROUND(IF(AND(BH92=3,BI92=3,FS92<>0),P92,0),2) -> 0 | GM92: =ROUND(O92+X92+Y92,2)+GX92 -> 82773.86 | GN92: =IF(OR(BI92=0,BI92=1),GM92-GX92,0) -> 82773.86 | GO92: =IF(BI92=2,GM92-GX92,0) -> 0 | GP92: =IF(BI92=4,GM92-GX92,0) -> 0 | GR92: 0 | GS92: 3 | GT92: 0 | GV92: =(GT92) -> 0 | GW92: 1.33 | GX92: =ROUND(HC92*I92,2) -> 0 | HA92: 0 | HB92: 0 | HC92: =GV92*GW92 -> 0 | HS92: 0 | IK92: 0
A93: 17 | B93: 1 | C93: =ROW(SmtRes!A93) -> 93 | D93: =ROW(EtalonRes!A93) -> 93 | E93: 16 | F93: 3.27-72-1 | G93: Установка дополнительных щитков (применительно) | H93: 100 знаков | I93: =ROUND(2/100,9) -> 0.02 | J93: 0 | K93: =ROUND(2/100,9) -> 0.02 | O93: =ROUND(CP93,2) -> 11.62 | P93: =ROUND(CQ93*I93,2) -> 0 | Q93: =ROUND(CR93*I93,2) -> 0 | R93: =ROUND(CS93*I93,2) -> 0 | S93: =ROUND(CT93*I93,2) -> 11.62 | T93: =ROUND(CU93*I93,2) -> 0 | U93: =CV93*I93 -> 0.9536076 | V93: =CW93*I93 -> 0 | W93: =ROUND(CX93*I93,2) -> 0 | X93: =ROUND(CY93,2) -> 14.06 | Y93: =ROUND(CZ93,2) -> 5.46 | AA93: 86511347 | AB93: =(AC93+AD93+AF93) -> 555.1326 | AC93: =((ES93*0)) -> 0 | AD93: =((ET93*1.1*0.6)) -> 0 | AE93: =((EU93*1.1*0.6)) -> 0 | AF93: =((EV93*1.1*0.6)) -> 555.1326 | AG93: =(AP93) -> 0 | AH93: =((EW93*1.1*0.6)) -> 45.54 | AI93: =((EX93*1.1*0.6)) -> 0 | AJ93: =(AS93) -> 0 | AK93: 0 | AL93: 0 | AM93: 0 | AN93: 0 | AO93: 841.11 | AP93: 0 | AQ93: 69 | AR93: 0 | AS93: 0 | AT93: 121 | AU93: 47 | AV93: 1.047 | AW93: 1 | AZ93: 1 | BA93: 1 | BB93: 1 | BC93: 1 | BH93: 0 | BI93: 1 | BJ93: 3.27-72-1 Применительно | BM93: 167 | BN93: 0 | BO93: 3.27-72-1 | BP93: 1 | BQ93: 30 | BR93: 0 | BS93: 1 | BT93: 1 | BU93: 1 | BV93: 1 | BW93: 1 | BX93: 1 | BZ93: 121 | CA93: 47 | CE93: 0 | CF93: 0 | CG93: 0 | CM93: 0 | CN93: Поправка:стеснённые условия, пп. "в" Поправка:При демонтаже металлических конструкций (в т.ч. к стоимости вспомогательных материалов) | CO93: 0 | CP93: =(P93+Q93+S93) -> 11.62 | CQ93: =(AC93*BC93*AW93) -> 0 | CR93: =(((ET93*1.1*0.6))*BB93*AV93) -> 0 | CS93: =(AE93*BS93*AV93) -> 0 | CT93: =(AF93*BA93*AV93) -> 581.22383 | CU93: =AG93 -> 0 | CV93: =(AH93*AV93) -> 47.68038 | CW93: =AI93 -> 0 | CX93: =AJ93 -> 0 | CY93: =(((S93+R93)*BZ93)/100) -> 14.0602 | CZ93: =(((S93+R93)*CA93)/100) -> 5.4614 | DD93: *0 | DE93: *1,1*0,6 | DF93: *1,1*0,6 | DG93: *1,1*0,6 | DI93: *1,1*0,6 | DJ93: *1,1*0,6 | DN93: 0 | DO93: 0 | DP93: 1 | DQ93: 1 | DU93: 1013 | DV93: 100 знаков | DW93: 100 знаков | DX93: 1 | EE93: 86330795 | EF93: 30 | EG93: Строительные работы | EH93: 0 | EJ93: 1 | EK93: 167 | EL93: ТСН-2001.3-27. 27-71, 27-72 | EM93: ТСН-2001.3-27-22 | EO93: Попр.12.00.01.11.003 Попр.06.00.01.35.006 | EQ93: 0 | ER93: 0 | ES93: 0 | ET93: 0 | EU93: 0 | EV93: 841.11 | EW93: 69 | EX93: 0 | EY93: 0 | FQ93: 0 | FR93: 0 | FS93: 0 | FX93: 121 | FY93: 47 | GD93: 1 | GF93: -1256487674 | GG93: 2 | GH93: 0 | GI93: -2 | GJ93: 0 | GK93: 0 | GL93: =ROUND(IF(AND(BH93=3,BI93=3,FS93<>0),P93,0),2) -> 0 | GM93: =ROUND(O93+X93+Y93,2)+GX93 -> 31.14 | GN93: =IF(OR(BI93=0,BI93=1),GM93-GX93,0) -> 31.14 | GO93: =IF(BI93=2,GM93-GX93,0) -> 0 | GP93: =IF(BI93=4,GM93-GX93,0) -> 0 | GR93: 0 | GS93: 3 | GT93: 0 | GV93: =(GT93) -> 0 | GW93: 1 | GX93: =ROUND(HC93*I93,2) -> 0 | HA93: 0 | HB93: 0 | HC93: =GV93*GW93 -> 0 | HS93: 0 | IK93: 0
A94: 17 | B94: 1 | C94: =ROW(SmtRes!A96) -> 96 | D94: =ROW(EtalonRes!A96) -> 96 | E94: 16 | F94: 3.27-72-1 | G94: Установка дополнительных щитков (применительно) | H94: 100 знаков | I94: =ROUND(2/100,9) -> 0.02 | J94: 0 | K94: =ROUND(2/100,9) -> 0.02 | O94: =ROUND(CP94,2) -> 671.43 | P94: =ROUND(CQ94*I94,2) -> 0 | Q94: =ROUND(CR94*I94,2) -> 0 | R94: =ROUND(CS94*I94,2) -> 0 | S94: =ROUND(CT94*I94,2) -> 671.43 | T94: =ROUND(CU94*I94,2) -> 0 | U94: =CV94*I94 -> 0.9536076 | V94: =CW94*I94 -> 0 | W94: =ROUND(CX94*I94,2) -> 0 | X94: =ROUND(CY94,2) -> 812.43 | Y94: =ROUND(CZ94,2) -> 315.57 | AA94: 86511348 | AB94: =(AC94+AD94+AF94) -> 555.1326 | AC94: =((ES94*0)) -> 0 | AD94: =((ET94*1.1*0.6)) -> 0 | AE94: =((EU94*1.1*0.6)) -> 0 | AF94: =((EV94*1.1*0.6)) -> 555.1326 | AG94: =(AP94) -> 0 | AH94: =((EW94*1.1*0.6)) -> 45.54 | AI94: =((EX94*1.1*0.6)) -> 0 | AJ94: =(AS94) -> 0 | AK94: 0 | AL94: 0 | AM94: 0 | AN94: 0 | AO94: 841.11 | AP94: 0 | AQ94: 69 | AR94: 0 | AS94: 0 | AT94: 121 | AU94: 47 | AV94: 1.047 | AW94: 1 | AZ94: 1 | BA94: 57.76 | BB94: 1 | BC94: 1.33 | BH94: 0 | BI94: 1 | BJ94: 3.27-72-1 Применительно | BM94: 167 | BN94: 0 | BO94: 3.27-72-1 | BP94: 1 | BQ94: 30 | BR94: 0 | BS94: 57.76 | BT94: 1 | BU94: 1 | BV94: 1 | BW94: 1 | BX94: 1 | BZ94: 121 | CA94: 47 | CE94: 0 | CF94: 0 | CG94: 0 | CM94: 0 | CN94: Поправка:стеснённые условия, пп. "в" Поправка:При демонтаже металлических конструкций (в т.ч. к стоимости вспомогательных материалов) | CO94: 0 | CP94: =(P94+Q94+S94) -> 671.43 | CQ94: =(AC94*BC94*AW94) -> 0 | CR94: =(((ET94*1.1*0.6))*BB94*AV94) -> 0 | CS94: =(AE94*BS94*AV94) -> 0 | CT94: =(AF94*BA94*AV94) -> 33571.489 | CU94: =AG94 -> 0 | CV94: =(AH94*AV94) -> 47.68038 | CW94: =AI94 -> 0 | CX94: =AJ94 -> 0 | CY94: =(S94+R94)*(BZ94/100) -> 812.4303 | CZ94: =(S94+R94)*(CA94/100) -> 315.5721 | DD94: *0 | DE94: *1,1*0,6 | DF94: *1,1*0,6 | DG94: *1,1*0,6 | DI94: *1,1*0,6 | DJ94: *1,1*0,6 | DN94: 121 | DO94: 47 | DP94: 1 | DQ94: 1 | DU94: 1013 | DV94: 100 знаков | DW94: 100 знаков | DX94: 1 | EE94: 86330795 | EF94: 30 | EG94: Строительные работы | EH94: 0 | EJ94: 1 | EK94: 167 | EL94: ТСН-2001.3-27. 27-71, 27-72 | EM94: ТСН-2001.3-27-22 | EO94: Попр.12.00.01.11.003 Попр.06.00.01.35.006 | EQ94: 0 | ER94: 0 | ES94: 0 | ET94: 0 | EU94: 0 | EV94: 841.11 | EW94: 69 | EX94: 0 | EY94: 0 | FQ94: 0 | FR94: 0 | FS94: 0 | FX94: 121 | FY94: 47 | GD94: 1 | GF94: -1256487674 | GG94: 2 | GH94: 0 | GI94: -2 | GJ94: 0 | GK94: 0 | GL94: =ROUND(IF(AND(BH94=3,BI94=3,FS94<>0),P94,0),2) -> 0 | GM94: =ROUND(O94+X94+Y94,2)+GX94 -> 1799.43 | GN94: =IF(OR(BI94=0,BI94=1),GM94-GX94,0) -> 1799.43 | GO94: =IF(BI94=2,GM94-GX94,0) -> 0 | GP94: =IF(BI94=4,GM94-GX94,0) -> 0 | GR94: 0 | GS94: 3 | GT94: 0 | GV94: =(GT94) -> 0 | GW94: 1.33 | GX94: =ROUND(HC94*I94,2) -> 0 | HA94: 0 | HB94: 0 | HC94: =GV94*GW94 -> 0 | HS94: 0 | IK94: 0
A95: 17 | B95: 1 | C95: =ROW(SmtRes!A99) -> 99 | D95: =ROW(EtalonRes!A99) -> 99 | E95: 17 | F95: 3.27-72-1 | G95: Установка дополнительных щитков (применительно) | H95: 100 знаков | I95: =ROUND(11/100,9) -> 0.11 | J95: 0 | K95: =ROUND(11/100,9) -> 0.11 | O95: =ROUND(CP95,2) -> 63.93 | P95: =ROUND(CQ95*I95,2) -> 0 | Q95: =ROUND(CR95*I95,2) -> 0 | R95: =ROUND(CS95*I95,2) -> 0 | S95: =ROUND(CT95*I95,2) -> 63.93 | T95: =ROUND(CU95*I95,2) -> 0 | U95: =CV95*I95 -> 5.2448418 | V95: =CW95*I95 -> 0 | W95: =ROUND(CX95*I95,2) -> 0 | X95: =ROUND(CY95,2) -> 77.36 | Y95: =ROUND(CZ95,2) -> 30.05 | AA95: 86511347 | AB95: =(AC95+AD95+AF95) -> 555.1326 | AC95: =((ES95*0)) -> 0 | AD95: =((ET95*1.1*0.6)) -> 0 | AE95: =((EU95*1.1*0.6)) -> 0 | AF95: =((EV95*1.1*0.6)) -> 555.1326 | AG95: =(AP95) -> 0 | AH95: =((EW95*1.1*0.6)) -> 45.54 | AI95: =((EX95*1.1*0.6)) -> 0 | AJ95: =(AS95) -> 0 | AK95: 0 | AL95: 0 | AM95: 0 | AN95: 0 | AO95: 841.11 | AP95: 0 | AQ95: 69 | AR95: 0 | AS95: 0 | AT95: 121 | AU95: 47 | AV95: 1.047 | AW95: 1 | AZ95: 1 | BA95: 1 | BB95: 1 | BC95: 1 | BH95: 0 | BI95: 1 | BJ95: 3.27-72-1 Применительно | BM95: 167 | BN95: 0 | BO95: 3.27-72-1 | BP95: 1 | BQ95: 30 | BR95: 0 | BS95: 1 | BT95: 1 | BU95: 1 | BV95: 1 | BW95: 1 | BX95: 1 | BZ95: 121 | CA95: 47 | CE95: 0 | CF95: 0 | CG95: 0 | CM95: 0 | CN95: Поправка:стеснённые условия, пп. "в" Поправка:При демонтаже металлических конструкций (в т.ч. к стоимости вспомогательных материалов) | CO95: 0 | CP95: =(P95+Q95+S95) -> 63.93 | CQ95: =(AC95*BC95*AW95) -> 0 | CR95: =(((ET95*1.1*0.6))*BB95*AV95) -> 0 | CS95: =(AE95*BS95*AV95) -> 0 | CT95: =(AF95*BA95*AV95) -> 581.22383 | CU95: =AG95 -> 0 | CV95: =(AH95*AV95) -> 47.68038 | CW95: =AI95 -> 0 | CX95: =AJ95 -> 0 | CY95: =(((S95+R95)*BZ95)/100) -> 77.3553 | CZ95: =(((S95+R95)*CA95)/100) -> 30.0471 | DD95: *0 | DE95: *1,1*0,6 | DF95: *1,1*0,6 | DG95: *1,1*0,6 | DI95: *1,1*0,6 | DJ95: *1,1*0,6 | DN95: 0 | DO95: 0 | DP95: 1 | DQ95: 1 | DU95: 1013 | DV95: 100 знаков | DW95: 100 знаков | DX95: 1 | EE95: 86330795 | EF95: 30 | EG95: Строительные работы | EH95: 0 | EJ95: 1 | EK95: 167 | EL95: ТСН-2001.3-27. 27-71, 27-72 | EM95: ТСН-2001.3-27-22 | EO95: Попр.12.00.01.11.003 Попр.06.00.01.35.006 | EQ95: 0 | ER95: 0 | ES95: 0 | ET95: 0 | EU95: 0 | EV95: 841.11 | EW95: 69 | EX95: 0 | EY95: 0 | FQ95: 0 | FR95: 0 | FS95: 0 | FX95: 121 | FY95: 47 | GD95: 1 | GF95: 1340729877 | GG95: 2 | GH95: 0 | GI95: -2 | GJ95: 0 | GK95: 0 | GL95: =ROUND(IF(AND(BH95=3,BI95=3,FS95<>0),P95,0),2) -> 0 | GM95: =ROUND(O95+X95+Y95,2)+GX95 -> 171.34 | GN95: =IF(OR(BI95=0,BI95=1),GM95-GX95,0) -> 171.34 | GO95: =IF(BI95=2,GM95-GX95,0) -> 0 | GP95: =IF(BI95=4,GM95-GX95,0) -> 0 | GR95: 0 | GS95: 3 | GT95: 0 | GV95: =(GT95) -> 0 | GW95: 1 | GX95: =ROUND(HC95*I95,2) -> 0 | HA95: 0 | HB95: 0 | HC95: =GV95*GW95 -> 0 | HS95: 0 | IK95: 0
A96: 17 | B96: 1 | C96: =ROW(SmtRes!A102) -> 102 | D96: =ROW(EtalonRes!A102) -> 102 | E96: 17 | F96: 3.27-72-1 | G96: Установка дополнительных щитков (применительно) | H96: 100 знаков | I96: =ROUND(11/100,9) -> 0.11 | J96: 0 | K96: =ROUND(11/100,9) -> 0.11 | O96: =ROUND(CP96,2) -> 3692.86 | P96: =ROUND(CQ96*I96,2) -> 0 | Q96: =ROUND(CR96*I96,2) -> 0 | R96: =ROUND(CS96*I96,2) -> 0 | S96: =ROUND(CT96*I96,2) -> 3692.86 | T96: =ROUND(CU96*I96,2) -> 0 | U96: =CV96*I96 -> 5.2448418 | V96: =CW96*I96 -> 0 | W96: =ROUND(CX96*I96,2) -> 0 | X96: =ROUND(CY96,2) -> 4468.36 | Y96: =ROUND(CZ96,2) -> 1735.64 | AA96: 86511348 | AB96: =(AC96+AD96+AF96) -> 555.1326 | AC96: =((ES96*0)) -> 0 | AD96: =((ET96*1.1*0.6)) -> 0 | AE96: =((EU96*1.1*0.6)) -> 0 | AF96: =((EV96*1.1*0.6)) -> 555.1326 | AG96: =(AP96) -> 0 | AH96: =((EW96*1.1*0.6)) -> 45.54 | AI96: =((EX96*1.1*0.6)) -> 0 | AJ96: =(AS96) -> 0 | AK96: 0 | AL96: 0 | AM96: 0 | AN96: 0 | AO96: 841.11 | AP96: 0 | AQ96: 69 | AR96: 0 | AS96: 0 | AT96: 121 | AU96: 47 | AV96: 1.047 | AW96: 1 | AZ96: 1 | BA96: 57.76 | BB96: 1 | BC96: 1.33 | BH96: 0 | BI96: 1 | BJ96: 3.27-72-1 Применительно | BM96: 167 | BN96: 0 | BO96: 3.27-72-1 | BP96: 1 | BQ96: 30 | BR96: 0 | BS96: 57.76 | BT96: 1 | BU96: 1 | BV96: 1 | BW96: 1 | BX96: 1 | BZ96: 121 | CA96: 47 | CE96: 0 | CF96: 0 | CG96: 0 | CM96: 0 | CN96: Поправка:стеснённые условия, пп. "в" Поправка:При демонтаже металлических конструкций (в т.ч. к стоимости вспомогательных материалов) | CO96: 0 | CP96: =(P96+Q96+S96) -> 3692.86 | CQ96: =(AC96*BC96*AW96) -> 0 | CR96: =(((ET96*1.1*0.6))*BB96*AV96) -> 0 | CS96: =(AE96*BS96*AV96) -> 0 | CT96: =(AF96*BA96*AV96) -> 33571.489 | CU96: =AG96 -> 0 | CV96: =(AH96*AV96) -> 47.68038 | CW96: =AI96 -> 0 | CX96: =AJ96 -> 0 | CY96: =(S96+R96)*(BZ96/100) -> 4468.3606 | CZ96: =(S96+R96)*(CA96/100) -> 1735.6442 | DD96: *0 | DE96: *1,1*0,6 | DF96: *1,1*0,6 | DG96: *1,1*0,6 | DI96: *1,1*0,6 | DJ96: *1,1*0,6 | DN96: 121 | DO96: 47 | DP96: 1 | DQ96: 1 | DU96: 1013 | DV96: 100 знаков | DW96: 100 знаков | DX96: 1 | EE96: 86330795 | EF96: 30 | EG96: Строительные работы | EH96: 0 | EJ96: 1 | EK96: 167 | EL96: ТСН-2001.3-27. 27-71, 27-72 | EM96: ТСН-2001.3-27-22 | EO96: Попр.12.00.01.11.003 Попр.06.00.01.35.006 | EQ96: 0 | ER96: 0 | ES96: 0 | ET96: 0 | EU96: 0 | EV96: 841.11 | EW96: 69 | EX96: 0 | EY96: 0 | FQ96: 0 | FR96: 0 | FS96: 0 | FX96: 121 | FY96: 47 | GD96: 1 | GF96: 1340729877 | GG96: 2 | GH96: 0 | GI96: -2 | GJ96: 0 | GK96: 0 | GL96: =ROUND(IF(AND(BH96=3,BI96=3,FS96<>0),P96,0),2) -> 0 | GM96: =ROUND(O96+X96+Y96,2)+GX96 -> 9896.86 | GN96: =IF(OR(BI96=0,BI96=1),GM96-GX96,0) -> 9896.86 | GO96: =IF(BI96=2,GM96-GX96,0) -> 0 | GP96: =IF(BI96=4,GM96-GX96,0) -> 0 | GR96: 0 | GS96: 3 | GT96: 0 | GV96: =(GT96) -> 0 | GW96: 1.33 | GX96: =ROUND(HC96*I96,2) -> 0 | HA96: 0 | HB96: 0 | HC96: =GV96*GW96 -> 0 | HS96: 0 | IK96: 0
A97: 17 | B97: 1 | C97: =ROW(SmtRes!A105) -> 105 | D97: =ROW(EtalonRes!A105) -> 105 | E97: 18 | F97: 3.27-72-1 | G97: Установка дополнительных щитков (применительно) | H97: 100 знаков | I97: =ROUND(4/100,9) -> 0.04 | J97: 0 | K97: =ROUND(4/100,9) -> 0.04 | O97: =ROUND(CP97,2) -> 23.25 | P97: =ROUND(CQ97*I97,2) -> 0 | Q97: =ROUND(CR97*I97,2) -> 0 | R97: =ROUND(CS97*I97,2) -> 0 | S97: =ROUND(CT97*I97,2) -> 23.25 | T97: =ROUND(CU97*I97,2) -> 0 | U97: =CV97*I97 -> 1.9072152 | V97: =CW97*I97 -> 0 | W97: =ROUND(CX97*I97,2) -> 0 | X97: =ROUND(CY97,2) -> 28.13 | Y97: =ROUND(CZ97,2) -> 10.93 | AA97: 86511347 | AB97: =(AC97+AD97+AF97) -> 555.1326 | AC97: =((ES97*0)) -> 0 | AD97: =((ET97*1.1*0.6)) -> 0 | AE97: =((EU97*1.1*0.6)) -> 0 | AF97: =((EV97*1.1*0.6)) -> 555.1326 | AG97: =(AP97) -> 0 | AH97: =((EW97*1.1*0.6)) -> 45.54 | AI97: =((EX97*1.1*0.6)) -> 0 | AJ97: =(AS97) -> 0 | AK97: 0 | AL97: 0 | AM97: 0 | AN97: 0 | AO97: 841.11 | AP97: 0 | AQ97: 69 | AR97: 0 | AS97: 0 | AT97: 121 | AU97: 47 | AV97: 1.047 | AW97: 1 | AZ97: 1 | BA97: 1 | BB97: 1 | BC97: 1 | BH97: 0 | BI97: 1 | BJ97: 3.27-72-1 Применительно | BM97: 167 | BN97: 0 | BO97: 3.27-72-1 | BP97: 1 | BQ97: 30 | BR97: 0 | BS97: 1 | BT97: 1 | BU97: 1 | BV97: 1 | BW97: 1 | BX97: 1 | BZ97: 121 | CA97: 47 | CE97: 0 | CF97: 0 | CG97: 0 | CM97: 0 | CN97: Поправка:стеснённые условия, пп. "в" Поправка:При демонтаже металлических конструкций (в т.ч. к стоимости вспомогательных материалов) | CO97: 0 | CP97: =(P97+Q97+S97) -> 23.25 | CQ97: =(AC97*BC97*AW97) -> 0 | CR97: =(((ET97*1.1*0.6))*BB97*AV97) -> 0 | CS97: =(AE97*BS97*AV97) -> 0 | CT97: =(AF97*BA97*AV97) -> 581.22383 | CU97: =AG97 -> 0 | CV97: =(AH97*AV97) -> 47.68038 | CW97: =AI97 -> 0 | CX97: =AJ97 -> 0 | CY97: =(((S97+R97)*BZ97)/100) -> 28.1325 | CZ97: =(((S97+R97)*CA97)/100) -> 10.9275 | DD97: *0 | DE97: *1,1*0,6 | DF97: *1,1*0,6 | DG97: *1,1*0,6 | DI97: *1,1*0,6 | DJ97: *1,1*0,6 | DN97: 0 | DO97: 0 | DP97: 1 | DQ97: 1 | DU97: 1013 | DV97: 100 знаков | DW97: 100 знаков | DX97: 1 | EE97: 86330795 | EF97: 30 | EG97: Строительные работы | EH97: 0 | EJ97: 1 | EK97: 167 | EL97: ТСН-2001.3-27. 27-71, 27-72 | EM97: ТСН-2001.3-27-22 | EO97: Попр.12.00.01.11.003 Попр.06.00.01.35.006 | EQ97: 0 | ER97: 0 | ES97: 0 | ET97: 0 | EU97: 0 | EV97: 841.11 | EW97: 69 | EX97: 0 | EY97: 0 | FQ97: 0 | FR97: 0 | FS97: 0 | FX97: 121 | FY97: 47 | GD97: 1 | GF97: -1017361511 | GG97: 2 | GH97: 0 | GI97: -2 | GJ97: 0 | GK97: 0 | GL97: =ROUND(IF(AND(BH97=3,BI97=3,FS97<>0),P97,0),2) -> 0 | GM97: =ROUND(O97+X97+Y97,2)+GX97 -> 62.31 | GN97: =IF(OR(BI97=0,BI97=1),GM97-GX97,0) -> 62.31 | GO97: =IF(BI97=2,GM97-GX97,0) -> 0 | GP97: =IF(BI97=4,GM97-GX97,0) -> 0 | GR97: 0 | GS97: 3 | GT97: 0 | GV97: =(GT97) -> 0 | GW97: 1 | GX97: =ROUND(HC97*I97,2) -> 0 | HA97: 0 | HB97: 0 | HC97: =GV97*GW97 -> 0 | HS97: 0 | IK97: 0
A98: 17 | B98: 1 | C98: =ROW(SmtRes!A108) -> 108 | D98: =ROW(EtalonRes!A108) -> 108 | E98: 18 | F98: 3.27-72-1 | G98: Установка дополнительных щитков (применительно) | H98: 100 знаков | I98: =ROUND(4/100,9) -> 0.04 | J98: 0 | K98: =ROUND(4/100,9) -> 0.04 | O98: =ROUND(CP98,2) -> 1342.86 | P98: =ROUND(CQ98*I98,2) -> 0 | Q98: =ROUND(CR98*I98,2) -> 0 | R98: =ROUND(CS98*I98,2) -> 0 | S98: =ROUND(CT98*I98,2) -> 1342.86 | T98: =ROUND(CU98*I98,2) -> 0 | U98: =CV98*I98 -> 1.9072152 | V98: =CW98*I98 -> 0 | W98: =ROUND(CX98*I98,2) -> 0 | X98: =ROUND(CY98,2) -> 1624.86 | Y98: =ROUND(CZ98,2) -> 631.14 | AA98: 86511348 | AB98: =(AC98+AD98+AF98) -> 555.1326 | AC98: =((ES98*0)) -> 0 | AD98: =((ET98*1.1*0.6)) -> 0 | AE98: =((EU98*1.1*0.6)) -> 0 | AF98: =((EV98*1.1*0.6)) -> 555.1326 | AG98: =(AP98) -> 0 | AH98: =((EW98*1.1*0.6)) -> 45.54 | AI98: =((EX98*1.1*0.6)) -> 0 | AJ98: =(AS98) -> 0 | AK98: 0 | AL98: 0 | AM98: 0 | AN98: 0 | AO98: 841.11 | AP98: 0 | AQ98: 69 | AR98: 0 | AS98: 0 | AT98: 121 | AU98: 47 | AV98: 1.047 | AW98: 1 | AZ98: 1 | BA98: 57.76 | BB98: 1 | BC98: 1.33 | BH98: 0 | BI98: 1 | BJ98: 3.27-72-1 Применительно | BM98: 167 | BN98: 0 | BO98: 3.27-72-1 | BP98: 1 | BQ98: 30 | BR98: 0 | BS98: 57.76 | BT98: 1 | BU98: 1 | BV98: 1 | BW98: 1 | BX98: 1 | BZ98: 121 | CA98: 47 | CE98: 0 | CF98: 0 | CG98: 0 | CM98: 0 | CN98: Поправка:стеснённые условия, пп. "в" Поправка:При демонтаже металлических конструкций (в т.ч. к стоимости вспомогательных материалов) | CO98: 0 | CP98: =(P98+Q98+S98) -> 1342.86 | CQ98: =(AC98*BC98*AW98) -> 0 | CR98: =(((ET98*1.1*0.6))*BB98*AV98) -> 0 | CS98: =(AE98*BS98*AV98) -> 0 | CT98: =(AF98*BA98*AV98) -> 33571.489 | CU98: =AG98 -> 0 | CV98: =(AH98*AV98) -> 47.68038 | CW98: =AI98 -> 0 | CX98: =AJ98 -> 0 | CY98: =(S98+R98)*(BZ98/100) -> 1624.8606 | CZ98: =(S98+R98)*(CA98/100) -> 631.1442 | DD98: *0 | DE98: *1,1*0,6 | DF98: *1,1*0,6 | DG98: *1,1*0,6 | DI98: *1,1*0,6 | DJ98: *1,1*0,6 | DN98: 121 | DO98: 47 | DP98: 1 | DQ98: 1 | DU98: 1013 | DV98: 100 знаков | DW98: 100 знаков | DX98: 1 | EE98: 86330795 | EF98: 30 | EG98: Строительные работы | EH98: 0 | EJ98: 1 | EK98: 167 | EL98: ТСН-2001.3-27. 27-71, 27-72 | EM98: ТСН-2001.3-27-22 | EO98: Попр.12.00.01.11.003 Попр.06.00.01.35.006 | EQ98: 0 | ER98: 0 | ES98: 0 | ET98: 0 | EU98: 0 | EV98: 841.11 | EW98: 69 | EX98: 0 | EY98: 0 | FQ98: 0 | FR98: 0 | FS98: 0 | FX98: 121 | FY98: 47 | GD98: 1 | GF98: -1017361511 | GG98: 2 | GH98: 0 | GI98: -2 | GJ98: 0 | GK98: 0 | GL98: =ROUND(IF(AND(BH98=3,BI98=3,FS98<>0),P98,0),2) -> 0 | GM98: =ROUND(O98+X98+Y98,2)+GX98 -> 3598.86 | GN98: =IF(OR(BI98=0,BI98=1),GM98-GX98,0) -> 3598.86 | GO98: =IF(BI98=2,GM98-GX98,0) -> 0 | GP98: =IF(BI98=4,GM98-GX98,0) -> 0 | GR98: 0 | GS98: 3 | GT98: 0 | GV98: =(GT98) -> 0 | GW98: 1.33 | GX98: =ROUND(HC98*I98,2) -> 0 | HA98: 0 | HB98: 0 | HC98: =GV98*GW98 -> 0 | HS98: 0 | IK98: 0
A99: 17 | B99: 1 | C99: =ROW(SmtRes!A111) -> 111 | D99: =ROW(EtalonRes!A111) -> 111 | E99: 19 | F99: 3.27-72-1 | G99: Установка дополнительных щитков (применительно) | H99: 100 знаков | I99: =ROUND(19/100,9) -> 0.19 | J99: 0 | K99: =ROUND(19/100,9) -> 0.19 | O99: =ROUND(CP99,2) -> 110.43 | P99: =ROUND(CQ99*I99,2) -> 0 | Q99: =ROUND(CR99*I99,2) -> 0 | R99: =ROUND(CS99*I99,2) -> 0 | S99: =ROUND(CT99*I99,2) -> 110.43 | T99: =ROUND(CU99*I99,2) -> 0 | U99: =CV99*I99 -> 9.0592722 | V99: =CW99*I99 -> 0 | W99: =ROUND(CX99*I99,2) -> 0 | X99: =ROUND(CY99,2) -> 133.62 | Y99: =ROUND(CZ99,2) -> 51.9 | AA99: 86511347 | AB99: =(AC99+AD99+AF99) -> 555.1326 | AC99: =((ES99*0)) -> 0 | AD99: =((ET99*1.1*0.6)) -> 0 | AE99: =((EU99*1.1*0.6)) -> 0 | AF99: =((EV99*1.1*0.6)) -> 555.1326 | AG99: =(AP99) -> 0 | AH99: =((EW99*1.1*0.6)) -> 45.54 | AI99: =((EX99*1.1*0.6)) -> 0 | AJ99: =(AS99) -> 0 | AK99: 0 | AL99: 0 | AM99: 0 | AN99: 0 | AO99: 841.11 | AP99: 0 | AQ99: 69 | AR99: 0 | AS99: 0 | AT99: 121 | AU99: 47 | AV99: 1.047 | AW99: 1 | AZ99: 1 | BA99: 1 | BB99: 1 | BC99: 1 | BH99: 0 | BI99: 1 | BJ99: 3.27-72-1 Применительно | BM99: 167 | BN99: 0 | BO99: 3.27-72-1 | BP99: 1 | BQ99: 30 | BR99: 0 | BS99: 1 | BT99: 1 | BU99: 1 | BV99: 1 | BW99: 1 | BX99: 1 | BZ99: 121 | CA99: 47 | CE99: 0 | CF99: 0 | CG99: 0 | CM99: 0 | CN99: Поправка:стеснённые условия, пп. "в" Поправка:При демонтаже металлических конструкций (в т.ч. к стоимости вспомогательных материалов) | CO99: 0 | CP99: =(P99+Q99+S99) -> 110.43 | CQ99: =(AC99*BC99*AW99) -> 0 | CR99: =(((ET99*1.1*0.6))*BB99*AV99) -> 0 | CS99: =(AE99*BS99*AV99) -> 0 | CT99: =(AF99*BA99*AV99) -> 581.22383 | CU99: =AG99 -> 0 | CV99: =(AH99*AV99) -> 47.68038 | CW99: =AI99 -> 0 | CX99: =AJ99 -> 0 | CY99: =(((S99+R99)*BZ99)/100) -> 133.6203 | CZ99: =(((S99+R99)*CA99)/100) -> 51.9021 | DD99: *0 | DE99: *1,1*0,6 | DF99: *1,1*0,6 | DG99: *1,1*0,6 | DI99: *1,1*0,6 | DJ99: *1,1*0,6 | DN99: 0 | DO99: 0 | DP99: 1 | DQ99: 1 | DU99: 1013 | DV99: 100 знаков | DW99: 100 знаков | DX99: 1 | EE99: 86330795 | EF99: 30 | EG99: Строительные работы | EH99: 0 | EJ99: 1 | EK99: 167 | EL99: ТСН-2001.3-27. 27-71, 27-72 | EM99: ТСН-2001.3-27-22 | EO99: Попр.12.00.01.11.003 Попр.06.00.01.35.006 | EQ99: 0 | ER99: 0 | ES99: 0 | ET99: 0 | EU99: 0 | EV99: 841.11 | EW99: 69 | EX99: 0 | EY99: 0 | FQ99: 0 | FR99: 0 | FS99: 0 | FX99: 121 | FY99: 47 | GD99: 1 | GF99: -1016652261 | GG99: 2 | GH99: 0 | GI99: -2 | GJ99: 0 | GK99: 0 | GL99: =ROUND(IF(AND(BH99=3,BI99=3,FS99<>0),P99,0),2) -> 0 | GM99: =ROUND(O99+X99+Y99,2)+GX99 -> 295.95 | GN99: =IF(OR(BI99=0,BI99=1),GM99-GX99,0) -> 295.95 | GO99: =IF(BI99=2,GM99-GX99,0) -> 0 | GP99: =IF(BI99=4,GM99-GX99,0) -> 0 | GR99: 0 | GS99: 3 | GT99: 0 | GV99: =(GT99) -> 0 | GW99: 1 | GX99: =ROUND(HC99*I99,2) -> 0 | HA99: 0 | HB99: 0 | HC99: =GV99*GW99 -> 0 | HS99: 0 | IK99: 0
A100: 17 | B100: 1 | C100: =ROW(SmtRes!A114) -> 114 | D100: =ROW(EtalonRes!A114) -> 114 | E100: 19 | F100: 3.27-72-1 | G100: Установка дополнительных щитков (применительно) | H100: 100 знаков | I100: =ROUND(19/100,9) -> 0.19 | J100: 0 | K100: =ROUND(19/100,9) -> 0.19 | O100: =ROUND(CP100,2) -> 6378.58 | P100: =ROUND(CQ100*I100,2) -> 0 | Q100: =ROUND(CR100*I100,2) -> 0 | R100: =ROUND(CS100*I100,2) -> 0 | S100: =ROUND(CT100*I100,2) -> 6378.58 | T100: =ROUND(CU100*I100,2) -> 0 | U100: =CV100*I100 -> 9.0592722 | V100: =CW100*I100 -> 0 | W100: =ROUND(CX100*I100,2) -> 0 | X100: =ROUND(CY100,2) -> 7718.08 | Y100: =ROUND(CZ100,2) -> 2997.93 | AA100: 86511348 | AB100: =(AC100+AD100+AF100) -> 555.1326 | AC100: =((ES100*0)) -> 0 | AD100: =((ET100*1.1*0.6)) -> 0 | AE100: =((EU100*1.1*0.6)) -> 0 | AF100: =((EV100*1.1*0.6)) -> 555.1326 | AG100: =(AP100) -> 0 | AH100: =((EW100*1.1*0.6)) -> 45.54 | AI100: =((EX100*1.1*0.6)) -> 0 | AJ100: =(AS100) -> 0 | AK100: 0 | AL100: 0 | AM100: 0 | AN100: 0 | AO100: 841.11 | AP100: 0 | AQ100: 69 | AR100: 0 | AS100: 0 | AT100: 121 | AU100: 47 | AV100: 1.047 | AW100: 1 | AZ100: 1 | BA100: 57.76 | BB100: 1 | BC100: 1.33 | BH100: 0 | BI100: 1 | BJ100: 3.27-72-1 Применительно | BM100: 167 | BN100: 0 | BO100: 3.27-72-1 | BP100: 1 | BQ100: 30 | BR100: 0 | BS100: 57.76 | BT100: 1 | BU100: 1 | BV100: 1 | BW100: 1 | BX100: 1 | BZ100: 121 | CA100: 47 | CE100: 0 | CF100: 0 | CG100: 0 | CM100: 0 | CN100: Поправка:стеснённые условия, пп. "в" Поправка:При демонтаже металлических конструкций (в т.ч. к стоимости вспомогательных материалов) | CO100: 0 | CP100: =(P100+Q100+S100) -> 6378.58 | CQ100: =(AC100*BC100*AW100) -> 0 | CR100: =(((ET100*1.1*0.6))*BB100*AV100) -> 0 | CS100: =(AE100*BS100*AV100) -> 0 | CT100: =(AF100*BA100*AV100) -> 33571.489 | CU100: =AG100 -> 0 | CV100: =(AH100*AV100) -> 47.68038 | CW100: =AI100 -> 0 | CX100: =AJ100 -> 0 | CY100: =(S100+R100)*(BZ100/100) -> 7718.0818 | CZ100: =(S100+R100)*(CA100/100) -> 2997.9326 | DD100: *0 | DE100: *1,1*0,6 | DF100: *1,1*0,6 | DG100: *1,1*0,6 | DI100: *1,1*0,6 | DJ100: *1,1*0,6 | DN100: 121 | DO100: 47 | DP100: 1 | DQ100: 1 | DU100: 1013 | DV100: 100 знаков | DW100: 100 знаков | DX100: 1 | EE100: 86330795 | EF100: 30 | EG100: Строительные работы | EH100: 0 | EJ100: 1 | EK100: 167 | EL100: ТСН-2001.3-27. 27-71, 27-72 | EM100: ТСН-2001.3-27-22 | EO100: Попр.12.00.01.11.003 Попр.06.00.01.35.006 | EQ100: 0 | ER100: 0 | ES100: 0 | ET100: 0 | EU100: 0 | EV100: 841.11 | EW100: 69 | EX100: 0 | EY100: 0 | FQ100: 0 | FR100: 0 | FS100: 0 | FX100: 121 | FY100: 47 | GD100: 1 | GF100: -1016652261 | GG100: 2 | GH100: 0 | GI100: -2 | GJ100: 0 | GK100: 0 | GL100: =ROUND(IF(AND(BH100=3,BI100=3,FS100<>0),P100,0),2) -> 0 | GM100: =ROUND(O100+X100+Y100,2)+GX100 -> 17094.59 | GN100: =IF(OR(BI100=0,BI100=1),GM100-GX100,0) -> 17094.59 | GO100: =IF(BI100=2,GM100-GX100,0) -> 0 | GP100: =IF(BI100=4,GM100-GX100,0) -> 0 | GR100: 0 | GS100: 3 | GT100: 0 | GV100: =(GT100) -> 0 | GW100: 1.33 | GX100: =ROUND(HC100*I100,2) -> 0 | HA100: 0 | HB100: 0 | HC100: =GV100*GW100 -> 0 | HS100: 0 | IK100: 0
A101: 17 | B101: 1 | C101: =ROW(SmtRes!A117) -> 117 | D101: =ROW(EtalonRes!A117) -> 117 | E101: 20 | F101: 3.27-72-1 | G101: Установка дополнительных щитков (применительно) | H101: 100 знаков | I101: =ROUND(48/100,9) -> 0.48 | J101: 0 | K101: =ROUND(48/100,9) -> 0.48 | O101: =ROUND(CP101,2) -> 278.99 | P101: =ROUND(CQ101*I101,2) -> 0 | Q101: =ROUND(CR101*I101,2) -> 0 | R101: =ROUND(CS101*I101,2) -> 0 | S101: =ROUND(CT101*I101,2) -> 278.99 | T101: =ROUND(CU101*I101,2) -> 0 | U101: =CV101*I101 -> 22.886582 | V101: =CW101*I101 -> 0 | W101: =ROUND(CX101*I101,2) -> 0 | X101: =ROUND(CY101,2) -> 337.58 | Y101: =ROUND(CZ101,2) -> 131.13 | AA101: 86511347 | AB101: =(AC101+AD101+AF101) -> 555.1326 | AC101: =((ES101*0)) -> 0 | AD101: =((ET101*1.1*0.6)) -> 0 | AE101: =((EU101*1.1*0.6)) -> 0 | AF101: =((EV101*1.1*0.6)) -> 555.1326 | AG101: =(AP101) -> 0 | AH101: =((EW101*1.1*0.6)) -> 45.54 | AI101: =((EX101*1.1*0.6)) -> 0 | AJ101: =(AS101) -> 0 | AK101: 0 | AL101: 0 | AM101: 0 | AN101: 0 | AO101: 841.11 | AP101: 0 | AQ101: 69 | AR101: 0 | AS101: 0 | AT101: 121 | AU101: 47 | AV101: 1.047 | AW101: 1 | AZ101: 1 | BA101: 1 | BB101: 1 | BC101: 1 | BH101: 0 | BI101: 1 | BJ101: 3.27-72-1 Применительно | BM101: 167 | BN101: 0 | BO101: 3.27-72-1 | BP101: 1 | BQ101: 30 | BR101: 0 | BS101: 1 | BT101: 1 | BU101: 1 | BV101: 1 | BW101: 1 | BX101: 1 | BZ101: 121 | CA101: 47 | CE101: 0 | CF101: 0 | CG101: 0 | CM101: 0 | CN101: Поправка:стеснённые условия, пп. "в" Поправка:При демонтаже металлических конструкций (в т.ч. к стоимости вспомогательных материалов) | CO101: 0 | CP101: =(P101+Q101+S101) -> 278.99 | CQ101: =(AC101*BC101*AW101) -> 0 | CR101: =(((ET101*1.1*0.6))*BB101*AV101) -> 0 | CS101: =(AE101*BS101*AV101) -> 0 | CT101: =(AF101*BA101*AV101) -> 581.22383 | CU101: =AG101 -> 0 | CV101: =(AH101*AV101) -> 47.68038 | CW101: =AI101 -> 0 | CX101: =AJ101 -> 0 | CY101: =(((S101+R101)*BZ101)/100) -> 337.5779 | CZ101: =(((S101+R101)*CA101)/100) -> 131.1253 | DD101: *0 | DE101: *1,1*0,6 | DF101: *1,1*0,6 | DG101: *1,1*0,6 | DI101: *1,1*0,6 | DJ101: *1,1*0,6 | DN101: 0 | DO101: 0 | DP101: 1 | DQ101: 1 | DU101: 1013 | DV101: 100 знаков | DW101: 100 знаков | DX101: 1 | EE101: 86330795 | EF101: 30 | EG101: Строительные работы | EH101: 0 | EJ101: 1 | EK101: 167 | EL101: ТСН-2001.3-27. 27-71, 27-72 | EM101: ТСН-2001.3-27-22 | EO101: Попр.12.00.01.11.003 Попр.06.00.01.35.006 | EQ101: 0 | ER101: 0 | ES101: 0 | ET101: 0 | EU101: 0 | EV101: 841.11 | EW101: 69 | EX101: 0 | EY101: 0 | FQ101: 0 | FR101: 0 | FS101: 0 | FX101: 121 | FY101: 47 | GD101: 1 | GF101: -464805314 | GG101: 2 | GH101: 0 | GI101: -2 | GJ101: 0 | GK101: 0 | GL101: =ROUND(IF(AND(BH101=3,BI101=3,FS101<>0),P101,0),2) -> 0 | GM101: =ROUND(O101+X101+Y101,2)+GX101 -> 747.7 | GN101: =IF(OR(BI101=0,BI101=1),GM101-GX101,0) -> 747.7 | GO101: =IF(BI101=2,GM101-GX101,0) -> 0 | GP101: =IF(BI101=4,GM101-GX101,0) -> 0 | GR101: 0 | GS101: 3 | GT101: 0 | GV101: =(GT101) -> 0 | GW101: 1 | GX101: =ROUND(HC101*I101,2) -> 0 | HA101: 0 | HB101: 0 | HC101: =GV101*GW101 -> 0 | HS101: 0 | IK101: 0
A102: 17 | B102: 1 | C102: =ROW(SmtRes!A120) -> 120 | D102: =ROW(EtalonRes!A120) -> 120 | E102: 20 | F102: 3.27-72-1 | G102: Установка дополнительных щитков (применительно) | H102: 100 знаков | I102: =ROUND(48/100,9) -> 0.48 | J102: 0 | K102: =ROUND(48/100,9) -> 0.48 | O102: =ROUND(CP102,2) -> 16114.31 | P102: =ROUND(CQ102*I102,2) -> 0 | Q102: =ROUND(CR102*I102,2) -> 0 | R102: =ROUND(CS102*I102,2) -> 0 | S102: =ROUND(CT102*I102,2) -> 16114.31 | T102: =ROUND(CU102*I102,2) -> 0 | U102: =CV102*I102 -> 22.886582 | V102: =CW102*I102 -> 0 | W102: =ROUND(CX102*I102,2) -> 0 | X102: =ROUND(CY102,2) -> 19498.32 | Y102: =ROUND(CZ102,2) -> 7573.73 | AA102: 86511348 | AB102: =(AC102+AD102+AF102) -> 555.1326 | AC102: =((ES102*0)) -> 0 | AD102: =((ET102*1.1*0.6)) -> 0 | AE102: =((EU102*1.1*0.6)) -> 0 | AF102: =((EV102*1.1*0.6)) -> 555.1326 | AG102: =(AP102) -> 0 | AH102: =((EW102*1.1*0.6)) -> 45.54 | AI102: =((EX102*1.1*0.6)) -> 0 | AJ102: =(AS102) -> 0 | AK102: 0 | AL102: 0 | AM102: 0 | AN102: 0 | AO102: 841.11 | AP102: 0 | AQ102: 69 | AR102: 0 | AS102: 0 | AT102: 121 | AU102: 47 | AV102: 1.047 | AW102: 1 | AZ102: 1 | BA102: 57.76 | BB102: 1 | BC102: 1.33 | BH102: 0 | BI102: 1 | BJ102: 3.27-72-1 Применительно | BM102: 167 | BN102: 0 | BO102: 3.27-72-1 | BP102: 1 | BQ102: 30 | BR102: 0 | BS102: 57.76 | BT102: 1 | BU102: 1 | BV102: 1 | BW102: 1 | BX102: 1 | BZ102: 121 | CA102: 47 | CE102: 0 | CF102: 0 | CG102: 0 | CM102: 0 | CN102: Поправка:стеснённые условия, пп. "в" Поправка:При демонтаже металлических конструкций (в т.ч. к стоимости вспомогательных материалов) | CO102: 0 | CP102: =(P102+Q102+S102) -> 16114.31 | CQ102: =(AC102*BC102*AW102) -> 0 | CR102: =(((ET102*1.1*0.6))*BB102*AV102) -> 0 | CS102: =(AE102*BS102*AV102) -> 0 | CT102: =(AF102*BA102*AV102) -> 33571.489 | CU102: =AG102 -> 0 | CV102: =(AH102*AV102) -> 47.68038 | CW102: =AI102 -> 0 | CX102: =AJ102 -> 0 | CY102: =(S102+R102)*(BZ102/100) -> 19498.315 | CZ102: =(S102+R102)*(CA102/100) -> 7573.7257 | DD102: *0 | DE102: *1,1*0,6 | DF102: *1,1*0,6 | DG102: *1,1*0,6 | DI102: *1,1*0,6 | DJ102: *1,1*0,6 | DN102: 121 | DO102: 47 | DP102: 1 | DQ102: 1 | DU102: 1013 | DV102: 100 знаков | DW102: 100 знаков | DX102: 1 | EE102: 86330795 | EF102: 30 | EG102: Строительные работы | EH102: 0 | EJ102: 1 | EK102: 167 | EL102: ТСН-2001.3-27. 27-71, 27-72 | EM102: ТСН-2001.3-27-22 | EO102: Попр.12.00.01.11.003 Попр.06.00.01.35.006 | EQ102: 0 | ER102: 0 | ES102: 0 | ET102: 0 | EU102: 0 | EV102: 841.11 | EW102: 69 | EX102: 0 | EY102: 0 | FQ102: 0 | FR102: 0 | FS102: 0 | FX102: 121 | FY102: 47 | GD102: 1 | GF102: -464805314 | GG102: 2 | GH102: 0 | GI102: -2 | GJ102: 0 | GK102: 0 | GL102: =ROUND(IF(AND(BH102=3,BI102=3,FS102<>0),P102,0),2) -> 0 | GM102: =ROUND(O102+X102+Y102,2)+GX102 -> 43186.36 | GN102: =IF(OR(BI102=0,BI102=1),GM102-GX102,0) -> 43186.36 | GO102: =IF(BI102=2,GM102-GX102,0) -> 0 | GP102: =IF(BI102=4,GM102-GX102,0) -> 0 | GR102: 0 | GS102: 3 | GT102: 0 | GV102: =(GT102) -> 0 | GW102: 1.33 | GX102: =ROUND(HC102*I102,2) -> 0 | HA102: 0 | HB102: 0 | HC102: =GV102*GW102 -> 0 | HS102: 0 | IK102: 0
A103: 17 | B103: 1 | C103: =ROW(SmtRes!A123) -> 123 | D103: =ROW(EtalonRes!A123) -> 123 | E103: 21 | F103: 3.27-72-1 | G103: Установка дополнительных щитков (применительно) | H103: 100 знаков | I103: =ROUND(7/100,9) -> 0.07 | J103: 0 | K103: =ROUND(7/100,9) -> 0.07 | O103: =ROUND(CP103,2) -> 40.69 | P103: =ROUND(CQ103*I103,2) -> 0 | Q103: =ROUND(CR103*I103,2) -> 0 | R103: =ROUND(CS103*I103,2) -> 0 | S103: =ROUND(CT103*I103,2) -> 40.69 | T103: =ROUND(CU103*I103,2) -> 0 | U103: =CV103*I103 -> 3.3376266 | V103: =CW103*I103 -> 0 | W103: =ROUND(CX103*I103,2) -> 0 | X103: =ROUND(CY103,2) -> 49.23 | Y103: =ROUND(CZ103,2) -> 19.12 | AA103: 86511347 | AB103: =(AC103+AD103+AF103) -> 555.1326 | AC103: =((ES103*0)) -> 0 | AD103: =((ET103*1.1*0.6)) -> 0 | AE103: =((EU103*1.1*0.6)) -> 0 | AF103: =((EV103*1.1*0.6)) -> 555.1326 | AG103: =(AP103) -> 0 | AH103: =((EW103*1.1*0.6)) -> 45.54 | AI103: =((EX103*1.1*0.6)) -> 0 | AJ103: =(AS103) -> 0 | AK103: 0 | AL103: 0 | AM103: 0 | AN103: 0 | AO103: 841.11 | AP103: 0 | AQ103: 69 | AR103: 0 | AS103: 0 | AT103: 121 | AU103: 47 | AV103: 1.047 | AW103: 1 | AZ103: 1 | BA103: 1 | BB103: 1 | BC103: 1 | BH103: 0 | BI103: 1 | BJ103: 3.27-72-1 Применительно | BM103: 167 | BN103: 0 | BO103: 3.27-72-1 | BP103: 1 | BQ103: 30 | BR103: 0 | BS103: 1 | BT103: 1 | BU103: 1 | BV103: 1 | BW103: 1 | BX103: 1 | BZ103: 121 | CA103: 47 | CE103: 0 | CF103: 0 | CG103: 0 | CM103: 0 | CN103: Поправка:стеснённые условия, пп. "в" Поправка:При демонтаже металлических конструкций (в т.ч. к стоимости вспомогательных материалов) | CO103: 0 | CP103: =(P103+Q103+S103) -> 40.69 | CQ103: =(AC103*BC103*AW103) -> 0 | CR103: =(((ET103*1.1*0.6))*BB103*AV103) -> 0 | CS103: =(AE103*BS103*AV103) -> 0 | CT103: =(AF103*BA103*AV103) -> 581.22383 | CU103: =AG103 -> 0 | CV103: =(AH103*AV103) -> 47.68038 | CW103: =AI103 -> 0 | CX103: =AJ103 -> 0 | CY103: =(((S103+R103)*BZ103)/100) -> 49.2349 | CZ103: =(((S103+R103)*CA103)/100) -> 19.1243 | DD103: *0 | DE103: *1,1*0,6 | DF103: *1,1*0,6 | DG103: *1,1*0,6 | DI103: *1,1*0,6 | DJ103: *1,1*0,6 | DN103: 0 | DO103: 0 | DP103: 1 | DQ103: 1 | DU103: 1013 | DV103: 100 знаков | DW103: 100 знаков | DX103: 1 | EE103: 86330795 | EF103: 30 | EG103: Строительные работы | EH103: 0 | EJ103: 1 | EK103: 167 | EL103: ТСН-2001.3-27. 27-71, 27-72 | EM103: ТСН-2001.3-27-22 | EO103: Попр.12.00.01.11.003 Попр.06.00.01.35.006 | EQ103: 0 | ER103: 0 | ES103: 0 | ET103: 0 | EU103: 0 | EV103: 841.11 | EW103: 69 | EX103: 0 | EY103: 0 | FQ103: 0 | FR103: 0 | FS103: 0 | FX103: 121 | FY103: 47 | GD103: 1 | GF103: 173523739 | GG103: 2 | GH103: 0 | GI103: -2 | GJ103: 0 | GK103: 0 | GL103: =ROUND(IF(AND(BH103=3,BI103=3,FS103<>0),P103,0),2) -> 0 | GM103: =ROUND(O103+X103+Y103,2)+GX103 -> 109.04 | GN103: =IF(OR(BI103=0,BI103=1),GM103-GX103,0) -> 109.04 | GO103: =IF(BI103=2,GM103-GX103,0) -> 0 | GP103: =IF(BI103=4,GM103-GX103,0) -> 0 | GR103: 0 | GS103: 3 | GT103: 0 | GV103: =(GT103) -> 0 | GW103: 1 | GX103: =ROUND(HC103*I103,2) -> 0 | HA103: 0 | HB103: 0 | HC103: =GV103*GW103 -> 0 | HS103: 0 | IK103: 0
A104: 17 | B104: 1 | C104: =ROW(SmtRes!A126) -> 126 | D104: =ROW(EtalonRes!A126) -> 126 | E104: 21 | F104: 3.27-72-1 | G104: Установка дополнительных щитков (применительно) | H104: 100 знаков | I104: =ROUND(7/100,9) -> 0.07 | J104: 0 | K104: =ROUND(7/100,9) -> 0.07 | O104: =ROUND(CP104,2) -> 2350 | P104: =ROUND(CQ104*I104,2) -> 0 | Q104: =ROUND(CR104*I104,2) -> 0 | R104: =ROUND(CS104*I104,2) -> 0 | S104: =ROUND(CT104*I104,2) -> 2350 | T104: =ROUND(CU104*I104,2) -> 0 | U104: =CV104*I104 -> 3.3376266 | V104: =CW104*I104 -> 0 | W104: =ROUND(CX104*I104,2) -> 0 | X104: =ROUND(CY104,2) -> 2843.5 | Y104: =ROUND(CZ104,2) -> 1104.5 | AA104: 86511348 | AB104: =(AC104+AD104+AF104) -> 555.1326 | AC104: =((ES104*0)) -> 0 | AD104: =((ET104*1.1*0.6)) -> 0 | AE104: =((EU104*1.1*0.6)) -> 0 | AF104: =((EV104*1.1*0.6)) -> 555.1326 | AG104: =(AP104) -> 0 | AH104: =((EW104*1.1*0.6)) -> 45.54 | AI104: =((EX104*1.1*0.6)) -> 0 | AJ104: =(AS104) -> 0 | AK104: 0 | AL104: 0 | AM104: 0 | AN104: 0 | AO104: 841.11 | AP104: 0 | AQ104: 69 | AR104: 0 | AS104: 0 | AT104: 121 | AU104: 47 | AV104: 1.047 | AW104: 1 | AZ104: 1 | BA104: 57.76 | BB104: 1 | BC104: 1.33 | BH104: 0 | BI104: 1 | BJ104: 3.27-72-1 Применительно | BM104: 167 | BN104: 0 | BO104: 3.27-72-1 | BP104: 1 | BQ104: 30 | BR104: 0 | BS104: 57.76 | BT104: 1 | BU104: 1 | BV104: 1 | BW104: 1 | BX104: 1 | BZ104: 121 | CA104: 47 | CE104: 0 | CF104: 0 | CG104: 0 | CM104: 0 | CN104: Поправка:стеснённые условия, пп. "в" Поправка:При демонтаже металлических конструкций (в т.ч. к стоимости вспомогательных материалов) | CO104: 0 | CP104: =(P104+Q104+S104) -> 2350 | CQ104: =(AC104*BC104*AW104) -> 0 | CR104: =(((ET104*1.1*0.6))*BB104*AV104) -> 0 | CS104: =(AE104*BS104*AV104) -> 0 | CT104: =(AF104*BA104*AV104) -> 33571.489 | CU104: =AG104 -> 0 | CV104: =(AH104*AV104) -> 47.68038 | CW104: =AI104 -> 0 | CX104: =AJ104 -> 0 | CY104: =(S104+R104)*(BZ104/100) -> 2843.5 | CZ104: =(S104+R104)*(CA104/100) -> 1104.5 | DD104: *0 | DE104: *1,1*0,6 | DF104: *1,1*0,6 | DG104: *1,1*0,6 | DI104: *1,1*0,6 | DJ104: *1,1*0,6 | DN104: 121 | DO104: 47 | DP104: 1 | DQ104: 1 | DU104: 1013 | DV104: 100 знаков | DW104: 100 знаков | DX104: 1 | EE104: 86330795 | EF104: 30 | EG104: Строительные работы | EH104: 0 | EJ104: 1 | EK104: 167 | EL104: ТСН-2001.3-27. 27-71, 27-72 | EM104: ТСН-2001.3-27-22 | EO104: Попр.12.00.01.11.003 Попр.06.00.01.35.006 | EQ104: 0 | ER104: 0 | ES104: 0 | ET104: 0 | EU104: 0 | EV104: 841.11 | EW104: 69 | EX104: 0 | EY104: 0 | FQ104: 0 | FR104: 0 | FS104: 0 | FX104: 121 | FY104: 47 | GD104: 1 | GF104: 173523739 | GG104: 2 | GH104: 0 | GI104: -2 | GJ104: 0 | GK104: 0 | GL104: =ROUND(IF(AND(BH104=3,BI104=3,FS104<>0),P104,0),2) -> 0 | GM104: =ROUND(O104+X104+Y104,2)+GX104 -> 6298 | GN104: =IF(OR(BI104=0,BI104=1),GM104-GX104,0) -> 6298 | GO104: =IF(BI104=2,GM104-GX104,0) -> 0 | GP104: =IF(BI104=4,GM104-GX104,0) -> 0 | GR104: 0 | GS104: 3 | GT104: 0 | GV104: =(GT104) -> 0 | GW104: 1.33 | GX104: =ROUND(HC104*I104,2) -> 0 | HA104: 0 | HB104: 0 | HC104: =GV104*GW104 -> 0 | HS104: 0 | IK104: 0
A105: 17 | B105: 1 | C105: =ROW(SmtRes!A129) -> 129 | D105: =ROW(EtalonRes!A129) -> 129 | E105: 22 | F105: 3.27-72-1 | G105: Установка дополнительных щитков (применительно) | H105: 100 знаков | I105: =ROUND(2/100,9) -> 0.02 | J105: 0 | K105: =ROUND(2/100,9) -> 0.02 | O105: =ROUND(CP105,2) -> 11.62 | P105: =ROUND(CQ105*I105,2) -> 0 | Q105: =ROUND(CR105*I105,2) -> 0 | R105: =ROUND(CS105*I105,2) -> 0 | S105: =ROUND(CT105*I105,2) -> 11.62 | T105: =ROUND(CU105*I105,2) -> 0 | U105: =CV105*I105 -> 0.9536076 | V105: =CW105*I105 -> 0 | W105: =ROUND(CX105*I105,2) -> 0 | X105: =ROUND(CY105,2) -> 14.06 | Y105: =ROUND(CZ105,2) -> 5.46 | AA105: 86511347 | AB105: =(AC105+AD105+AF105) -> 555.1326 | AC105: =((ES105*0)) -> 0 | AD105: =((ET105*1.1*0.6)) -> 0 | AE105: =((EU105*1.1*0.6)) -> 0 | AF105: =((EV105*1.1*0.6)) -> 555.1326 | AG105: =(AP105) -> 0 | AH105: =((EW105*1.1*0.6)) -> 45.54 | AI105: =((EX105*1.1*0.6)) -> 0 | AJ105: =(AS105) -> 0 | AK105: 0 | AL105: 0 | AM105: 0 | AN105: 0 | AO105: 841.11 | AP105: 0 | AQ105: 69 | AR105: 0 | AS105: 0 | AT105: 121 | AU105: 47 | AV105: 1.047 | AW105: 1 | AZ105: 1 | BA105: 1 | BB105: 1 | BC105: 1 | BH105: 0 | BI105: 1 | BJ105: 3.27-72-1 Применительно | BM105: 167 | BN105: 0 | BO105: 3.27-72-1 | BP105: 1 | BQ105: 30 | BR105: 0 | BS105: 1 | BT105: 1 | BU105: 1 | BV105: 1 | BW105: 1 | BX105: 1 | BZ105: 121 | CA105: 47 | CE105: 0 | CF105: 0 | CG105: 0 | CM105: 0 | CN105: Поправка:стеснённые условия, пп. "в" Поправка:При демонтаже металлических конструкций (в т.ч. к стоимости вспомогательных материалов) | CO105: 0 | CP105: =(P105+Q105+S105) -> 11.62 | CQ105: =(AC105*BC105*AW105) -> 0 | CR105: =(((ET105*1.1*0.6))*BB105*AV105) -> 0 | CS105: =(AE105*BS105*AV105) -> 0 | CT105: =(AF105*BA105*AV105) -> 581.22383 | CU105: =AG105 -> 0 | CV105: =(AH105*AV105) -> 47.68038 | CW105: =AI105 -> 0 | CX105: =AJ105 -> 0 | CY105: =(((S105+R105)*BZ105)/100) -> 14.0602 | CZ105: =(((S105+R105)*CA105)/100) -> 5.4614 | DD105: *0 | DE105: *1,1*0,6 | DF105: *1,1*0,6 | DG105: *1,1*0,6 | DI105: *1,1*0,6 | DJ105: *1,1*0,6 | DN105: 0 | DO105: 0 | DP105: 1 | DQ105: 1 | DU105: 1013 | DV105: 100 знаков | DW105: 100 знаков | DX105: 1 | EE105: 86330795 | EF105: 30 | EG105: Строительные работы | EH105: 0 | EJ105: 1 | EK105: 167 | EL105: ТСН-2001.3-27. 27-71, 27-72 | EM105: ТСН-2001.3-27-22 | EO105: Попр.12.00.01.11.003 Попр.06.00.01.35.006 | EQ105: 0 | ER105: 0 | ES105: 0 | ET105: 0 | EU105: 0 | EV105: 841.11 | EW105: 69 | EX105: 0 | EY105: 0 | FQ105: 0 | FR105: 0 | FS105: 0 | FX105: 121 | FY105: 47 | GD105: 1 | GF105: -1184704560 | GG105: 2 | GH105: 0 | GI105: -2 | GJ105: 0 | GK105: 0 | GL105: =ROUND(IF(AND(BH105=3,BI105=3,FS105<>0),P105,0),2) -> 0 | GM105: =ROUND(O105+X105+Y105,2)+GX105 -> 31.14 | GN105: =IF(OR(BI105=0,BI105=1),GM105-GX105,0) -> 31.14 | GO105: =IF(BI105=2,GM105-GX105,0) -> 0 | GP105: =IF(BI105=4,GM105-GX105,0) -> 0 | GR105: 0 | GS105: 3 | GT105: 0 | GV105: =(GT105) -> 0 | GW105: 1 | GX105: =ROUND(HC105*I105,2) -> 0 | HA105: 0 | HB105: 0 | HC105: =GV105*GW105 -> 0 | HS105: 0 | IK105: 0
A106: 17 | B106: 1 | C106: =ROW(SmtRes!A132) -> 132 | D106: =ROW(EtalonRes!A132) -> 132 | E106: 22 | F106: 3.27-72-1 | G106: Установка дополнительных щитков (применительно) | H106: 100 знаков | I106: =ROUND(2/100,9) -> 0.02 | J106: 0 | K106: =ROUND(2/100,9) -> 0.02 | O106: =ROUND(CP106,2) -> 671.43 | P106: =ROUND(CQ106*I106,2) -> 0 | Q106: =ROUND(CR106*I106,2) -> 0 | R106: =ROUND(CS106*I106,2) -> 0 | S106: =ROUND(CT106*I106,2) -> 671.43 | T106: =ROUND(CU106*I106,2) -> 0 | U106: =CV106*I106 -> 0.9536076 | V106: =CW106*I106 -> 0 | W106: =ROUND(CX106*I106,2) -> 0 | X106: =ROUND(CY106,2) -> 812.43 | Y106: =ROUND(CZ106,2) -> 315.57 | AA106: 86511348 | AB106: =(AC106+AD106+AF106) -> 555.1326 | AC106: =((ES106*0)) -> 0 | AD106: =((ET106*1.1*0.6)) -> 0 | AE106: =((EU106*1.1*0.6)) -> 0 | AF106: =((EV106*1.1*0.6)) -> 555.1326 | AG106: =(AP106) -> 0 | AH106: =((EW106*1.1*0.6)) -> 45.54 | AI106: =((EX106*1.1*0.6)) -> 0 | AJ106: =(AS106) -> 0 | AK106: 0 | AL106: 0 | AM106: 0 | AN106: 0 | AO106: 841.11 | AP106: 0 | AQ106: 69 | AR106: 0 | AS106: 0 | AT106: 121 | AU106: 47 | AV106: 1.047 | AW106: 1 | AZ106: 1 | BA106: 57.76 | BB106: 1 | BC106: 1.33 | BH106: 0 | BI106: 1 | BJ106: 3.27-72-1 Применительно | BM106: 167 | BN106: 0 | BO106: 3.27-72-1 | BP106: 1 | BQ106: 30 | BR106: 0 | BS106: 57.76 | BT106: 1 | BU106: 1 | BV106: 1 | BW106: 1 | BX106: 1 | BZ106: 121 | CA106: 47 | CE106: 0 | CF106: 0 | CG106: 0 | CM106: 0 | CN106: Поправка:стеснённые условия, пп. "в" Поправка:При демонтаже металлических конструкций (в т.ч. к стоимости вспомогательных материалов) | CO106: 0 | CP106: =(P106+Q106+S106) -> 671.43 | CQ106: =(AC106*BC106*AW106) -> 0 | CR106: =(((ET106*1.1*0.6))*BB106*AV106) -> 0 | CS106: =(AE106*BS106*AV106) -> 0 | CT106: =(AF106*BA106*AV106) -> 33571.489 | CU106: =AG106 -> 0 | CV106: =(AH106*AV106) -> 47.68038 | CW106: =AI106 -> 0 | CX106: =AJ106 -> 0 | CY106: =(S106+R106)*(BZ106/100) -> 812.4303 | CZ106: =(S106+R106)*(CA106/100) -> 315.5721 | DD106: *0 | DE106: *1,1*0,6 | DF106: *1,1*0,6 | DG106: *1,1*0,6 | DI106: *1,1*0,6 | DJ106: *1,1*0,6 | DN106: 121 | DO106: 47 | DP106: 1 | DQ106: 1 | DU106: 1013 | DV106: 100 знаков | DW106: 100 знаков | DX106: 1 | EE106: 86330795 | EF106: 30 | EG106: Строительные работы | EH106: 0 | EJ106: 1 | EK106: 167 | EL106: ТСН-2001.3-27. 27-71, 27-72 | EM106: ТСН-2001.3-27-22 | EO106: Попр.12.00.01.11.003 Попр.06.00.01.35.006 | EQ106: 0 | ER106: 0 | ES106: 0 | ET106: 0 | EU106: 0 | EV106: 841.11 | EW106: 69 | EX106: 0 | EY106: 0 | FQ106: 0 | FR106: 0 | FS106: 0 | FX106: 121 | FY106: 47 | GD106: 1 | GF106: -1184704560 | GG106: 2 | GH106: 0 | GI106: -2 | GJ106: 0 | GK106: 0 | GL106: =ROUND(IF(AND(BH106=3,BI106=3,FS106<>0),P106,0),2) -> 0 | GM106: =ROUND(O106+X106+Y106,2)+GX106 -> 1799.43 | GN106: =IF(OR(BI106=0,BI106=1),GM106-GX106,0) -> 1799.43 | GO106: =IF(BI106=2,GM106-GX106,0) -> 0 | GP106: =IF(BI106=4,GM106-GX106,0) -> 0 | GR106: 0 | GS106: 3 | GT106: 0 | GV106: =(GT106) -> 0 | GW106: 1.33 | GX106: =ROUND(HC106*I106,2) -> 0 | HA106: 0 | HB106: 0 | HC106: =GV106*GW106 -> 0 | HS106: 0 | IK106: 0
A107: 17 | B107: 1 | C107: =ROW(SmtRes!A135) -> 135 | D107: =ROW(EtalonRes!A135) -> 135 | E107: 23 | F107: 3.27-72-1 | G107: Установка дополнительных щитков (применительно) | H107: 100 знаков | I107: =ROUND(1/100,9) -> 0.01 | J107: 0 | K107: =ROUND(1/100,9) -> 0.01 | O107: =ROUND(CP107,2) -> 5.81 | P107: =ROUND(CQ107*I107,2) -> 0 | Q107: =ROUND(CR107*I107,2) -> 0 | R107: =ROUND(CS107*I107,2) -> 0 | S107: =ROUND(CT107*I107,2) -> 5.81 | T107: =ROUND(CU107*I107,2) -> 0 | U107: =CV107*I107 -> 0.4768038 | V107: =CW107*I107 -> 0 | W107: =ROUND(CX107*I107,2) -> 0 | X107: =ROUND(CY107,2) -> 7.03 | Y107: =ROUND(CZ107,2) -> 2.73 | AA107: 86511347 | AB107: =(AC107+AD107+AF107) -> 555.1326 | AC107: =((ES107*0)) -> 0 | AD107: =((ET107*1.1*0.6)) -> 0 | AE107: =((EU107*1.1*0.6)) -> 0 | AF107: =((EV107*1.1*0.6)) -> 555.1326 | AG107: =(AP107) -> 0 | AH107: =((EW107*1.1*0.6)) -> 45.54 | AI107: =((EX107*1.1*0.6)) -> 0 | AJ107: =(AS107) -> 0 | AK107: 0 | AL107: 0 | AM107: 0 | AN107: 0 | AO107: 841.11 | AP107: 0 | AQ107: 69 | AR107: 0 | AS107: 0 | AT107: 121 | AU107: 47 | AV107: 1.047 | AW107: 1 | AZ107: 1 | BA107: 1 | BB107: 1 | BC107: 1 | BH107: 0 | BI107: 1 | BJ107: 3.27-72-1 Применительно | BM107: 167 | BN107: 0 | BO107: 3.27-72-1 | BP107: 1 | BQ107: 30 | BR107: 0 | BS107: 1 | BT107: 1 | BU107: 1 | BV107: 1 | BW107: 1 | BX107: 1 | BZ107: 121 | CA107: 47 | CE107: 0 | CF107: 0 | CG107: 0 | CM107: 0 | CN107: Поправка:стеснённые условия, пп. "в" Поправка:При демонтаже металлических конструкций (в т.ч. к стоимости вспомогательных материалов) | CO107: 0 | CP107: =(P107+Q107+S107) -> 5.81 | CQ107: =(AC107*BC107*AW107) -> 0 | CR107: =(((ET107*1.1*0.6))*BB107*AV107) -> 0 | CS107: =(AE107*BS107*AV107) -> 0 | CT107: =(AF107*BA107*AV107) -> 581.22383 | CU107: =AG107 -> 0 | CV107: =(AH107*AV107) -> 47.68038 | CW107: =AI107 -> 0 | CX107: =AJ107 -> 0 | CY107: =(((S107+R107)*BZ107)/100) -> 7.0301 | CZ107: =(((S107+R107)*CA107)/100) -> 2.7307 | DD107: *0 | DE107: *1,1*0,6 | DF107: *1,1*0,6 | DG107: *1,1*0,6 | DI107: *1,1*0,6 | DJ107: *1,1*0,6 | DN107: 0 | DO107: 0 | DP107: 1 | DQ107: 1 | DU107: 1013 | DV107: 100 знаков | DW107: 100 знаков | DX107: 1 | EE107: 86330795 | EF107: 30 | EG107: Строительные работы | EH107: 0 | EJ107: 1 | EK107: 167 | EL107: ТСН-2001.3-27. 27-71, 27-72 | EM107: ТСН-2001.3-27-22 | EO107: Попр.12.00.01.11.003 Попр.06.00.01.35.006 | EQ107: 0 | ER107: 0 | ES107: 0 | ET107: 0 | EU107: 0 | EV107: 841.11 | EW107: 69 | EX107: 0 | EY107: 0 | FQ107: 0 | FR107: 0 | FS107: 0 | FX107: 121 | FY107: 47 | GD107: 1 | GF107: -1375974451 | GG107: 2 | GH107: 0 | GI107: -2 | GJ107: 0 | GK107: 0 | GL107: =ROUND(IF(AND(BH107=3,BI107=3,FS107<>0),P107,0),2) -> 0 | GM107: =ROUND(O107+X107+Y107,2)+GX107 -> 15.57 | GN107: =IF(OR(BI107=0,BI107=1),GM107-GX107,0) -> 15.57 | GO107: =IF(BI107=2,GM107-GX107,0) -> 0 | GP107: =IF(BI107=4,GM107-GX107,0) -> 0 | GR107: 0 | GS107: 3 | GT107: 0 | GV107: =(GT107) -> 0 | GW107: 1 | GX107: =ROUND(HC107*I107,2) -> 0 | HA107: 0 | HB107: 0 | HC107: =GV107*GW107 -> 0 | HS107: 0 | IK107: 0
A108: 17 | B108: 1 | C108: =ROW(SmtRes!A138) -> 138 | D108: =ROW(EtalonRes!A138) -> 138 | E108: 23 | F108: 3.27-72-1 | G108: Установка дополнительных щитков (применительно) | H108: 100 знаков | I108: =ROUND(1/100,9) -> 0.01 | J108: 0 | K108: =ROUND(1/100,9) -> 0.01 | O108: =ROUND(CP108,2) -> 335.71 | P108: =ROUND(CQ108*I108,2) -> 0 | Q108: =ROUND(CR108*I108,2) -> 0 | R108: =ROUND(CS108*I108,2) -> 0 | S108: =ROUND(CT108*I108,2) -> 335.71 | T108: =ROUND(CU108*I108,2) -> 0 | U108: =CV108*I108 -> 0.4768038 | V108: =CW108*I108 -> 0 | W108: =ROUND(CX108*I108,2) -> 0 | X108: =ROUND(CY108,2) -> 406.21 | Y108: =ROUND(CZ108,2) -> 157.78 | AA108: 86511348 | AB108: =(AC108+AD108+AF108) -> 555.1326 | AC108: =((ES108*0)) -> 0 | AD108: =((ET108*1.1*0.6)) -> 0 | AE108: =((EU108*1.1*0.6)) -> 0 | AF108: =((EV108*1.1*0.6)) -> 555.1326 | AG108: =(AP108) -> 0 | AH108: =((EW108*1.1*0.6)) -> 45.54 | AI108: =((EX108*1.1*0.6)) -> 0 | AJ108: =(AS108) -> 0 | AK108: 0 | AL108: 0 | AM108: 0 | AN108: 0 | AO108: 841.11 | AP108: 0 | AQ108: 69 | AR108: 0 | AS108: 0 | AT108: 121 | AU108: 47 | AV108: 1.047 | AW108: 1 | AZ108: 1 | BA108: 57.76 | BB108: 1 | BC108: 1.33 | BH108: 0 | BI108: 1 | BJ108: 3.27-72-1 Применительно | BM108: 167 | BN108: 0 | BO108: 3.27-72-1 | BP108: 1 | BQ108: 30 | BR108: 0 | BS108: 57.76 | BT108: 1 | BU108: 1 | BV108: 1 | BW108: 1 | BX108: 1 | BZ108: 121 | CA108: 47 | CE108: 0 | CF108: 0 | CG108: 0 | CM108: 0 | CN108: Поправка:стеснённые условия, пп. "в" Поправка:При демонтаже металлических конструкций (в т.ч. к стоимости вспомогательных материалов) | CO108: 0 | CP108: =(P108+Q108+S108) -> 335.71 | CQ108: =(AC108*BC108*AW108) -> 0 | CR108: =(((ET108*1.1*0.6))*BB108*AV108) -> 0 | CS108: =(AE108*BS108*AV108) -> 0 | CT108: =(AF108*BA108*AV108) -> 33571.489 | CU108: =AG108 -> 0 | CV108: =(AH108*AV108) -> 47.68038 | CW108: =AI108 -> 0 | CX108: =AJ108 -> 0 | CY108: =(S108+R108)*(BZ108/100) -> 406.2091 | CZ108: =(S108+R108)*(CA108/100) -> 157.7837 | DD108: *0 | DE108: *1,1*0,6 | DF108: *1,1*0,6 | DG108: *1,1*0,6 | DI108: *1,1*0,6 | DJ108: *1,1*0,6 | DN108: 121 | DO108: 47 | DP108: 1 | DQ108: 1 | DU108: 1013 | DV108: 100 знаков | DW108: 100 знаков | DX108: 1 | EE108: 86330795 | EF108: 30 | EG108: Строительные работы | EH108: 0 | EJ108: 1 | EK108: 167 | EL108: ТСН-2001.3-27. 27-71, 27-72 | EM108: ТСН-2001.3-27-22 | EO108: Попр.12.00.01.11.003 Попр.06.00.01.35.006 | EQ108: 0 | ER108: 0 | ES108: 0 | ET108: 0 | EU108: 0 | EV108: 841.11 | EW108: 69 | EX108: 0 | EY108: 0 | FQ108: 0 | FR108: 0 | FS108: 0 | FX108: 121 | FY108: 47 | GD108: 1 | GF108: -1375974451 | GG108: 2 | GH108: 0 | GI108: -2 | GJ108: 0 | GK108: 0 | GL108: =ROUND(IF(AND(BH108=3,BI108=3,FS108<>0),P108,0),2) -> 0 | GM108: =ROUND(O108+X108+Y108,2)+GX108 -> 899.7 | GN108: =IF(OR(BI108=0,BI108=1),GM108-GX108,0) -> 899.7 | GO108: =IF(BI108=2,GM108-GX108,0) -> 0 | GP108: =IF(BI108=4,GM108-GX108,0) -> 0 | GR108: 0 | GS108: 3 | GT108: 0 | GV108: =(GT108) -> 0 | GW108: 1.33 | GX108: =ROUND(HC108*I108,2) -> 0 | HA108: 0 | HB108: 0 | HC108: =GV108*GW108 -> 0 | HS108: 0 | IK108: 0
A109: 17 | B109: 1 | C109: =ROW(SmtRes!A141) -> 141 | D109: =ROW(EtalonRes!A141) -> 141 | E109: 24 | F109: 3.27-72-1 | G109: Установка дополнительных щитков (применительно) | H109: 100 знаков | I109: =ROUND(9/100,9) -> 0.09 | J109: 0 | K109: =ROUND(9/100,9) -> 0.09 | O109: =ROUND(CP109,2) -> 52.31 | P109: =ROUND(CQ109*I109,2) -> 0 | Q109: =ROUND(CR109*I109,2) -> 0 | R109: =ROUND(CS109*I109,2) -> 0 | S109: =ROUND(CT109*I109,2) -> 52.31 | T109: =ROUND(CU109*I109,2) -> 0 | U109: =CV109*I109 -> 4.2912342 | V109: =CW109*I109 -> 0 | W109: =ROUND(CX109*I109,2) -> 0 | X109: =ROUND(CY109,2) -> 63.3 | Y109: =ROUND(CZ109,2) -> 24.59 | AA109: 86511347 | AB109: =(AC109+AD109+AF109) -> 555.1326 | AC109: =((ES109*0)) -> 0 | AD109: =((ET109*1.1*0.6)) -> 0 | AE109: =((EU109*1.1*0.6)) -> 0 | AF109: =((EV109*1.1*0.6)) -> 555.1326 | AG109: =(AP109) -> 0 | AH109: =((EW109*1.1*0.6)) -> 45.54 | AI109: =((EX109*1.1*0.6)) -> 0 | AJ109: =(AS109) -> 0 | AK109: 0 | AL109: 0 | AM109: 0 | AN109: 0 | AO109: 841.11 | AP109: 0 | AQ109: 69 | AR109: 0 | AS109: 0 | AT109: 121 | AU109: 47 | AV109: 1.047 | AW109: 1 | AZ109: 1 | BA109: 1 | BB109: 1 | BC109: 1 | BH109: 0 | BI109: 1 | BJ109: 3.27-72-1 Применительно | BM109: 167 | BN109: 0 | BO109: 3.27-72-1 | BP109: 1 | BQ109: 30 | BR109: 0 | BS109: 1 | BT109: 1 | BU109: 1 | BV109: 1 | BW109: 1 | BX109: 1 | BZ109: 121 | CA109: 47 | CE109: 0 | CF109: 0 | CG109: 0 | CM109: 0 | CN109: Поправка:стеснённые условия, пп. "в" Поправка:При демонтаже металлических конструкций (в т.ч. к стоимости вспомогательных материалов) | CO109: 0 | CP109: =(P109+Q109+S109) -> 52.31 | CQ109: =(AC109*BC109*AW109) -> 0 | CR109: =(((ET109*1.1*0.6))*BB109*AV109) -> 0 | CS109: =(AE109*BS109*AV109) -> 0 | CT109: =(AF109*BA109*AV109) -> 581.22383 | CU109: =AG109 -> 0 | CV109: =(AH109*AV109) -> 47.68038 | CW109: =AI109 -> 0 | CX109: =AJ109 -> 0 | CY109: =(((S109+R109)*BZ109)/100) -> 63.2951 | CZ109: =(((S109+R109)*CA109)/100) -> 24.5857 | DD109: *0 | DE109: *1,1*0,6 | DF109: *1,1*0,6 | DG109: *1,1*0,6 | DI109: *1,1*0,6 | DJ109: *1,1*0,6 | DN109: 0 | DO109: 0 | DP109: 1 | DQ109: 1 | DU109: 1013 | DV109: 100 знаков | DW109: 100 знаков | DX109: 1 | EE109: 86330795 | EF109: 30 | EG109: Строительные работы | EH109: 0 | EJ109: 1 | EK109: 167 | EL109: ТСН-2001.3-27. 27-71, 27-72 | EM109: ТСН-2001.3-27-22 | EO109: Попр.12.00.01.11.003 Попр.06.00.01.35.006 | EQ109: 0 | ER109: 0 | ES109: 0 | ET109: 0 | EU109: 0 | EV109: 841.11 | EW109: 69 | EX109: 0 | EY109: 0 | FQ109: 0 | FR109: 0 | FS109: 0 | FX109: 121 | FY109: 47 | GD109: 1 | GF109: -614545315 | GG109: 2 | GH109: 0 | GI109: -2 | GJ109: 0 | GK109: 0 | GL109: =ROUND(IF(AND(BH109=3,BI109=3,FS109<>0),P109,0),2) -> 0 | GM109: =ROUND(O109+X109+Y109,2)+GX109 -> 140.2 | GN109: =IF(OR(BI109=0,BI109=1),GM109-GX109,0) -> 140.2 | GO109: =IF(BI109=2,GM109-GX109,0) -> 0 | GP109: =IF(BI109=4,GM109-GX109,0) -> 0 | GR109: 0 | GS109: 3 | GT109: 0 | GV109: =(GT109) -> 0 | GW109: 1 | GX109: =ROUND(HC109*I109,2) -> 0 | HA109: 0 | HB109: 0 | HC109: =GV109*GW109 -> 0 | HS109: 0 | IK109: 0
A110: 17 | B110: 1 | C110: =ROW(SmtRes!A144) -> 144 | D110: =ROW(EtalonRes!A144) -> 144 | E110: 24 | F110: 3.27-72-1 | G110: Установка дополнительных щитков (применительно) | H110: 100 знаков | I110: =ROUND(9/100,9) -> 0.09 | J110: 0 | K110: =ROUND(9/100,9) -> 0.09 | O110: =ROUND(CP110,2) -> 3021.43 | P110: =ROUND(CQ110*I110,2) -> 0 | Q110: =ROUND(CR110*I110,2) -> 0 | R110: =ROUND(CS110*I110,2) -> 0 | S110: =ROUND(CT110*I110,2) -> 3021.43 | T110: =ROUND(CU110*I110,2) -> 0 | U110: =CV110*I110 -> 4.2912342 | V110: =CW110*I110 -> 0 | W110: =ROUND(CX110*I110,2) -> 0 | X110: =ROUND(CY110,2) -> 3655.93 | Y110: =ROUND(CZ110,2) -> 1420.07 | AA110: 86511348 | AB110: =(AC110+AD110+AF110) -> 555.1326 | AC110: =((ES110*0)) -> 0 | AD110: =((ET110*1.1*0.6)) -> 0 | AE110: =((EU110*1.1*0.6)) -> 0 | AF110: =((EV110*1.1*0.6)) -> 555.1326 | AG110: =(AP110) -> 0 | AH110: =((EW110*1.1*0.6)) -> 45.54 | AI110: =((EX110*1.1*0.6)) -> 0 | AJ110: =(AS110) -> 0 | AK110: 0 | AL110: 0 | AM110: 0 | AN110: 0 | AO110: 841.11 | AP110: 0 | AQ110: 69 | AR110: 0 | AS110: 0 | AT110: 121 | AU110: 47 | AV110: 1.047 | AW110: 1 | AZ110: 1 | BA110: 57.76 | BB110: 1 | BC110: 1.33 | BH110: 0 | BI110: 1 | BJ110: 3.27-72-1 Применительно | BM110: 167 | BN110: 0 | BO110: 3.27-72-1 | BP110: 1 | BQ110: 30 | BR110: 0 | BS110: 57.76 | BT110: 1 | BU110: 1 | BV110: 1 | BW110: 1 | BX110: 1 | BZ110: 121 | CA110: 47 | CE110: 0 | CF110: 0 | CG110: 0 | CM110: 0 | CN110: Поправка:стеснённые условия, пп. "в" Поправка:При демонтаже металлических конструкций (в т.ч. к стоимости вспомогательных материалов) | CO110: 0 | CP110: =(P110+Q110+S110) -> 3021.43 | CQ110: =(AC110*BC110*AW110) -> 0 | CR110: =(((ET110*1.1*0.6))*BB110*AV110) -> 0 | CS110: =(AE110*BS110*AV110) -> 0 | CT110: =(AF110*BA110*AV110) -> 33571.489 | CU110: =AG110 -> 0 | CV110: =(AH110*AV110) -> 47.68038 | CW110: =AI110 -> 0 | CX110: =AJ110 -> 0 | CY110: =(S110+R110)*(BZ110/100) -> 3655.9303 | CZ110: =(S110+R110)*(CA110/100) -> 1420.0721 | DD110: *0 | DE110: *1,1*0,6 | DF110: *1,1*0,6 | DG110: *1,1*0,6 | DI110: *1,1*0,6 | DJ110: *1,1*0,6 | DN110: 121 | DO110: 47 | DP110: 1 | DQ110: 1 | DU110: 1013 | DV110: 100 знаков | DW110: 100 знаков | DX110: 1 | EE110: 86330795 | EF110: 30 | EG110: Строительные работы | EH110: 0 | EJ110: 1 | EK110: 167 | EL110: ТСН-2001.3-27. 27-71, 27-72 | EM110: ТСН-2001.3-27-22 | EO110: Попр.12.00.01.11.003 Попр.06.00.01.35.006 | EQ110: 0 | ER110: 0 | ES110: 0 | ET110: 0 | EU110: 0 | EV110: 841.11 | EW110: 69 | EX110: 0 | EY110: 0 | FQ110: 0 | FR110: 0 | FS110: 0 | FX110: 121 | FY110: 47 | GD110: 1 | GF110: -614545315 | GG110: 2 | GH110: 0 | GI110: -2 | GJ110: 0 | GK110: 0 | GL110: =ROUND(IF(AND(BH110=3,BI110=3,FS110<>0),P110,0),2) -> 0 | GM110: =ROUND(O110+X110+Y110,2)+GX110 -> 8097.43 | GN110: =IF(OR(BI110=0,BI110=1),GM110-GX110,0) -> 8097.43 | GO110: =IF(BI110=2,GM110-GX110,0) -> 0 | GP110: =IF(BI110=4,GM110-GX110,0) -> 0 | GR110: 0 | GS110: 3 | GT110: 0 | GV110: =(GT110) -> 0 | GW110: 1.33 | GX110: =ROUND(HC110*I110,2) -> 0 | HA110: 0 | HB110: 0 | HC110: =GV110*GW110 -> 0 | HS110: 0 | IK110: 0
A111: 17 | B111: 1 | C111: =ROW(SmtRes!A147) -> 147 | D111: =ROW(EtalonRes!A147) -> 147 | E111: 25 | F111: 3.27-72-1 | G111: Установка дополнительных щитков (применительно) | H111: 100 знаков | I111: =ROUND(9/100,9) -> 0.09 | J111: 0 | K111: =ROUND(9/100,9) -> 0.09 | O111: =ROUND(CP111,2) -> 52.31 | P111: =ROUND(CQ111*I111,2) -> 0 | Q111: =ROUND(CR111*I111,2) -> 0 | R111: =ROUND(CS111*I111,2) -> 0 | S111: =ROUND(CT111*I111,2) -> 52.31 | T111: =ROUND(CU111*I111,2) -> 0 | U111: =CV111*I111 -> 4.2912342 | V111: =CW111*I111 -> 0 | W111: =ROUND(CX111*I111,2) -> 0 | X111: =ROUND(CY111,2) -> 63.3 | Y111: =ROUND(CZ111,2) -> 24.59 | AA111: 86511347 | AB111: =(AC111+AD111+AF111) -> 555.1326 | AC111: =((ES111*0)) -> 0 | AD111: =((ET111*1.1*0.6)) -> 0 | AE111: =((EU111*1.1*0.6)) -> 0 | AF111: =((EV111*1.1*0.6)) -> 555.1326 | AG111: =(AP111) -> 0 | AH111: =((EW111*1.1*0.6)) -> 45.54 | AI111: =((EX111*1.1*0.6)) -> 0 | AJ111: =(AS111) -> 0 | AK111: 0 | AL111: 0 | AM111: 0 | AN111: 0 | AO111: 841.11 | AP111: 0 | AQ111: 69 | AR111: 0 | AS111: 0 | AT111: 121 | AU111: 47 | AV111: 1.047 | AW111: 1 | AZ111: 1 | BA111: 1 | BB111: 1 | BC111: 1 | BH111: 0 | BI111: 1 | BJ111: 3.27-72-1 Применительно | BM111: 167 | BN111: 0 | BO111: 3.27-72-1 | BP111: 1 | BQ111: 30 | BR111: 0 | BS111: 1 | BT111: 1 | BU111: 1 | BV111: 1 | BW111: 1 | BX111: 1 | BZ111: 121 | CA111: 47 | CE111: 0 | CF111: 0 | CG111: 0 | CM111: 0 | CN111: Поправка:стеснённые условия, пп. "в" Поправка:При демонтаже металлических конструкций (в т.ч. к стоимости вспомогательных материалов) | CO111: 0 | CP111: =(P111+Q111+S111) -> 52.31 | CQ111: =(AC111*BC111*AW111) -> 0 | CR111: =(((ET111*1.1*0.6))*BB111*AV111) -> 0 | CS111: =(AE111*BS111*AV111) -> 0 | CT111: =(AF111*BA111*AV111) -> 581.22383 | CU111: =AG111 -> 0 | CV111: =(AH111*AV111) -> 47.68038 | CW111: =AI111 -> 0 | CX111: =AJ111 -> 0 | CY111: =(((S111+R111)*BZ111)/100) -> 63.2951 | CZ111: =(((S111+R111)*CA111)/100) -> 24.5857 | DD111: *0 | DE111: *1,1*0,6 | DF111: *1,1*0,6 | DG111: *1,1*0,6 | DI111: *1,1*0,6 | DJ111: *1,1*0,6 | DN111: 0 | DO111: 0 | DP111: 1 | DQ111: 1 | DU111: 1013 | DV111: 100 знаков | DW111: 100 знаков | DX111: 1 | EE111: 86330795 | EF111: 30 | EG111: Строительные работы | EH111: 0 | EJ111: 1 | EK111: 167 | EL111: ТСН-2001.3-27. 27-71, 27-72 | EM111: ТСН-2001.3-27-22 | EO111: Попр.12.00.01.11.003 Попр.06.00.01.35.006 | EQ111: 0 | ER111: 0 | ES111: 0 | ET111: 0 | EU111: 0 | EV111: 841.11 | EW111: 69 | EX111: 0 | EY111: 0 | FQ111: 0 | FR111: 0 | FS111: 0 | FX111: 121 | FY111: 47 | GD111: 1 | GF111: 1423636757 | GG111: 2 | GH111: 0 | GI111: -2 | GJ111: 0 | GK111: 0 | GL111: =ROUND(IF(AND(BH111=3,BI111=3,FS111<>0),P111,0),2) -> 0 | GM111: =ROUND(O111+X111+Y111,2)+GX111 -> 140.2 | GN111: =IF(OR(BI111=0,BI111=1),GM111-GX111,0) -> 140.2 | GO111: =IF(BI111=2,GM111-GX111,0) -> 0 | GP111: =IF(BI111=4,GM111-GX111,0) -> 0 | GR111: 0 | GS111: 3 | GT111: 0 | GV111: =(GT111) -> 0 | GW111: 1 | GX111: =ROUND(HC111*I111,2) -> 0 | HA111: 0 | HB111: 0 | HC111: =GV111*GW111 -> 0 | HS111: 0 | IK111: 0
A112: 17 | B112: 1 | C112: =ROW(SmtRes!A150) -> 150 | D112: =ROW(EtalonRes!A150) -> 150 | E112: 25 | F112: 3.27-72-1 | G112: Установка дополнительных щитков (применительно) | H112: 100 знаков | I112: =ROUND(9/100,9) -> 0.09 | J112: 0 | K112: =ROUND(9/100,9) -> 0.09 | O112: =ROUND(CP112,2) -> 3021.43 | P112: =ROUND(CQ112*I112,2) -> 0 | Q112: =ROUND(CR112*I112,2) -> 0 | R112: =ROUND(CS112*I112,2) -> 0 | S112: =ROUND(CT112*I112,2) -> 3021.43 | T112: =ROUND(CU112*I112,2) -> 0 | U112: =CV112*I112 -> 4.2912342 | V112: =CW112*I112 -> 0 | W112: =ROUND(CX112*I112,2) -> 0 | X112: =ROUND(CY112,2) -> 3655.93 | Y112: =ROUND(CZ112,2) -> 1420.07 | AA112: 86511348 | AB112: =(AC112+AD112+AF112) -> 555.1326 | AC112: =((ES112*0)) -> 0 | AD112: =((ET112*1.1*0.6)) -> 0 | AE112: =((EU112*1.1*0.6)) -> 0 | AF112: =((EV112*1.1*0.6)) -> 555.1326 | AG112: =(AP112) -> 0 | AH112: =((EW112*1.1*0.6)) -> 45.54 | AI112: =((EX112*1.1*0.6)) -> 0 | AJ112: =(AS112) -> 0 | AK112: 0 | AL112: 0 | AM112: 0 | AN112: 0 | AO112: 841.11 | AP112: 0 | AQ112: 69 | AR112: 0 | AS112: 0 | AT112: 121 | AU112: 47 | AV112: 1.047 | AW112: 1 | AZ112: 1 | BA112: 57.76 | BB112: 1 | BC112: 1.33 | BH112: 0 | BI112: 1 | BJ112: 3.27-72-1 Применительно | BM112: 167 | BN112: 0 | BO112: 3.27-72-1 | BP112: 1 | BQ112: 30 | BR112: 0 | BS112: 57.76 | BT112: 1 | BU112: 1 | BV112: 1 | BW112: 1 | BX112: 1 | BZ112: 121 | CA112: 47 | CE112: 0 | CF112: 0 | CG112: 0 | CM112: 0 | CN112: Поправка:стеснённые условия, пп. "в" Поправка:При демонтаже металлических конструкций (в т.ч. к стоимости вспомогательных материалов) | CO112: 0 | CP112: =(P112+Q112+S112) -> 3021.43 | CQ112: =(AC112*BC112*AW112) -> 0 | CR112: =(((ET112*1.1*0.6))*BB112*AV112) -> 0 | CS112: =(AE112*BS112*AV112) -> 0 | CT112: =(AF112*BA112*AV112) -> 33571.489 | CU112: =AG112 -> 0 | CV112: =(AH112*AV112) -> 47.68038 | CW112: =AI112 -> 0 | CX112: =AJ112 -> 0 | CY112: =(S112+R112)*(BZ112/100) -> 3655.9303 | CZ112: =(S112+R112)*(CA112/100) -> 1420.0721 | DD112: *0 | DE112: *1,1*0,6 | DF112: *1,1*0,6 | DG112: *1,1*0,6 | DI112: *1,1*0,6 | DJ112: *1,1*0,6 | DN112: 121 | DO112: 47 | DP112: 1 | DQ112: 1 | DU112: 1013 | DV112: 100 знаков | DW112: 100 знаков | DX112: 1 | EE112: 86330795 | EF112: 30 | EG112: Строительные работы | EH112: 0 | EJ112: 1 | EK112: 167 | EL112: ТСН-2001.3-27. 27-71, 27-72 | EM112: ТСН-2001.3-27-22 | EO112: Попр.12.00.01.11.003 Попр.06.00.01.35.006 | EQ112: 0 | ER112: 0 | ES112: 0 | ET112: 0 | EU112: 0 | EV112: 841.11 | EW112: 69 | EX112: 0 | EY112: 0 | FQ112: 0 | FR112: 0 | FS112: 0 | FX112: 121 | FY112: 47 | GD112: 1 | GF112: 1423636757 | GG112: 2 | GH112: 0 | GI112: -2 | GJ112: 0 | GK112: 0 | GL112: =ROUND(IF(AND(BH112=3,BI112=3,FS112<>0),P112,0),2) -> 0 | GM112: =ROUND(O112+X112+Y112,2)+GX112 -> 8097.43 | GN112: =IF(OR(BI112=0,BI112=1),GM112-GX112,0) -> 8097.43 | GO112: =IF(BI112=2,GM112-GX112,0) -> 0 | GP112: =IF(BI112=4,GM112-GX112,0) -> 0 | GR112: 0 | GS112: 3 | GT112: 0 | GV112: =(GT112) -> 0 | GW112: 1.33 | GX112: =ROUND(HC112*I112,2) -> 0 | HA112: 0 | HB112: 0 | HC112: =GV112*GW112 -> 0 | HS112: 0 | IK112: 0
A113: 17 | B113: 1 | C113: =ROW(SmtRes!A153) -> 153 | D113: =ROW(EtalonRes!A153) -> 153 | E113: 26 | F113: 3.27-72-1 | G113: Установка дополнительных щитков (применительно) | H113: 100 знаков | I113: =ROUND(4/100,9) -> 0.04 | J113: 0 | K113: =ROUND(4/100,9) -> 0.04 | O113: =ROUND(CP113,2) -> 23.25 | P113: =ROUND(CQ113*I113,2) -> 0 | Q113: =ROUND(CR113*I113,2) -> 0 | R113: =ROUND(CS113*I113,2) -> 0 | S113: =ROUND(CT113*I113,2) -> 23.25 | T113: =ROUND(CU113*I113,2) -> 0 | U113: =CV113*I113 -> 1.9072152 | V113: =CW113*I113 -> 0 | W113: =ROUND(CX113*I113,2) -> 0 | X113: =ROUND(CY113,2) -> 28.13 | Y113: =ROUND(CZ113,2) -> 10.93 | AA113: 86511347 | AB113: =(AC113+AD113+AF113) -> 555.1326 | AC113: =((ES113*0)) -> 0 | AD113: =((ET113*1.1*0.6)) -> 0 | AE113: =((EU113*1.1*0.6)) -> 0 | AF113: =((EV113*1.1*0.6)) -> 555.1326 | AG113: =(AP113) -> 0 | AH113: =((EW113*1.1*0.6)) -> 45.54 | AI113: =((EX113*1.1*0.6)) -> 0 | AJ113: =(AS113) -> 0 | AK113: 0 | AL113: 0 | AM113: 0 | AN113: 0 | AO113: 841.11 | AP113: 0 | AQ113: 69 | AR113: 0 | AS113: 0 | AT113: 121 | AU113: 47 | AV113: 1.047 | AW113: 1 | AZ113: 1 | BA113: 1 | BB113: 1 | BC113: 1 | BH113: 0 | BI113: 1 | BJ113: 3.27-72-1 Применительно | BM113: 167 | BN113: 0 | BO113: 3.27-72-1 | BP113: 1 | BQ113: 30 | BR113: 0 | BS113: 1 | BT113: 1 | BU113: 1 | BV113: 1 | BW113: 1 | BX113: 1 | BZ113: 121 | CA113: 47 | CE113: 0 | CF113: 0 | CG113: 0 | CM113: 0 | CN113: Поправка:стеснённые условия, пп. "в" Поправка:При демонтаже металлических конструкций (в т.ч. к стоимости вспомогательных материалов) | CO113: 0 | CP113: =(P113+Q113+S113) -> 23.25 | CQ113: =(AC113*BC113*AW113) -> 0 | CR113: =(((ET113*1.1*0.6))*BB113*AV113) -> 0 | CS113: =(AE113*BS113*AV113) -> 0 | CT113: =(AF113*BA113*AV113) -> 581.22383 | CU113: =AG113 -> 0 | CV113: =(AH113*AV113) -> 47.68038 | CW113: =AI113 -> 0 | CX113: =AJ113 -> 0 | CY113: =(((S113+R113)*BZ113)/100) -> 28.1325 | CZ113: =(((S113+R113)*CA113)/100) -> 10.9275 | DD113: *0 | DE113: *1,1*0,6 | DF113: *1,1*0,6 | DG113: *1,1*0,6 | DI113: *1,1*0,6 | DJ113: *1,1*0,6 | DN113: 0 | DO113: 0 | DP113: 1 | DQ113: 1 | DU113: 1013 | DV113: 100 знаков | DW113: 100 знаков | DX113: 1 | EE113: 86330795 | EF113: 30 | EG113: Строительные работы | EH113: 0 | EJ113: 1 | EK113: 167 | EL113: ТСН-2001.3-27. 27-71, 27-72 | EM113: ТСН-2001.3-27-22 | EO113: Попр.12.00.01.11.003 Попр.06.00.01.35.006 | EQ113: 0 | ER113: 0 | ES113: 0 | ET113: 0 | EU113: 0 | EV113: 841.11 | EW113: 69 | EX113: 0 | EY113: 0 | FQ113: 0 | FR113: 0 | FS113: 0 | FX113: 121 | FY113: 47 | GD113: 1 | GF113: -681788041 | GG113: 2 | GH113: 0 | GI113: -2 | GJ113: 0 | GK113: 0 | GL113: =ROUND(IF(AND(BH113=3,BI113=3,FS113<>0),P113,0),2) -> 0 | GM113: =ROUND(O113+X113+Y113,2)+GX113 -> 62.31 | GN113: =IF(OR(BI113=0,BI113=1),GM113-GX113,0) -> 62.31 | GO113: =IF(BI113=2,GM113-GX113,0) -> 0 | GP113: =IF(BI113=4,GM113-GX113,0) -> 0 | GR113: 0 | GS113: 3 | GT113: 0 | GV113: =(GT113) -> 0 | GW113: 1 | GX113: =ROUND(HC113*I113,2) -> 0 | HA113: 0 | HB113: 0 | HC113: =GV113*GW113 -> 0 | HS113: 0 | IK113: 0
A114: 17 | B114: 1 | C114: =ROW(SmtRes!A156) -> 156 | D114: =ROW(EtalonRes!A156) -> 156 | E114: 26 | F114: 3.27-72-1 | G114: Установка дополнительных щитков (применительно) | H114: 100 знаков | I114: =ROUND(4/100,9) -> 0.04 | J114: 0 | K114: =ROUND(4/100,9) -> 0.04 | O114: =ROUND(CP114,2) -> 1342.86 | P114: =ROUND(CQ114*I114,2) -> 0 | Q114: =ROUND(CR114*I114,2) -> 0 | R114: =ROUND(CS114*I114,2) -> 0 | S114: =ROUND(CT114*I114,2) -> 1342.86 | T114: =ROUND(CU114*I114,2) -> 0 | U114: =CV114*I114 -> 1.9072152 | V114: =CW114*I114 -> 0 | W114: =ROUND(CX114*I114,2) -> 0 | X114: =ROUND(CY114,2) -> 1624.86 | Y114: =ROUND(CZ114,2) -> 631.14 | AA114: 86511348 | AB114: =(AC114+AD114+AF114) -> 555.1326 | AC114: =((ES114*0)) -> 0 | AD114: =((ET114*1.1*0.6)) -> 0 | AE114: =((EU114*1.1*0.6)) -> 0 | AF114: =((EV114*1.1*0.6)) -> 555.1326 | AG114: =(AP114) -> 0 | AH114: =((EW114*1.1*0.6)) -> 45.54 | AI114: =((EX114*1.1*0.6)) -> 0 | AJ114: =(AS114) -> 0 | AK114: 0 | AL114: 0 | AM114: 0 | AN114: 0 | AO114: 841.11 | AP114: 0 | AQ114: 69 | AR114: 0 | AS114: 0 | AT114: 121 | AU114: 47 | AV114: 1.047 | AW114: 1 | AZ114: 1 | BA114: 57.76 | BB114: 1 | BC114: 1.33 | BH114: 0 | BI114: 1 | BJ114: 3.27-72-1 Применительно | BM114: 167 | BN114: 0 | BO114: 3.27-72-1 | BP114: 1 | BQ114: 30 | BR114: 0 | BS114: 57.76 | BT114: 1 | BU114: 1 | BV114: 1 | BW114: 1 | BX114: 1 | BZ114: 121 | CA114: 47 | CE114: 0 | CF114: 0 | CG114: 0 | CM114: 0 | CN114: Поправка:стеснённые условия, пп. "в" Поправка:При демонтаже металлических конструкций (в т.ч. к стоимости вспомогательных материалов) | CO114: 0 | CP114: =(P114+Q114+S114) -> 1342.86 | CQ114: =(AC114*BC114*AW114) -> 0 | CR114: =(((ET114*1.1*0.6))*BB114*AV114) -> 0 | CS114: =(AE114*BS114*AV114) -> 0 | CT114: =(AF114*BA114*AV114) -> 33571.489 | CU114: =AG114 -> 0 | CV114: =(AH114*AV114) -> 47.68038 | CW114: =AI114 -> 0 | CX114: =AJ114 -> 0 | CY114: =(S114+R114)*(BZ114/100) -> 1624.8606 | CZ114: =(S114+R114)*(CA114/100) -> 631.1442 | DD114: *0 | DE114: *1,1*0,6 | DF114: *1,1*0,6 | DG114: *1,1*0,6 | DI114: *1,1*0,6 | DJ114: *1,1*0,6 | DN114: 121 | DO114: 47 | DP114: 1 | DQ114: 1 | DU114: 1013 | DV114: 100 знаков | DW114: 100 знаков | DX114: 1 | EE114: 86330795 | EF114: 30 | EG114: Строительные работы | EH114: 0 | EJ114: 1 | EK114: 167 | EL114: ТСН-2001.3-27. 27-71, 27-72 | EM114: ТСН-2001.3-27-22 | EO114: Попр.12.00.01.11.003 Попр.06.00.01.35.006 | EQ114: 0 | ER114: 0 | ES114: 0 | ET114: 0 | EU114: 0 | EV114: 841.11 | EW114: 69 | EX114: 0 | EY114: 0 | FQ114: 0 | FR114: 0 | FS114: 0 | FX114: 121 | FY114: 47 | GD114: 1 | GF114: -681788041 | GG114: 2 | GH114: 0 | GI114: -2 | GJ114: 0 | GK114: 0 | GL114: =ROUND(IF(AND(BH114=3,BI114=3,FS114<>0),P114,0),2) -> 0 | GM114: =ROUND(O114+X114+Y114,2)+GX114 -> 3598.86 | GN114: =IF(OR(BI114=0,BI114=1),GM114-GX114,0) -> 3598.86 | GO114: =IF(BI114=2,GM114-GX114,0) -> 0 | GP114: =IF(BI114=4,GM114-GX114,0) -> 0 | GR114: 0 | GS114: 3 | GT114: 0 | GV114: =(GT114) -> 0 | GW114: 1.33 | GX114: =ROUND(HC114*I114,2) -> 0 | HA114: 0 | HB114: 0 | HC114: =GV114*GW114 -> 0 | HS114: 0 | IK114: 0
A115: 17 | B115: 1 | C115: =ROW(SmtRes!A159) -> 159 | D115: =ROW(EtalonRes!A159) -> 159 | E115: 27 | F115: 3.27-72-1 | G115: Установка дополнительных щитков (применительно) | H115: 100 знаков | I115: =ROUND(4/100,9) -> 0.04 | J115: 0 | K115: =ROUND(4/100,9) -> 0.04 | O115: =ROUND(CP115,2) -> 23.25 | P115: =ROUND(CQ115*I115,2) -> 0 | Q115: =ROUND(CR115*I115,2) -> 0 | R115: =ROUND(CS115*I115,2) -> 0 | S115: =ROUND(CT115*I115,2) -> 23.25 | T115: =ROUND(CU115*I115,2) -> 0 | U115: =CV115*I115 -> 1.9072152 | V115: =CW115*I115 -> 0 | W115: =ROUND(CX115*I115,2) -> 0 | X115: =ROUND(CY115,2) -> 28.13 | Y115: =ROUND(CZ115,2) -> 10.93 | AA115: 86511347 | AB115: =(AC115+AD115+AF115) -> 555.1326 | AC115: =((ES115*0)) -> 0 | AD115: =((ET115*1.1*0.6)) -> 0 | AE115: =((EU115*1.1*0.6)) -> 0 | AF115: =((EV115*1.1*0.6)) -> 555.1326 | AG115: =(AP115) -> 0 | AH115: =((EW115*1.1*0.6)) -> 45.54 | AI115: =((EX115*1.1*0.6)) -> 0 | AJ115: =(AS115) -> 0 | AK115: 0 | AL115: 0 | AM115: 0 | AN115: 0 | AO115: 841.11 | AP115: 0 | AQ115: 69 | AR115: 0 | AS115: 0 | AT115: 121 | AU115: 47 | AV115: 1.047 | AW115: 1 | AZ115: 1 | BA115: 1 | BB115: 1 | BC115: 1 | BH115: 0 | BI115: 1 | BJ115: 3.27-72-1 Применительно | BM115: 167 | BN115: 0 | BO115: 3.27-72-1 | BP115: 1 | BQ115: 30 | BR115: 0 | BS115: 1 | BT115: 1 | BU115: 1 | BV115: 1 | BW115: 1 | BX115: 1 | BZ115: 121 | CA115: 47 | CE115: 0 | CF115: 0 | CG115: 0 | CM115: 0 | CN115: Поправка:стеснённые условия, пп. "в" Поправка:При демонтаже металлических конструкций (в т.ч. к стоимости вспомогательных материалов) | CO115: 0 | CP115: =(P115+Q115+S115) -> 23.25 | CQ115: =(AC115*BC115*AW115) -> 0 | CR115: =(((ET115*1.1*0.6))*BB115*AV115) -> 0 | CS115: =(AE115*BS115*AV115) -> 0 | CT115: =(AF115*BA115*AV115) -> 581.22383 | CU115: =AG115 -> 0 | CV115: =(AH115*AV115) -> 47.68038 | CW115: =AI115 -> 0 | CX115: =AJ115 -> 0 | CY115: =(((S115+R115)*BZ115)/100) -> 28.1325 | CZ115: =(((S115+R115)*CA115)/100) -> 10.9275 | DD115: *0 | DE115: *1,1*0,6 | DF115: *1,1*0,6 | DG115: *1,1*0,6 | DI115: *1,1*0,6 | DJ115: *1,1*0,6 | DN115: 0 | DO115: 0 | DP115: 1 | DQ115: 1 | DU115: 1013 | DV115: 100 знаков | DW115: 100 знаков | DX115: 1 | EE115: 86330795 | EF115: 30 | EG115: Строительные работы | EH115: 0 | EJ115: 1 | EK115: 167 | EL115: ТСН-2001.3-27. 27-71, 27-72 | EM115: ТСН-2001.3-27-22 | EO115: Попр.12.00.01.11.003 Попр.06.00.01.35.006 | EQ115: 0 | ER115: 0 | ES115: 0 | ET115: 0 | EU115: 0 | EV115: 841.11 | EW115: 69 | EX115: 0 | EY115: 0 | FQ115: 0 | FR115: 0 | FS115: 0 | FX115: 121 | FY115: 47 | GD115: 1 | GF115: 22893709 | GG115: 2 | GH115: 0 | GI115: -2 | GJ115: 0 | GK115: 0 | GL115: =ROUND(IF(AND(BH115=3,BI115=3,FS115<>0),P115,0),2) -> 0 | GM115: =ROUND(O115+X115+Y115,2)+GX115 -> 62.31 | GN115: =IF(OR(BI115=0,BI115=1),GM115-GX115,0) -> 62.31 | GO115: =IF(BI115=2,GM115-GX115,0) -> 0 | GP115: =IF(BI115=4,GM115-GX115,0) -> 0 | GR115: 0 | GS115: 3 | GT115: 0 | GV115: =(GT115) -> 0 | GW115: 1 | GX115: =ROUND(HC115*I115,2) -> 0 | HA115: 0 | HB115: 0 | HC115: =GV115*GW115 -> 0 | HS115: 0 | IK115: 0
A116: 17 | B116: 1 | C116: =ROW(SmtRes!A162) -> 162 | D116: =ROW(EtalonRes!A162) -> 162 | E116: 27 | F116: 3.27-72-1 | G116: Установка дополнительных щитков (применительно) | H116: 100 знаков | I116: =ROUND(4/100,9) -> 0.04 | J116: 0 | K116: =ROUND(4/100,9) -> 0.04 | O116: =ROUND(CP116,2) -> 1342.86 | P116: =ROUND(CQ116*I116,2) -> 0 | Q116: =ROUND(CR116*I116,2) -> 0 | R116: =ROUND(CS116*I116,2) -> 0 | S116: =ROUND(CT116*I116,2) -> 1342.86 | T116: =ROUND(CU116*I116,2) -> 0 | U116: =CV116*I116 -> 1.9072152 | V116: =CW116*I116 -> 0 | W116: =ROUND(CX116*I116,2) -> 0 | X116: =ROUND(CY116,2) -> 1624.86 | Y116: =ROUND(CZ116,2) -> 631.14 | AA116: 86511348 | AB116: =(AC116+AD116+AF116) -> 555.1326 | AC116: =((ES116*0)) -> 0 | AD116: =((ET116*1.1*0.6)) -> 0 | AE116: =((EU116*1.1*0.6)) -> 0 | AF116: =((EV116*1.1*0.6)) -> 555.1326 | AG116: =(AP116) -> 0 | AH116: =((EW116*1.1*0.6)) -> 45.54 | AI116: =((EX116*1.1*0.6)) -> 0 | AJ116: =(AS116) -> 0 | AK116: 0 | AL116: 0 | AM116: 0 | AN116: 0 | AO116: 841.11 | AP116: 0 | AQ116: 69 | AR116: 0 | AS116: 0 | AT116: 121 | AU116: 47 | AV116: 1.047 | AW116: 1 | AZ116: 1 | BA116: 57.76 | BB116: 1 | BC116: 1.33 | BH116: 0 | BI116: 1 | BJ116: 3.27-72-1 Применительно | BM116: 167 | BN116: 0 | BO116: 3.27-72-1 | BP116: 1 | BQ116: 30 | BR116: 0 | BS116: 57.76 | BT116: 1 | BU116: 1 | BV116: 1 | BW116: 1 | BX116: 1 | BZ116: 121 | CA116: 47 | CE116: 0 | CF116: 0 | CG116: 0 | CM116: 0 | CN116: Поправка:стеснённые условия, пп. "в" Поправка:При демонтаже металлических конструкций (в т.ч. к стоимости вспомогательных материалов) | CO116: 0 | CP116: =(P116+Q116+S116) -> 1342.86 | CQ116: =(AC116*BC116*AW116) -> 0 | CR116: =(((ET116*1.1*0.6))*BB116*AV116) -> 0 | CS116: =(AE116*BS116*AV116) -> 0 | CT116: =(AF116*BA116*AV116) -> 33571.489 | CU116: =AG116 -> 0 | CV116: =(AH116*AV116) -> 47.68038 | CW116: =AI116 -> 0 | CX116: =AJ116 -> 0 | CY116: =(S116+R116)*(BZ116/100) -> 1624.8606 | CZ116: =(S116+R116)*(CA116/100) -> 631.1442 | DD116: *0 | DE116: *1,1*0,6 | DF116: *1,1*0,6 | DG116: *1,1*0,6 | DI116: *1,1*0,6 | DJ116: *1,1*0,6 | DN116: 121 | DO116: 47 | DP116: 1 | DQ116: 1 | DU116: 1013 | DV116: 100 знаков | DW116: 100 знаков | DX116: 1 | EE116: 86330795 | EF116: 30 | EG116: Строительные работы | EH116: 0 | EJ116: 1 | EK116: 167 | EL116: ТСН-2001.3-27. 27-71, 27-72 | EM116: ТСН-2001.3-27-22 | EO116: Попр.12.00.01.11.003 Попр.06.00.01.35.006 | EQ116: 0 | ER116: 0 | ES116: 0 | ET116: 0 | EU116: 0 | EV116: 841.11 | EW116: 69 | EX116: 0 | EY116: 0 | FQ116: 0 | FR116: 0 | FS116: 0 | FX116: 121 | FY116: 47 | GD116: 1 | GF116: 22893709 | GG116: 2 | GH116: 0 | GI116: -2 | GJ116: 0 | GK116: 0 | GL116: =ROUND(IF(AND(BH116=3,BI116=3,FS116<>0),P116,0),2) -> 0 | GM116: =ROUND(O116+X116+Y116,2)+GX116 -> 3598.86 | GN116: =IF(OR(BI116=0,BI116=1),GM116-GX116,0) -> 3598.86 | GO116: =IF(BI116=2,GM116-GX116,0) -> 0 | GP116: =IF(BI116=4,GM116-GX116,0) -> 0 | GR116: 0 | GS116: 3 | GT116: 0 | GV116: =(GT116) -> 0 | GW116: 1.33 | GX116: =ROUND(HC116*I116,2) -> 0 | HA116: 0 | HB116: 0 | HC116: =GV116*GW116 -> 0 | HS116: 0 | IK116: 0
A117: 17 | B117: 1 | C117: =ROW(SmtRes!A165) -> 165 | D117: =ROW(EtalonRes!A165) -> 165 | E117: 28 | F117: 3.27-72-1 | G117: Установка дополнительных щитков (применительно) | H117: 100 знаков | I117: =ROUND(39/100,9) -> 0.39 | J117: 0 | K117: =ROUND(39/100,9) -> 0.39 | O117: =ROUND(CP117,2) -> 226.68 | P117: =ROUND(CQ117*I117,2) -> 0 | Q117: =ROUND(CR117*I117,2) -> 0 | R117: =ROUND(CS117*I117,2) -> 0 | S117: =ROUND(CT117*I117,2) -> 226.68 | T117: =ROUND(CU117*I117,2) -> 0 | U117: =CV117*I117 -> 18.595348 | V117: =CW117*I117 -> 0 | W117: =ROUND(CX117*I117,2) -> 0 | X117: =ROUND(CY117,2) -> 274.28 | Y117: =ROUND(CZ117,2) -> 106.54 | AA117: 86511347 | AB117: =(AC117+AD117+AF117) -> 555.1326 | AC117: =((ES117*0)) -> 0 | AD117: =((ET117*1.1*0.6)) -> 0 | AE117: =((EU117*1.1*0.6)) -> 0 | AF117: =((EV117*1.1*0.6)) -> 555.1326 | AG117: =(AP117) -> 0 | AH117: =((EW117*1.1*0.6)) -> 45.54 | AI117: =((EX117*1.1*0.6)) -> 0 | AJ117: =(AS117) -> 0 | AK117: 0 | AL117: 0 | AM117: 0 | AN117: 0 | AO117: 841.11 | AP117: 0 | AQ117: 69 | AR117: 0 | AS117: 0 | AT117: 121 | AU117: 47 | AV117: 1.047 | AW117: 1 | AZ117: 1 | BA117: 1 | BB117: 1 | BC117: 1 | BH117: 0 | BI117: 1 | BJ117: 3.27-72-1 Применительно | BM117: 167 | BN117: 0 | BO117: 3.27-72-1 | BP117: 1 | BQ117: 30 | BR117: 0 | BS117: 1 | BT117: 1 | BU117: 1 | BV117: 1 | BW117: 1 | BX117: 1 | BZ117: 121 | CA117: 47 | CE117: 0 | CF117: 0 | CG117: 0 | CM117: 0 | CN117: Поправка:стеснённые условия, пп. "в" Поправка:При демонтаже металлических конструкций (в т.ч. к стоимости вспомогательных материалов) | CO117: 0 | CP117: =(P117+Q117+S117) -> 226.68 | CQ117: =(AC117*BC117*AW117) -> 0 | CR117: =(((ET117*1.1*0.6))*BB117*AV117) -> 0 | CS117: =(AE117*BS117*AV117) -> 0 | CT117: =(AF117*BA117*AV117) -> 581.22383 | CU117: =AG117 -> 0 | CV117: =(AH117*AV117) -> 47.68038 | CW117: =AI117 -> 0 | CX117: =AJ117 -> 0 | CY117: =(((S117+R117)*BZ117)/100) -> 274.2828 | CZ117: =(((S117+R117)*CA117)/100) -> 106.5396 | DD117: *0 | DE117: *1,1*0,6 | DF117: *1,1*0,6 | DG117: *1,1*0,6 | DI117: *1,1*0,6 | DJ117: *1,1*0,6 | DN117: 0 | DO117: 0 | DP117: 1 | DQ117: 1 | DU117: 1013 | DV117: 100 знаков | DW117: 100 знаков | DX117: 1 | EE117: 86330795 | EF117: 30 | EG117: Строительные работы | EH117: 0 | EJ117: 1 | EK117: 167 | EL117: ТСН-2001.3-27. 27-71, 27-72 | EM117: ТСН-2001.3-27-22 | EO117: Попр.12.00.01.11.003 Попр.06.00.01.35.006 | EQ117: 0 | ER117: 0 | ES117: 0 | ET117: 0 | EU117: 0 | EV117: 841.11 | EW117: 69 | EX117: 0 | EY117: 0 | FQ117: 0 | FR117: 0 | FS117: 0 | FX117: 121 | FY117: 47 | GD117: 1 | GF117: 326251560 | GG117: 2 | GH117: 0 | GI117: -2 | GJ117: 0 | GK117: 0 | GL117: =ROUND(IF(AND(BH117=3,BI117=3,FS117<>0),P117,0),2) -> 0 | GM117: =ROUND(O117+X117+Y117,2)+GX117 -> 607.5 | GN117: =IF(OR(BI117=0,BI117=1),GM117-GX117,0) -> 607.5 | GO117: =IF(BI117=2,GM117-GX117,0) -> 0 | GP117: =IF(BI117=4,GM117-GX117,0) -> 0 | GR117: 0 | GS117: 3 | GT117: 0 | GV117: =(GT117) -> 0 | GW117: 1 | GX117: =ROUND(HC117*I117,2) -> 0 | HA117: 0 | HB117: 0 | HC117: =GV117*GW117 -> 0 | HS117: 0 | IK117: 0
A118: 17 | B118: 1 | C118: =ROW(SmtRes!A168) -> 168 | D118: =ROW(EtalonRes!A168) -> 168 | E118: 28 | F118: 3.27-72-1 | G118: Установка дополнительных щитков (применительно) | H118: 100 знаков | I118: =ROUND(39/100,9) -> 0.39 | J118: 0 | K118: =ROUND(39/100,9) -> 0.39 | O118: =ROUND(CP118,2) -> 13092.88 | P118: =ROUND(CQ118*I118,2) -> 0 | Q118: =ROUND(CR118*I118,2) -> 0 | R118: =ROUND(CS118*I118,2) -> 0 | S118: =ROUND(CT118*I118,2) -> 13092.88 | T118: =ROUND(CU118*I118,2) -> 0 | U118: =CV118*I118 -> 18.595348 | V118: =CW118*I118 -> 0 | W118: =ROUND(CX118*I118,2) -> 0 | X118: =ROUND(CY118,2) -> 15842.38 | Y118: =ROUND(CZ118,2) -> 6153.65 | AA118: 86511348 | AB118: =(AC118+AD118+AF118) -> 555.1326 | AC118: =((ES118*0)) -> 0 | AD118: =((ET118*1.1*0.6)) -> 0 | AE118: =((EU118*1.1*0.6)) -> 0 | AF118: =((EV118*1.1*0.6)) -> 555.1326 | AG118: =(AP118) -> 0 | AH118: =((EW118*1.1*0.6)) -> 45.54 | AI118: =((EX118*1.1*0.6)) -> 0 | AJ118: =(AS118) -> 0 | AK118: 0 | AL118: 0 | AM118: 0 | AN118: 0 | AO118: 841.11 | AP118: 0 | AQ118: 69 | AR118: 0 | AS118: 0 | AT118: 121 | AU118: 47 | AV118: 1.047 | AW118: 1 | AZ118: 1 | BA118: 57.76 | BB118: 1 | BC118: 1.33 | BH118: 0 | BI118: 1 | BJ118: 3.27-72-1 Применительно | BM118: 167 | BN118: 0 | BO118: 3.27-72-1 | BP118: 1 | BQ118: 30 | BR118: 0 | BS118: 57.76 | BT118: 1 | BU118: 1 | BV118: 1 | BW118: 1 | BX118: 1 | BZ118: 121 | CA118: 47 | CE118: 0 | CF118: 0 | CG118: 0 | CM118: 0 | CN118: Поправка:стеснённые условия, пп. "в" Поправка:При демонтаже металлических конструкций (в т.ч. к стоимости вспомогательных материалов) | CO118: 0 | CP118: =(P118+Q118+S118) -> 13092.88 | CQ118: =(AC118*BC118*AW118) -> 0 | CR118: =(((ET118*1.1*0.6))*BB118*AV118) -> 0 | CS118: =(AE118*BS118*AV118) -> 0 | CT118: =(AF118*BA118*AV118) -> 33571.489 | CU118: =AG118 -> 0 | CV118: =(AH118*AV118) -> 47.68038 | CW118: =AI118 -> 0 | CX118: =AJ118 -> 0 | CY118: =(S118+R118)*(BZ118/100) -> 15842.385 | CZ118: =(S118+R118)*(CA118/100) -> 6153.6536 | DD118: *0 | DE118: *1,1*0,6 | DF118: *1,1*0,6 | DG118: *1,1*0,6 | DI118: *1,1*0,6 | DJ118: *1,1*0,6 | DN118: 121 | DO118: 47 | DP118: 1 | DQ118: 1 | DU118: 1013 | DV118: 100 знаков | DW118: 100 знаков | DX118: 1 | EE118: 86330795 | EF118: 30 | EG118: Строительные работы | EH118: 0 | EJ118: 1 | EK118: 167 | EL118: ТСН-2001.3-27. 27-71, 27-72 | EM118: ТСН-2001.3-27-22 | EO118: Попр.12.00.01.11.003 Попр.06.00.01.35.006 | EQ118: 0 | ER118: 0 | ES118: 0 | ET118: 0 | EU118: 0 | EV118: 841.11 | EW118: 69 | EX118: 0 | EY118: 0 | FQ118: 0 | FR118: 0 | FS118: 0 | FX118: 121 | FY118: 47 | GD118: 1 | GF118: 326251560 | GG118: 2 | GH118: 0 | GI118: -2 | GJ118: 0 | GK118: 0 | GL118: =ROUND(IF(AND(BH118=3,BI118=3,FS118<>0),P118,0),2) -> 0 | GM118: =ROUND(O118+X118+Y118,2)+GX118 -> 35088.91 | GN118: =IF(OR(BI118=0,BI118=1),GM118-GX118,0) -> 35088.91 | GO118: =IF(BI118=2,GM118-GX118,0) -> 0 | GP118: =IF(BI118=4,GM118-GX118,0) -> 0 | GR118: 0 | GS118: 3 | GT118: 0 | GV118: =(GT118) -> 0 | GW118: 1.33 | GX118: =ROUND(HC118*I118,2) -> 0 | HA118: 0 | HB118: 0 | HC118: =GV118*GW118 -> 0 | HS118: 0 | IK118: 0
A120: 51 | B120: =B87 -> 1 | C120: =A87 -> 4 | D120: =ROW(A87) -> 87 | F120: =IF(F87<>"",F87,"") -> 16 | G120: =IF(G87<>"",G87,"") -> Временные дорожные знаки: снятие | H120: 0 | O120: =ROUND(AB120,2) -> 1458.87 | P120: =ROUND(AC120,2) -> 0 | Q120: =ROUND(AD120,2) -> 0 | R120: =ROUND(AE120,2) -> 0 | S120: =ROUND(AF120,2) -> 1458.87 | T120: =ROUND(AG120,2) -> 0 | U120: =AH120 -> 119.67775 | V120: =AI120 -> 0 | W120: =ROUND(AJ120,2) -> 0 | X120: =ROUND(AK120,2) -> 1765.23 | Y120: =ROUND(AL120,2) -> 685.68 | AB120: =ROUND(SUMIF(AA91:AA118,"=86511347",O91:O118),2) -> 1458.87 | AC120: =ROUND(SUMIF(AA91:AA118,"=86511347",P91:P118),2) -> 0 | AD120: =ROUND(SUMIF(AA91:AA118,"=86511347",Q91:Q118),2) -> 0 | AE120: =ROUND(SUMIF(AA91:AA118,"=86511347",R91:R118),2) -> 0 | AF120: =ROUND(SUMIF(AA91:AA118,"=86511347",S91:S118),2) -> 1458.87 | AG120: =ROUND(SUMIF(AA91:AA118,"=86511347",T91:T118),2) -> 0 | AH120: =SUMIF(AA91:AA118,"=86511347",U91:U118) -> 119.67775 | AI120: =SUMIF(AA91:AA118,"=86511347",V91:V118) -> 0 | AJ120: =ROUND(SUMIF(AA91:AA118,"=86511347",W91:W118),2) -> 0 | AK120: =ROUND(SUMIF(AA91:AA118,"=86511347",X91:X118),2) -> 1765.23 | AL120: =ROUND(SUMIF(AA91:AA118,"=86511347",Y91:Y118),2) -> 685.68 | AO120: =ROUND(BX120,2) -> 0 | AP120: =ROUND(BY120,2) -> 0 | AQ120: =ROUND(BZ120,2) -> 0 | AR120: =ROUND(CA120,2) -> 3909.78 | AS120: =ROUND(CB120,2) -> 3909.78 | AT120: =ROUND(CC120,2) -> 0 | AU120: =ROUND(CD120,2) -> 0 | AV120: =ROUND(CE120,2) -> 0 | ... BD120: =ROUND(CM120,2) -> 0 | BX120: =ROUND(SUMIF(AA91:AA118,"=86511347",FQ91:FQ118),2) -> 0 | BY120: =ROUND(SUMIF(AA91:AA118,"=86511347",FR91:FR118),2) -> 0 | BZ120: =ROUND(SUMIF(AA91:AA118,"=86511347",GL91:GL118),2) -> 0 | CA120: =ROUND(SUMIF(AA91:AA118,"=86511347",GM91:GM118),2) -> 3909.78 | CB120: =ROUND(SUMIF(AA91:AA118,"=86511347",GN91:GN118),2) -> 3909.78 | CC120: =ROUND(SUMIF(AA91:AA118,"=86511347",GO91:GO118),2) -> 0 | CD120: =ROUND(SUMIF(AA91:AA118,"=86511347",GP91:GP118),2) -> 0 | CE120: =AC120-BX120 -> 0 | CF120: =AC120-BY120 -> 0 | CG120: =BX120-BZ120 -> 0 | CH120: =AC120-BX120-BY120+BZ120 -> 0 | CI120: =BY120-BZ120 -> 0 | CJ120: =ROUND(SUMIF(AA91:AA118,"=86511347",GX91:GX118),2) -> 0 | CK120: =ROUND(SUMIF(AA91:AA118,"=86511347",GY91:GY118),2) -> 0 | CL120: =ROUND(SUMIF(AA91:AA118,"=86511347",GZ91:GZ118),2) -> 0 | CM120: =ROUND(SUMIF(AA91:AA118,"=86511347",HD91:HD118),2) -> 0 | DG120: =ROUND(DT120,2) -> 84264.41 | DH120: =ROUND(DU120,2) -> 0 | DI120: =ROUND(DV120,2) -> 0 | DJ120: =ROUND(DW120,2) -> 0 | DK120: =ROUND(DX120,2) -> 84264.41 | DL120: =ROUND(DY120,2) -> 0 | DM120: =DZ120 -> 119.67775 | DN120: =EA120 -> 0 | DO120: =ROUND(EB120,2) -> 0 | DP120: =ROUND(EC120,2) -> 101959.93 | DQ120: =ROUND(ED120,2) -> 39604.24 | DT120: =ROUND(SUMIF(AA91:AA118,"=86511348",O91:O118),2) -> 84264.41 | DU120: =ROUND(SUMIF(AA91:AA118,"=86511348",P91:P118),2) -> 0 | DV120: =ROUND(SUMIF(AA91:AA118,"=86511348",Q91:Q118),2) -> 0 | DW120: =ROUND(SUMIF(AA91:AA118,"=86511348",R91:R118),2) -> 0 | DX120: =ROUND(SUMIF(AA91:AA118,"=86511348",S91:S118),2) -> 84264.41 | DY120: =ROUND(SUMIF(AA91:AA118,"=86511348",T91:T118),2) -> 0 | DZ120: =SUMIF(AA91:AA118,"=86511348",U91:U118) -> 119.67775 | EA120: =SUMIF(AA91:AA118,"=86511348",V91:V118) -> 0 | EB120: =ROUND(SUMIF(AA91:AA118,"=86511348",W91:W118),2) -> 0 | EC120: =ROUND(SUMIF(AA91:AA118,"=86511348",X91:X118),2) -> 101959.93 | ED120: =ROUND(SUMIF(AA91:AA118,"=86511348",Y91:Y118),2) -> 39604.24 | EG120: =ROUND(FP120,2) -> 0 | EH120: =ROUND(FQ120,2) -> 0 | EI120: =ROUND(FR120,2) -> 0 | EJ120: =ROUND(FS120,2) -> 225828.58 | EK120: =ROUND(FT120,2) -> 225828.58 | EL120: =ROUND(FU120,2) -> 0 | EM120: =ROUND(FV120,2) -> 0 | EN120: =ROUND(FW120,2) -> 0 | ... EV120: =ROUND(GE120,2) -> 0 | FP120: =ROUND(SUMIF(AA91:AA118,"=86511348",FQ91:FQ118),2) -> 0 | FQ120: =ROUND(SUMIF(AA91:AA118,"=86511348",FR91:FR118),2) -> 0 | FR120: =ROUND(SUMIF(AA91:AA118,"=86511348",GL91:GL118),2) -> 0 | FS120: =ROUND(SUMIF(AA91:AA118,"=86511348",GM91:GM118),2) -> 225828.58 | FT120: =ROUND(SUMIF(AA91:AA118,"=86511348",GN91:GN118),2) -> 225828.58 | FU120: =ROUND(SUMIF(AA91:AA118,"=86511348",GO91:GO118),2) -> 0 | FV120: =ROUND(SUMIF(AA91:AA118,"=86511348",GP91:GP118),2) -> 0 | FW120: =DU120-FP120 -> 0 | FX120: =DU120-FQ120 -> 0 | FY120: =FP120-FR120 -> 0 | FZ120: =DU120-FP120-FQ120+FR120 -> 0 | GA120: =FQ120-FR120 -> 0 | GB120: =ROUND(SUMIF(AA91:AA118,"=86511348",GX91:GX118),2) -> 0 | GC120: =ROUND(SUMIF(AA91:AA118,"=86511348",GY91:GY118),2) -> 0 | GD120: =ROUND(SUMIF(AA91:AA118,"=86511348",GZ91:GZ118),2) -> 0 | GE120: =ROUND(SUMIF(AA91:AA118,"=86511348",HD91:HD118),2) -> 0 | GX120: 0
A122: 50 | B122: 0 | C122: 0 | D122: 1 | E122: 201 | F122: =ROUND(Source!O120,O122) -> 1458.87 | G122: ПЗ | H122: Прямые затраты | K122: 201 | L122: 1 | M122: 3 | O122: 2 | P122: =ROUND(Source!DG120,O122) -> 84264.41 | W122: 1458.87 | X122: 1 | Y122: 1458.87 | Z122: 84264.41 | AA122: 1 | AB122: 84264.41
A123: 50 | B123: 0 | C123: 0 | D123: 1 | E123: 202 | F123: =ROUND(Source!P120,O123) -> 0 | G123: СтМатОб | H123: Стоимость материальных ресурсов (всего) | K123: 202 | L123: 2 | M123: 3 | O123: 2 | P123: =ROUND(Source!DH120,O123) -> 0 | W123: 0 | X123: 1 | Y123: 0 | Z123: 0 | AA123: 1 | AB123: 0
A124: 50 | B124: 0 | C124: 0 | D124: 1 | E124: 222 | F124: =ROUND(Source!AO120,O124) -> 0 | G124: СтМатОбЗак | H124: Стоимость материалов и оборудования заказчика | K124: 222 | L124: 3 | M124: 3 | O124: 2 | P124: =ROUND(Source!EG120,O124) -> 0 | W124: 0 | X124: 1 | Y124: 0 | Z124: 0 | AA124: 1 | AB124: 0
A125: 50 | B125: 0 | C125: 0 | D125: 1 | E125: 225 | F125: =ROUND(Source!AV120,O125) -> 0 | G125: СтМатОбПод | H125: Стоимость материалов и оборудования подрядчика | K125: 225 | L125: 4 | M125: 3 | O125: 2 | P125: =ROUND(Source!EN120,O125) -> 0 | W125: 0 | X125: 1 | Y125: 0 | Z125: 0 | AA125: 1 | AB125: 0
...

Sheet SourceObSm
A1: 0 | B1: Smeta.RU (495) 974-1589 | D1: _OBSM_ | F1: 0 | G1: 0 | H1: 0 | I1: Smeta.RU | K1: 1 | L1: 76812 | M1: 10 | N1: 12 | O1: 2 | P1: 0 | Q1: 1
A4: 8 | B4: 1 | C4: -1 | F4: 25МГ-ДПР-2750 | G4: 25МГ-ДПР-2750 — Реконструкция газопровода низкого давления | EC4: 0
A12: 1 | B12: 51 | C12: 0 | E12: 0 | F12: СР-08-01 | G12: Средства технического регулирования дорожного движения на период реконструкции | I12: 0 | J12: 25МГ-ДПР-2750-ПОС2 (редакция 21.09), лист 5, таблица 1 | K12: 0 | L12: 0 | M12: 2 | O12: 2026 | P12: 7 | Q12: 0 | R12: 0 | S12: 0 | T12: 1 | U12: Основание:25МГ-ДПР-2750-ПОС2 (редакция 21.09), лист 5, таблица 1 Уровень цен:3 кв 2026 Нормативные индексы ТСН:№ 221 III квартал 2026 Регион:ТСН-2001 г. Москвы (с доп.1-82) | V12: 8 | BB12: 0 | BH12: Сметные нормы списания | BI12: Коды ОКП для ТСН-2001 МГЭ | BJ12: 1 | BK12: 1 | BL12: 0 | BM12: 0 | BN12: 1 | BO12: 0 | BP12: -1 | BQ12: 2 | BR12: 1 | BS12: 0 | BT12: 0 | BU12: 0 | BV12: 0 | BW12: 0 | BX12: 0 | BZ12: Типовой расчет для ТСН-2001 МГЭ, Новая методика с выпуска доп. 43 (Строительство), Доп 64 | CA12: Территориальные сметные нормативы для Москвы ТСН-2001 (МГЭ) | CB12: Территориальные сметные нормативы для Москвы ТСН-2001 (МГЭ) | CC12: Территориальные сметные нормативы для Москвы ТСН-2001 (МГЭ) | CD12: Территориальные сметные нормативы для Москвы ТСН-2001 (МГЭ) | CE12: Поправки для ТСН-2001 от 15.07.2022 г. доп.65 | CF12: 0 | CG12: 0 | CH12: 524296 | CK12: 82 | CQ12: Территориальные сметные нормативы для Москвы (ТСН-2001) | CR12: ТЕР | CS12: 41660 | CT12: 1 | CU12: 72 | CY12: 0 | EC12: 0
A14: 22 | B14: 1 | C14: 0 | D14: 86511347 | E14: 86511348 | F14: 2 | G14: 1
A16: 3 | B16: 1 | C16: СР-08-01 | D16: Средства технического регулирования дорожного движения на период реконструкции | E16: =ROUND((Source!F207)/1000,2) -> 144.92 | F16: =ROUND((Source!F209)/1000,2) -> 0 | G16: =ROUND((Source!F200)/1000,2) -> 0 | H16: =ROUND((Source!F210)/1000+(Source!F211)/1000,2) -> 0 | I16: =E16+F16+G16+H16 -> 144.92 | J16: =ROUND((Source!F206+Source!F205)/1000,2) -> 39.73 | K16: 94.22 | L16: 0 | M16: 0 | N16: =I16+L16+M16 -> 144.92 | T16: =ROUND((Source!P207)/1000,2) -> 7152.92 | U16: =ROUND((Source!P209)/1000,2) -> 0 | V16: =ROUND((Source!P200)/1000,2) -> 0 | W16: =ROUND((Source!P210)/1000+(Source!P211)/1000,2) -> 0 | X16: =T16+U16+V16+W16 -> 7152.92 | Y16: =ROUND((Source!P206+Source!P205)/1000,2) -> 2294.63 | Z16: 3303.2 | AA16: 0 | AB16: 0 | AC16: =X16+AA16+AB16 -> 7152.92 | AI16: 8 | AJ16: 0 | AK16: Средства технического регулирования дорожного движения на период реконструкции | AN16: 0 | AT16: 70137.85 | AU16: 24082.97 | AV16: 0 | AW16: 0 | AX16: 0 | AY16: 7272.62 | AZ16: 944.65 | BA16: 38782.26 | BB16: 144915.37 | BC16: 0 | BD16: 0 | BE16: 0 | BF16: 3379.0588 | BG16: 0 | BH16: 0 | BI16: 53044.42 | BJ16: 21733.1 | BK16: 144915.37 | BR16: 2833775.4 | BS16: 469422.66 | BT16: 0 | BU16: 0 | BV16: 0 | BW16: 124289.13 | BX16: 54562.7 | BY16: 2240063.6 | BZ16: 7152923.6 | CA16: 0 | CB16: 0 | CC16: 0 | CD16: 3379.0588 | CE16: 0 | CF16: 0 | CG16: 3063844.9 | CH16: 1255303.3 | CI16: 7152923.6
A18: 51 | E18: 144.92 | F18: 0 | G18: 0 | H18: 0 | I18: 144.92 | J18: 39.73 | K18: 94.22 | L18: 0 | M18: 0 | N18: 144.92 | T18: 7152.92 | U18: 0 | V18: 0 | W18: 0 | X18: 7152.92 | Y18: 2294.63 | Z18: 3303.2 | AA18: 0 | AB18: 0 | AC18: 7152.92
A20: 50 | B20: 0 | C20: 0 | D20: 1 | E20: 201 | F20: 70137.85 | G20: ПЗ | H20: Прямые затраты | K20: 201 | L20: 1 | M20: 3 | O20: 2 | P20: 2833775.4
A21: 50 | B21: 0 | C21: 0 | D21: 1 | E21: 202 | F21: 24082.97 | G21: СтМатОб | H21: Стоимость материальных ресурсов (всего) | K21: 202 | L21: 2 | M21: 3 | O21: 2 | P21: 469422.66
A22: 50 | B22: 0 | C22: 0 | D22: 1 | E22: 222 | F22: 0 | G22: СтМатОбЗак | H22: Стоимость материалов и оборудования заказчика | K22: 222 | L22: 3 | M22: 3 | O22: 2 | P22: 0
A23: 50 | B23: 0 | C23: 0 | D23: 1 | E23: 225 | F23: 24082.97 | G23: СтМатОбПод | H23: Стоимость материалов и оборудования подрядчика | K23: 225 | L23: 4 | M23: 3 | O23: 2 | P23: 469422.66
A24: 50 | B24: 0 | C24: 0 | D24: 1 | E24: 226 | F24: 24082.97 | G24: СтМат | H24: Стоимость материалов (всего) | K24: 226 | L24: 5 | M24: 3 | O24: 2 | P24: 469422.66
A25: 50 | B25: 0 | C25: 0 | D25: 1 | E25: 227 | F25: 0 | G25: СтМатЗак | H25: Стоимость материалов заказчика | K25: 227 | L25: 6 | M25: 3 | O25: 2 | P25: 0
A26: 50 | B26: 0 | C26: 0 | D26: 1 | E26: 228 | F26: 24082.97 | G26: СтМатПод | H26: Стоимость материалов подрядчика | K26: 228 | L26: 7 | M26: 3 | O26: 2 | P26: 469422.66
A27: 50 | B27: 0 | C27: 0 | D27: 1 | E27: 216 | F27: 0 | G27: Оборуд | H27: Стоимость оборудования (всего) | K27: 216 | L27: 8 | M27: 3 | O27: 2 | P27: 0
A28: 50 | B28: 0 | C28: 0 | D28: 1 | E28: 223 | F28: 0 | G28: ОборудЗак | H28: Стоимость оборудования заказчика | K28: 223 | L28: 9 | M28: 3 | O28: 2 | P28: 0
A29: 50 | B29: 0 | C29: 0 | D29: 1 | E29: 229 | F29: 0 | G29: ОборудПод | H29: Стоимость оборудования подрядчика | K29: 229 | L29: 10 | M29: 3 | O29: 2 | P29: 0
A30: 50 | B30: 0 | C30: 0 | D30: 1 | E30: 203 | F30: 7272.62 | G30: ЭММ | H30: Эксплуатация машин | K30: 203 | L30: 11 | M30: 3 | O30: 2 | P30: 124289.13
A31: 50 | B31: 0 | C31: 0 | D31: 1 | E31: 231 | F31: 0 | G31: ЭММсНРиСП | H31: Эксплуатация машин по ТСН-2001.16 | K31: 231 | L31: 12 | M31: 3 | O31: 2 | P31: 0
... A46: 50 | B46: 0 | C46: 0 | D46: 1 | E46: 224 | F46: 144915.37 | G46: Всего | H46: Всего с НР и СП | K46: 224 | L46: 27 | M46: 3 | O46: 2 | P46: 7152923.6
A48: -1
A51: 75 | B51: Базовые уровень цен | C51: 2000 | D51: 0 | E51: 1 | G51: 0 | H51: 1 | I51: 1 | J51: 3 | K51: 0 | L51: 0 | M51: 0 | N51: 86511347 | O51: 1
A52: 75 | B52: Текущий уровень цен, III квартал 2026, выпуск 221 | C52: 2026 | D52: 0 | E52: 7 | G52: 0 | H52: 2 | I52: 1 | J52: 3 | K52: 0 | L52: 0 | M52: 1 | N52: 86511348 | O52: 2

Sheet SmtRes
